Workbook
Name \0: #REF!
Name \p: #REF!
Name \X: #REF!
Name \X: #REF!
Name \X: #REF!
Name \X: #REF!
Name \X: #REF!
Name \X: #REF!
Name \X: #REF!
Name \X: #REF!
Name \X: #REF!
Name \X: #REF!
Name \Z: #REF!
Name \Z: #REF!
Name \Z: #REF!
Name \Z: #REF!
Name \Z: #REF!
Name \Z: #REF!
Name \Z: #REF!
Name \Z: #REF!
Name \Z: #REF!
Name \Z: #REF!
Name ________________________________________________________AIU2: #REF!
Name _______________________________________________________AIU2: #REF!
Name _______________________________________________________CAN28: #REF!
Name _______________________________________________________REP43: #REF!
Name ______________________________________________________AIU2: #REF!
Name ______________________________________________________REP43: #REF!
Name _____________________________________________________AIU2: #REF!
Name _____________________________________________________REP43: #REF!
Name _____________________________________________________TEP44: #REF!
Name _____________________________________________________TZ216: #REF!
Name ____________________________________________________AIU2: #REF!
Name ____________________________________________________REP43: #REF!
Name ____________________________________________________TZ214: #REF!
Name ____________________________________________________TZ32510: #REF!
Name ___________________________________________________AIU2: #REF!
Name ___________________________________________________REP43: #REF!
Name ___________________________________________________TEP44: #REF!
Name ___________________________________________________TZ216: #REF!
Name __________________________________________________AIU2: #REF!
Name __________________________________________________REP43: #REF!
Name __________________________________________________TEP44: #REF!
Name __________________________________________________TZ214: #REF!
Name __________________________________________________TZ216: #REF!
Name __________________________________________________TZ32510: #REF!
Name _________________________________________________AIU2: #REF!
Name _________________________________________________REP43: #REF!
Name _________________________________________________TEP44: #REF!
Name _________________________________________________TZ214: #REF!
Name _________________________________________________TZ216: #REF!
Name _________________________________________________TZ32510: #REF!
Name ________________________________________________ADM4: #REF!
Name ________________________________________________AIU2: #REF!
Name ________________________________________________CAN28: #REF!
Name ________________________________________________REP43: #REF!
Name ________________________________________________TEP44: #REF!
Name ________________________________________________TZ214: #REF!
Name ________________________________________________TZ216: #REF!
Name ________________________________________________TZ32510: #REF!

Sheet CALCULO AU
A1: CÁLCULO DEL AU
A2: No. | B2: DESCRIPCION | C2: CANT | D2: VALOR MENSUAL | E2: % PREST | F2: DEDICACIÓN | G2: MESES | H2: VALOR PARCIAL
A3: 1 | B3: PERSONAL PROFESIONAL Y TÉCNICO
B4: Profesional Director de Obra | C4: 1 | D4: 7500000 | E4: 1.6004 | F4: 1 | G4: 10 | H4: =ROUND(C4*D4*E4*F4*G4,0) -> 120030000
B5: Profesional Residente de obra | C5: 1 | D5: 5500000 | E5: =+$E$4 -> 1.6004 | F5: 1 | G5: =+$G$4 -> 10 | H5: =ROUND(C5*D5*E5*F5*G5,0) -> 88022000
B6: Tecnólogo SISO | C6: 1 | D6: 2500000 | E6: =+$E$4 -> 1.6004 | F6: 1 | G6: =+$G$4 -> 10 | H6: =ROUND(C6*D6*E6*F6*G6,0) -> 40010000
B7: Ingeniero Ambiental | C7: 1 | D7: =3800000 -> 3800000 | E7: =+$E$4 -> 1.6004 | F7: 1 | G7: =+$G$4 -> 10 | H7: =ROUND(C7*D7*E7*F7*G7,0) -> 60815200
B8: Social | C8: 1 | D8: 3000000 | E8: =+$E$4 -> 1.6004 | F8: 1 | G8: =+$G$4 -> 10 | H8: =ROUND(C8*D8*E8*F8*G8,0) -> 48012000
A10: 2 | B10: PERSONAL TECNICO NO PROFESIONAL
B11: Encargado de Obra | C11: 1 | D11: 3170000 | E11: =+$E$4 -> 1.6004 | F11: 1 | G11: =+$G$4 -> 10 | H11: =ROUND(C11*D11*E11*F11*G11,0) -> 50732680
B12: Brigadistas ambientales (Pare y siga, patieros) | C12: 2 | D12: 1300000 | E12: 1.7431 | F12: 1 | G12: =+$G$4 -> 10 | H12: =ROUND(C12*D12*E12*F12*G12,0) -> 45320600
B13: Vigilancia 24 horas | C13: 1 | D13: =(16912565/2) -> 8456282.5 | E13: 1 | F13: 1 | G13: =+$G$4 -> 10 | H13: =ROUND(C13*D13*E13*F13*G13,0) -> 84562825
B14: Almacenista | C14: 1 | D14: 2300000 | E14: =+$E$12 -> 1.7431 | F14: 1 | G14: =+$G$4 -> 10 | H14: =ROUND(C14*D14*E14*F14*G14,0) -> 40091300
B15: Secretaria de obra | C15: 1 | D15: 1300000 | E15: =+$E$12 -> 1.7431 | F15: 1 | G15: =+$G$4 -> 10 | H15: =ROUND(C15*D15*E15*F15*G15,0) -> 22660300
A16: 3 | B16: GASTOS DE OFICINA CENTRAL
B17: Secretaria oficina central | C17: 1 | D17: 1729928 | E17: 1.65 | F17: 0.2 | G17: =+$G$4 -> 10 | H17: =ROUND(C17*D17*E17*F17*G17,0) -> 5708762
B18: Mensajero | C18: 1 | D18: 1924903 | E18: 1.65 | F18: =+F17 -> 0.2 | G18: =+$G$4 -> 10 | H18: =ROUND(C18*D18*E18*F18*G18,0) -> 6352180
A19: 4 | B19: INSTALACIONES PROVISIONALES
B20: Servicios Públicos oficina | C20: 1 | D20: 750000 | E20: 1 | G20: 1 | H20: =ROUND(PRODUCT(C20:G20),0) -> 750000 | I20: =SUM(H20:H34) -> 50533067
B21: Dotacion de oficinas (muebles y enseres) durante toda la obra | C21: 1 | D21: 3000000 | E21: 1 | G21: 1 | H21: =ROUND(PRODUCT(C21:G21),0) -> 3000000
A22: 5 | B22: SISTEMAS DE CÓMPUTO Y COMUNICACIÓN
B23: Computador B (Con office) Mensual | C23: =+C4+C5+C6+C14+C15+C7+C8 -> 7 | D23: 250000 | G23: =+$G$4 -> 10 | H23: =ROUND(PRODUCT(C23:G23),0) -> 17500000
B24: Impresora (una sola vez afectada unicamente por la dedicación) | C24: 2 | D24: 300000 | H24: =ROUND(PRODUCT(C24:G24),0) -> 600000
B25: Comunicaciones (Telefono, celular, fax, Internet, etc.) Mensual | C25: 1 | D25: 50000 | G25: =+$G$4 -> 10 | H25: =ROUND(PRODUCT(C25:G25),0) -> 500000
A26: 6 | B26: PAPELERIA Y OTROS COSTOS
B27: Elaboración y entrega de planos record (unidad) | C27: 15 | D27: 200000 | H27: =ROUND(PRODUCT(C27:G27),0) -> 3000000
B28: Papeleria Mensual, fotocopias, edición informes, registros fotográficos entre otros | C28: 1 | D28: 250000 | G28: =+$G$4 -> 10 | H28: =ROUND(PRODUCT(C28:G28),0) -> 2500000
A29: 8 | B29: GASTOS BANCARIOS
B30: Transacciones virtuales, chequeras, etc. | C30: 1 | D30: 70000 | G30: =+$G$4 -> 10 | H30: =ROUND(PRODUCT(C30:G30),0) -> 700000
A31: 9 | B31: VALLA CONTRACTUAL
B32: Valla (12*4). Incluye estructura metálica para fijación y soporte | C32: 1 | D32: 11983067 | H32: =ROUND(PRODUCT(C32:G32),0) -> 11983067
A33: 10 | B33: LABORATORIO
B34: Ensayos de laboratorio (incluye diseños de mezclas para concreto, fallo de cilindros de concreto, ensayo de proctor modificado, toma de densidades de campo, ensayos a bloques, ensayos a elementos prefabricados, ensayos de resistencia al acero de refuerzo y estructuras metálicas y todos los ensayos y diseños necesarios para la correcta ejecucion y funcionamiento de las obras. | C34: global | D34: 1 | H34: 10000000
B35: SUBTOTAL DE COSTOS DE ADMINISTRACION | H35: =ROUND(SUM(H4:H34),0) -> 662850914
B36: TOTAL COSTOS DIRECTO OBRA CIVIL | H36: =+PRESUPUESTO!F221 -> 6080544974
B37: ADMINISTRACION | C37: =+ROUND(H35/H36,4) -> 0.109 | H37: =+H35 -> 662850914
B38: UTILIDAD | C38: 0.05 | H38: =ROUND(H36*C38,0) -> 304027249
B39: SUBTOTAL A.U | C39: =SUM(C37:C38) -> 0.159 | H39: =+H37+H38 -> 966878163
B40: VALOR TOTAL CONSTRUCCION (COSTOS DIRECTOS + AU) | H40: =SUM( H36+H39) -> 7047423137
B41: REAJUSTES

Sheet INTERVENTORÍA
A1: ANEXO OFERTA ECONOMICA
A2: CONTRATANTE:
A3: OBJETO: | B3: =+PRESUPUESTO!C8 -> RENOVACIÓN DEL PARQUE PRINCIPAL DEL MUNICIPIO DE COPACABANA - ANTIOQUIA
A4: DURACIÓN (MESES): | B4: 9 | C4: INICIO: | E4: 2025 | F4: FIN: | H4: 2025
A6: FUNCIÓN EN EL PROYECTO | B6: TITULO (Formación) | C6: DEDICACIÓN (MESES) | D6: UNIDAD | E6: CANTIDAD | F6: % DEDICACIÓN | G6: Vr. Unitario | H6: Vr. TOTAL
A7: COMPONENTE PERSONAL
A8: Director de obra | B8: Ingeniero civil , arquitecto o arq.constructor | C8: =+$B$4 -> 9 | D8: Mes | E8: 1 | F8: 1 | H8: =C8*F8*G8 -> 0
A9: Residente de obra | B9: Ingeniero civil , arquitecto o arq.constructor | C9: =+$C$8 -> 9 | D9: Mes | E9: 1 | F9: 1 | H9: =C9*F9*G9 -> 0
A10: Profesional o Tecnólogo SISO | B10: Tecnologo en Seguridad y salud en el trabajo- SGSST | C10: =+$C$8 -> 9 | D10: Mes | E10: 1 | F10: 1 | H10: =C10*F10*G10 -> 0
A11: Ingeniero Ambiental | B11: Ingeniero Ambiental | C11: =+$C$8 -> 9 | D11: Mes | E11: 1 | F11: 1 | H11: =C11*F11*G11 -> 0
A12: Profesional Social | B12: Profesional Social | C12: =+$C$8 -> 9 | D12: Mes | E12: 1 | F12: 1 | H12: =C12*F12*G12 -> 0
A13: Auxiliar de obra | B13: Tecnologo en obras civiles | C13: =+C8-1 -> 8 | D13: Mes | E13: 1 | F13: 1 | H13: =+C13*E13*F13*G13 -> 0
A14: SUBTOTAL COMPONENTE PERSONAL | H14: =SUM(H7:H13) -> 0
A15: % FACTOR MULTIPLICADOR | H15: =ROUND(+'FACTOR MULTIPLICADOR'!H33,2) -> 2.01
A16: VALOR FACTOR MULTIPLICADOR | H16: =H14*H15-H14 -> 0
A17: TOTAL | H17: =H14+H16 -> 0
A18: COMPONENTE APOYO LOGISTICO y TECNICO
A19: Papelería, tóner, impresiones, copias y ploteos | C19: =+$C$8 -> 9 | D19: Mes | E19: 1 | F19: 1 | H19: =+C19*E19*F19*G19 -> 0
A20: Arriendo de oficina | C20: =+$C$8 -> 9 | D20: Mes | E20: 1 | F20: 1 | H20: =+C20*E20*F20*G20 -> 0
A21: Servicios publicos | C21: =+$C$8 -> 9 | D21: Mes | E21: 1 | F21: 1 | H21: =+C21*E21*F21*G21 -> 0
A22: Arrendamiento equipos de computo | C22: =+$C$8 -> 9 | D22: Mes | E22: =SUM($E$8:$E$13) -> 6 | F22: 1 | H22: =+C22*E22*F22*G22 -> 0
A23: Dotacion de oficinas (muebles y enseres) durante toda la obra | C23: 1 | D23: Mes | E23: =SUM($E$8:$E$13) -> 6 | F23: 1 | H23: =+C23*E23*F23*G23 -> 0
A24: Auxilio arriendo de impresora | C24: 1 | D24: Mes | E24: 1 | F24: 1 | H24: =+C24*E24*F24*G24 -> 0
A25: Asesorias Especializadas (Hidraulicas, Geotecnicas, Suelos, pavimentos, urbanismo, transito, Estructurales o cualquiera adicional que se requiera), incluye informe por visita de diagnostico, conclusiones y analisis de resultados. | C25: 1 | D25: Global | E25: 1 | F25: 1 | H25: =+C25*E25*F25*G25 -> 0
A26: SUBTOTAL APOYO LOGISTICOS | H26: =SUM(H19:H25) -> 0
A29: SUBTOTAL INTERVENTORIA | H29: =+H26+H17 -> 0
A30: IVA 19% (Subtotal interventoría) | H30: =ROUND((H29)*0.19,0) -> 0
A31: TOTAL PROYECTO | H31: =H29+H30 -> 0
A33: IMPUESTOS, TASAS Y CONTRIBUCIONES (Reembolsables) | G33: Base gravable (No incluye pólizas)
A34: Estampilla para la Justicia Familiar | F34: 0.02 | G34: =+$H$29 -> 0 | H34: =ROUND(F34*G34,0) -> 0
A35: Adulto mayor | F35: 0.03 | G35: =+$H$29 -> 0 | H35: =ROUND(F35*G35,0) -> 0
A36: Tasa Pro Deporte | F36: 0.015 | G36: =+$H$29 -> 0 | H36: =ROUND(F36*G36,0) -> 0
A37: Universidad de Antioquia | F37: 0.005 | G37: =+$H$29 -> 0 | H37: =ROUND(F37*G37,0) -> 0
A38: Prohospital | F38: 0.01 | G38: =+$H$29 -> 0 | H38: =ROUND(F38*G38,0) -> 0
A39: Impuesto 4/1000 (50%) | F39: 0.002 | G39: =+$H$29 -> 0 | H39: =ROUND(F39*G39,0) -> 0
A40: SUBTOTAL IMPUESTOS, TASAS Y CONTRIBUCIONES | H40: =SUM(H34:H39) -> 0
A41: Pólizas (Reembolsables) | F41: 0.0057 | G41: =+$H$29 -> 0 | H41: =ROUND(F41*G41,0) -> 0
A43: TOTAL PROYECTO | H43: =+H31+H40+H41 -> 0
B47: FIRMA REPRESENTANTE LEGAL

Sheet PRESUPUESTO
A8: NOMBRE DEL PROYECTO | C8: RENOVACIÓN DEL PARQUE PRINCIPAL DEL MUNICIPIO DE COPACABANA - ANTIOQUIA
A9: CLIENTE | C9: ALCALDIA DE COPACABANA
A10: ÁREA
A11: ELABORADO POR | C11: SUZANA MACHADO V.
A12: REVISADO POR | C12: JORGE M. CARMONA F.
A13: FECHA | C13: 29 DE MAYO 2023
A15: PRESUPUESTO PRELIMINAR DE OBRA
A16: ITEM | B16: DESCRIPCIÓN | C16: UNIDAD | D16: CANTIDAD | E16: VR UNITARIO | F16: VR TOTAL | G16: % INCIDENCIA | H16: OBSERVACIONES
A18: 1 | B18: PRELIMINARES | C18: UNIDAD | D18: CANTIDAD | E18: VR UNITARIO | F18: VR TOTAL | G18: % INCIDENCIA | H18: OBSERVACIONES
A19: 1.1 | B19: DEMOLICIONES | F19: =SUM(F20:F21) -> 83203622
A20: 1.1.1 | B20: Demolición, cargue y disposición final de carpeta asfaltica e=12 cm. | C20: m3 | D20: =+D33*0.12 -> 288 | E20: =ROUND('1. APU PRELIMINARES'!H40,0) -> 239419 | F20: =ROUND(+E20*D20,0) -> 68952672 | G20: =+F20/$F$221 -> 0.011339884
A21: 1.1.2 | B21: Demolición, cargue y disposición final de concreto existente. | C21: m3 | D21: 50 | E21: =ROUND('1. APU PRELIMINARES'!H88,0) -> 285019 | F21: =ROUND(+E21*D21,0) -> 14250950 | G21: =+F21/$F$221 -> 0.0023436962
A22: 1.2 | B22: OBRAS PROVISIONALES Y PROTECCIÓN | F22: =SUM(F23:F25) -> 49542505
A23: 1.2.1 | B23: Suministro e instalación de cerramiento provisional en polisombra con estructura en madera, cada 1.5 m. | C23: ml | D23: 360 | E23: =ROUND('1. APU PRELIMINARES'!H128,0) -> 33053 | F23: =ROUND(+E23*D23,0) -> 11899080 | G23: =+F23/$F$221 -> 0.0019569101
A24: 1.2.2 | B24: Localización, trazado y replanteo del proyecto. Se utilizará equipo de precisión, personal experto. Se hará con la frecuencia que lo indique la interventoría. Incluye demarcación con pintura, línea de trazado, corte de piso, libretas, planos. | C24: dia | D24: 15 | E24: =ROUND('1. APU PRELIMINARES'!H175,0) -> 764975 | F24: =ROUND(+E24*D24,0) -> 11474625 | G24: =+F24/$F$221 -> 0.0018871047
A25: 1.2.3 | B25: Construcción de campamento provisionales modulares (Ofcinas personal administrativo, Interventoría, Almacén, Subcontratistas y Bodega). | C25: m2 | D25: 80 | E25: 327110 | F25: =ROUND(+E25*D25,0) -> 26168800 | G25: =+F25/$F$221 -> 0.0043036932
A26: TOTAL | F26: =F19+F22 -> 132746127 | G26: =F26/$F$221 -> 0.021831288
A28: 2 | B28: EXCAVACIONES Y LLENOS | C28: UNIDAD | D28: CANTIDAD | E28: VR UNITARIO | F28: VR TOTAL | G28: % INCIDENCIA | H28: OBSERVACIONES
A29: 2.1 | B29: EXCAVACIONES | F29: =SUM(F30:F33) -> 131927606
A30: 2.1.1 | B30: Excavación de pilotes L=4 m, para locales comerciales. | C30: ml | D30: ='MEMORIAS CANT'!B5*'MEMORIAS CANT'!E5 -> 224 | E30: =ROUND('2. APU EXCAVACIONES'!H39,0) -> 43279 | F30: =ROUND(+E30*D30,0) -> 9694496 | G30: =+F30/$F$221 -> 0.0015943466
A31: 2.1.2 | B31: Excavación de pilotes L=2 m, para jardineras. | C31: ml | D31: =88*2.2 -> 193.6 | E31: =ROUND('2. APU EXCAVACIONES'!H86,0) -> 34824 | F31: =ROUND(+E31*D31,0) -> 6741926 | G31: =+F31/$F$221 -> 0.00110877
A32: 2.1.3 | B32: Excavación mecánica de material heterogéneo de 0.0 a 2.0 m, incluye el cargue, botada del material producto de la excavación en los sitios autorizados o donde lo indique la interventoría y su medida será en el sitio. | C32: m3 | D32: =+D33*(0.15+0.11)+D51*0.25 -> 1277.425 | E32: =ROUND('2. APU EXCAVACIONES'!H135,0) -> 77241 | F32: =ROUND(+E32*D32,0) -> 98669584 | G32: =+F32/$F$221 -> 0.016227096
A33: 2.1.4 | B33: Perfilación y compactación de la subrasante. | C33: m2 | D33: 2400 | E33: =ROUND('2. APU EXCAVACIONES'!H184,0) -> 7009 | F33: =ROUND(+E33*D33,0) -> 16821600 | G33: =+F33/$F$221 -> 0.0027664626
A34: 2.2 | B34: LLENOS | F34: =SUM(F35:F35) -> 229054319
A35: 2.2.1 | B35: Suministro, transporte y colocación de base granular especificación Invias (según diseño). Incluye: Estrutura para losas de contrapiso y vías. | C35: m3 | D35: =D50*0.15+D51*0.25 -> 1013.425 | E35: =ROUND('2. APU EXCAVACIONES'!H232,0) -> 226020 | F35: =ROUND(+E35*D35,0) -> 229054319 | G35: =+F35/$F$221 -> 0.037670031
A36: 2.3 | B36: IMPERMEABILIZACIÓN | F36: =SUM(F37:F37) -> 52471097
A37: 2.3.1 | B37: Suministro, transporte e instalación de Geodren planar con tubería circular 100 mm, profundidad 0,5 m. Incluye el transporte externo e interno de los materiales. | C37: ml | D37: ='MEMORIAS CANT'!C52 -> 670.6 | E37: =ROUND('2. APU EXCAVACIONES'!H279,0) -> 78245 | F37: =ROUND(+E37*D37,0) -> 52471097 | G37: =+F37/$F$221 -> 0.0086293412
A38: TOTAL | F38: =F29+F34+F36 -> 413453022 | G38: =F38/$F$221 -> 0.067996047
A40: 3 | B40: CONCRETOS | C40: UNIDAD | D40: CANTIDAD | E40: VR UNITARIO | F40: VR TOTAL | G40: % INCIDENCIA | H40: OBSERVACIONES
A41: 3.1 | B41: ESTRUCTURAS DE CONCRETO | F41: =SUM(F43:F48) -> 223073950
A42: 3.1.1 | B42: Suministro, transporte y colocación de concreto 21 MPa vaciado en obra: Incluye: todos los equipos necesarios para disponer el concreto en los diferentes niveles de la obra, preparación, ensayos, transporte externo, obra falsa, colocación, protección y curado. No incluye refuerzo.
A43: 3.1.1.1 | B43: Pilotes d=30 cm, L=4 m. | C43: m3 | D43: ='MEMORIAS CANT'!F5 -> 15.833627 | E43: =ROUND('3. APU CONCRETOS'!H39,0) -> 826547 | F43: =ROUND(+E43*D43,0) -> 13087237 | G43: =+F43/$F$221 -> 0.0021523132
A44: 3.1.1.2 | B44: Vigas de fundación 35x35 cm. | C44: m3 | D44: ='MEMORIAS CANT'!F13 -> 19.208 | E44: =ROUND('3. APU CONCRETOS'!H86,0) -> 896796 | F44: =ROUND(+E44*D44,0) -> 17225658 | G44: =+F44/$F$221 -> 0.0028329135
A45: 3.1.1.3 | B45: Vigas dintel 12x20 cm. | C45: ml | D45: ='MEMORIAS CANT'!E15+'MEMORIAS CANT'!E16+'MEMORIAS CANT'!E17 -> 116.28 | E45: =ROUND('3. APU CONCRETOS'!H133,0) -> 81715 | F45: =ROUND(+E45*D45,0) -> 9501820 | G45: =+F45/$F$221 -> 0.0015626593
A46: 3.1.2 | B46: Muros para jardineras e=10 cm en concreto a la vista pulido, incluye pilote, viga y vastago | C46: m2 | D46: ='MEMORIAS CANT'!C25+'MEMORIAS CANT'!C25*0.328 -> 88.4448 | E46: =ROUND('3. APU CONCRETOS'!H180,0) -> 157976 | F46: =ROUND(+E46*D46,0) -> 13972156 | G46: =+F46/$F$221 -> 0.002297846
A47: 3.1.3 | B47: Elementos de soporte en concreto para bancas jardineras. | C47: m2 | D47: ='MEMORIAS CANT'!C26 -> 4.914 | E47: =ROUND('3. APU CONCRETOS'!H227,0) -> 184260 | F47: =ROUND(+E47*D47,0) -> 905454 | G47: =+F47/$F$221 -> 0.00014891001
A48: 3.1.4 | B48: Jardineras tipo banca en concreto e=10 cm. | C48: ml | D48: ='MEMORIAS CANT'!C52 -> 670.6 | E48: =ROUND('3. APU CONCRETOS'!H276,0) -> 251091 | F48: =ROUND(+E48*D48,0) -> 168381625 | G48: =+F48/$F$221 -> 0.027691864
A49: 3.2 | B49: LOSAS Y LOSAS DE FUNDACIÓN | F49: =SUM(F50:F53) -> 928698377
A50: 3.2.1 | B50: Pavimento Rígido Premezclado de 28 Mpa MR 41 con e=23 cm. Incluye suministro, transporte e instalación del concreto, mano de obra, vibrado, protección y curado. No incluye refuerzo. | C50: m2 | D50: 2400 | E50: =ROUND('3. APU CONCRETOS'!H325,0) -> 237133 | F50: =ROUND(+E50*D50,0) -> 569119200 | G50: =+F50/$F$221 -> 0.093596742
A51: 3.2.2 | B51: Construcción de LOSA DE FUNDACIÓN en concreto de 21 Mpa. con un espesor 9cm. Incluye suministro, transporte e instalación del concreto, mano de obra, vibrado, protección y curado, para estructuras de acuerdo con las diferentes dimensiones establecidas en los planos y diseños. No incluye refuerzo. | C51: m2 | D51: =+SUM(D164:D165) -> 2613.7 | E51: =+ROUND('3. APU CONCRETOS'!H372,0) -> 114007 | F51: =ROUND(+E51*D51,0) -> 297980096 | G51: =+F51/$F$221 -> 0.049005492
A52: 3.2.3 | B52: Grouting (concreto liquido) de 12.5 Mpa | C52: ml | D52: =139*2.7 -> 375.3 | E52: =ROUND('3. APU CONCRETOS'!H417,0) -> 12770 | F52: =ROUND(+E52*D52,0) -> 4792581 | G52: =+F52/$F$221 -> 0.00078818281
A53: 3.2.4 | B53: Suministro, transporte e instalación de Bordillos prefabricados 35x80x15cm. Incluye: Excavación, nivelación e instalación. | C53: ml | D53: 500 | E53: =ROUND('3. APU CONCRETOS'!H465,0) -> 113613 | F53: =ROUND(+E53*D53,0) -> 56806500 | G53: =+F53/$F$221 -> 0.009342337
A54: TOTAL | F54: =+F41+F49 -> 1151772327 | G54: =F54/$F$221 -> 0.18941926
A56: 4 | B56: ACEROS | C56: UNIDAD | D56: CANTIDAD | E56: VR UNITARIO | F56: VR TOTAL | G56: % INCIDENCIA | H56: OBSERVACIONES
A57: 4.1 | B57: ACERO DE REFUERZOS | F57: =SUM(F58:F61) -> 162604945
A58: 4.1.1 | B58: Suministro, transporte e instalación de acero de refuerzo figurado FY= 420 Mpa-60000 PSI, corrugado. Incluye transporte con descarga, transporte interno, alambre de amarre, certificados y todos los elementos necesarios para su correcta instalación, según diseño y recomendaciones estructurales. | C58: kg | D58: ='MEMORIAS CANT'!N41+'MEMORIAS CANT'!N46+'MEMORIAS CANT'!N48 -> 6655.4368 | E58: =ROUND('4. APU ACEROS'!H39,0) -> 7805 | F58: =ROUND(+E58*D58,0) -> 51945684 | G58: =+F58/$F$221 -> 0.0085429323
A59: 4.1.2 | B59: Suministro, transporte e instalación de pasadores en acero liso de 1 1/4" separados 30 cm, L=45 cm FY=280 Mpa | C59: un | D59: =(832.4/0.3)+108*1.3+10-1000 -> 1925.0667 | E59: =ROUND('4. APU ACEROS'!H86,0) -> 31226 | F59: =ROUND(+E59*D59,0) -> 60112132 | G59: =+F59/$F$221 -> 0.0098859777
A60: 4.1.3 | B60: Suministro, transporte e instalación de anclajes en acero corrugado de 3/8" separados 80 cm, L=65 cm FY=280 Mpa | C60: un | D60: 401 | E60: =ROUND('4. APU ACEROS'!H133,0) -> 23069 | F60: =ROUND(+E60*D60,0) -> 9250669 | G60: =+F60/$F$221 -> 0.0015213552
A61: 4.1.4 | B61: Suministro, transporte e instalación de malla electro soldada D-84 para placas de contrapiso. Incluye el suministro, transportes externo e interno de los materiales, alambre de amarre y todos los elementos necesarios para su correcta instalación y funcionamiento. | C61: m2 | D61: =+$D$51 -> 2613.7 | E61: =+ROUND('4. APU ACEROS'!H178,0) -> 15800 | F61: =ROUND(+E61*D61,0) -> 41296460 | G61: =+F61/$F$221 -> 0.0067915722
A62: TOTAL | F62: =SUM(F58:F61) -> 162604945 | G62: =F62/$F$221 -> 0.026741837
A64: 5 | B64: MAMPOSTERIA | C64: UNIDAD | D64: CANTIDAD | E64: VR UNITARIO | F64: VR TOTAL | G64: % INCIDENCIA | H64: OBSERVACIONES
A65: 5.1 | B65: MAMPOSTERIA | F65: =SUM(F66:F67) -> 44558032
A66: 5.1.1 | B66: Suministro e instalación de muro en ladrillo portante 306x12 capuchino PH S2 para locales, para revocar una cara. Incluye el mortero de pega 1:4 espesor max=0.01 m y todos los demás elementos necesarios para su correcta construcción y funcionamiento. | C66: m2 | D66: ='MEMORIAS CANT'!S4 -> 144.6955 | E66: =ROUND('5. APU MAMPOSTERIA'!H39,0) -> 263934 | F66: =ROUND(+E66*D66,0) -> 38190062 | G66: =+F66/$F$221 -> 0.0062806972
A67: 5.1.2 | B67: Suministro e instalación muro adobe de 10 de 6 huecos para locales. Incluye el mortero de pega 1:4 espesor max=0.01 m y todos los demás elementos necesarios para su correcta construcción y funcionamiento. | C67: m2 | D67: ='MEMORIAS CANT'!S5 -> 74.4 | E67: =ROUND('5. APU MAMPOSTERIA'!H86,0) -> 85591 | F67: =ROUND(+E67*D67,0) -> 6367970 | G67: =+F67/$F$221 -> 0.0010472696
A68: TOTAL | F68: =SUM(F66:F67) -> 44558032 | G68: =F68/$F$221 -> 0.0073279669
A70: 6 | B70: INSTALACIONES ELÉCTRICAS | C70: UNIDAD | D70: CANTIDAD | E70: PRECIO | F70: TOTAL | G70: % INCIDENCIA | H70: OBSERVACIONES
A71: 6.1 | B71: GABINETES DE PROTECCION Y ACOMETIDAS | F71: =SUM(F72:F81) -> 59707531
A72: 6.1.1 | B72: Suministro, transporte e instalación de cable concentrico antifraude 2No8+1No8 AWG-XLPE, canalizado con sus accesorios de montaje, y demás elementos necesarios para su correcta instalación. | C72: ml | D72: 5 | E72: =+ROUND('6. APU ELECTRICOS'!H39,0) -> 55421 | F72: =ROUND(+E72*D72,0) -> 277105 | G72: =+F72/$F$221 -> 4.5572395e-05
A73: 6.1.2 | B73: Suministro, Transporte e Instalación de Bajante metálico galvanizado pesado IMC de 1-1/2". | C73: ml | D73: 6 | E73: =+ROUND('6. APU ELECTRICOS'!H87,0) -> 80360 | F73: =ROUND(+E73*D73,0) -> 482160 | G73: =+F73/$F$221 -> 7.9295524e-05
A74: 6.1.3 | B74: Suministro, transporte e instalación de tablero de medida y protección tipo intemperie Alumbrado Publico ubicado en poste Grado IP-55, incluye protección principal de 2x40A, MEDIDOR DE ENERGÍA 1F, 3H, 5(60)A, 240/120V, ENERGIA ACTIVA , y demás accesorios para su funcionamiento. | C74: un | D74: 1 | E74: =+ROUND('6. APU ELECTRICOS'!H136,0) -> 1181385 | F74: =ROUND(+E74*D74,0) -> 1181385 | G74: =+F74/$F$221 -> 0.00019428933
A75: 6.1.4 | B75: Suministro, transporte e instalación de Puesta a Tierra de acuerdo con la Norma EPM RA6-010 | C75: un | D75: 1 | E75: =+ROUND('6. APU ELECTRICOS'!H184,0) -> 439841 | F75: =ROUND(+E75*D75,0) -> 439841 | G75: =+F75/$F$221 -> 7.2335786e-05
A76: 6.1.5 | B76: Suministro, transporte e instalación de cable 2No8+1No8 AWG-THHN, canalizado con sus accesorios de montaje, y demás elementos necesarios para su correcta instalación. | C76: ml | D76: 40 | E76: =ROUND(+'6. APU ELECTRICOS'!H232,0) -> 40474 | F76: =ROUND(+E76*D76,0) -> 1618960 | G76: =+F76/$F$221 -> 0.00026625245
A77: 6.1.6 | B77: Suministro, transporte e instalación de tubería tipo PVC de 2" de diámetro, canalizada, con sus accesorios de montaje, y demás elementos necesarios para su correcta instalación. | C77: ml | D77: 30 | E77: =ROUND('6. APU ELECTRICOS'!H280,0) -> 32032 | F77: =ROUND(+E77*D77,0) -> 960960 | G77: =+F77/$F$221 -> 0.00015803847
A78: 6.1.7 | B78: Construcción de Caja RS3-001 Norma EPM, Incluye Herraje y Obra Civil. | C78: un | D78: 3 | E78: =ROUND('6. APU ELECTRICOS'!H328,0) -> 964712 | F78: =ROUND(+E78*D78,0) -> 2894136 | G78: =+F78/$F$221 -> 0.00047596655
A79: 6.1.8 | B79: Suministro, Transporte e Instalacion de Gabinete Electrico, Incluye: Breaker Industrial Totalizador 2x40A, Icc 10KA (1). Sistema de encendido/apagado automatico de Iluminacion con temporizador, incluye contactor. (1) Minibreaker 2x20A, Icc 10KA (7)Reserva No equipadas 2x20A, Icc 10KA (4) | C79: un | D79: 1 | E79: =+ROUND('6. APU ELECTRICOS'!H376,0) -> 6294984 | F79: =ROUND(+E79*D79,0) -> 6294984 | G79: =+F79/$F$221 -> 0.0010352664
A80: 6.1.9 | B80: Suministro, transporte e instalación de Aliemntadores en Cable 3N10 AWG-THHN, canalizado con sus accesorios de montaje, y demás elementos necesarios para su correcta instalación. | C80: ml | D80: 1000 | E80: =+ROUND('6. APU ELECTRICOS'!H424,0) -> 30609 | F80: =ROUND(+E80*D80,0) -> 30609000 | G80: =+F80/$F$221 -> 0.0050339238
A81: 6.1.10 | B81: Suministro, transporte e instalación de tubería PVC de 1" de diámetro, canalizada, con sus accesorios de montaje, y demás elementos necesarios para su correcta instalación. | C81: ml | D81: 1000 | E81: =ROUND('6. APU ELECTRICOS'!H472,0) -> 14949 | F81: =ROUND(+E81*D81,0) -> 14949000 | G81: =+F81/$F$221 -> 0.0024584967
A82: 6.2 | B82: ILUMINACION EXTERIOR | F82: =SUM(F83:F92) -> 90295261
A83: 6.2.1 | B83: Suministro,Transporte e Instalacion de Luminaria ZEUS-60W,4K en poste metalico de 3,5m | C83: un | D83: 6 | E83: =+ROUND('6. APU ELECTRICOS'!H523,0) -> 1834140 | F83: =ROUND(+E83*D83,0) -> 11004840 | G83: =+F83/$F$221 -> 0.0018098444
A84: 6.2.2 | B84: Suministro,Transporte e Instalacion de Luminaria ZEUS-60W,4K en poste metalico de 2,5m | C84: un | D84: 21 | E84: =+ROUND('6. APU ELECTRICOS'!H574,0) -> 1697290 | F84: =ROUND(+E84*D84,0) -> 35643090 | G84: =+F84/$F$221 -> 0.0058618249
A85: 6.2.3 | B85: Suministro,Transporte e Instalacion de Luminaria BAMBU-0,6-L50-D-4K en poste metalico de 3m | C85: un | D85: 21 | E85: =+ROUND('6. APU ELECTRICOS'!H624,0) -> 1019633 | F85: =ROUND(+E85*D85,0) -> 21412293 | G85: =+F85/$F$221 -> 0.0035214431
A86: 6.2.4 | B86: Suministro,Transporte e Instalacion de Luminaria Tipo sendera, acrilico opal LED de 35W. | C86: un | D86: 17 | E86: =+ROUND('6. APU ELECTRICOS'!H672,0) -> 655699 | F86: =ROUND(+E86*D86,0) -> 11146883 | G86: =+F86/$F$221 -> 0.0018332046
A87: 6.2.5 | B87: Suministro, Transporte e Instalacion de Reflector LED TIPO ESTACA LED 18W, 50000H, IP66 | C87: un | D87: 8 | E87: =+ROUND('6. APU ELECTRICOS'!H720,0) -> 294281 | F87: =ROUND(+E87*D87,0) -> 2354248 | G87: =+F87/$F$221 -> 0.00038717714
A88: 6.2.6 | B88: Suministro, transporte e instalación de materiales para salida eléctrica Normal de Iluminacion 220Vac,incluye cable encauchetado 3x16 PVC/NY 600V 105 °C; Conectores de Resorte y demás accesorios para su correcta instalación y funcionamiento. (3.5 m) | C88: un | D88: 6 | E88: =+ROUND('6. APU ELECTRICOS'!H768,0) -> 127157 | F88: =ROUND(+E88*D88,0) -> 762942 | G88: =+F88/$F$221 -> 0.00012547263
A89: 6.2.7 | B89: Suministro, transporte e instalación de materiales para salida eléctrica Normal de Iluminacion 220Vac,incluye cable encauchetado 3x16 PVC/NY 600V 105 °C; Conectores de Resorte y demás accesorios para su correcta instalación y funcionamiento. (2.5 m) | C89: un | D89: 21 | E89: =+ROUND('6. APU ELECTRICOS'!H816,0) -> 118729 | F89: =ROUND(+E89*D89,0) -> 2493309 | G89: =+F89/$F$221 -> 0.00041004696
A90: 6.2.8 | B90: Suministro, transporte e instalación de materiales para salida eléctrica Normal de Iluminacion 220Vac,incluye cable encauchetado 3x16 PVC/NY 600V 105 °C; Conectores de Resorte y demás accesorios para su correcta instalación y funcionamiento. (3 m) | C90: un | D90: 21 | E90: =+ROUND('6. APU ELECTRICOS'!H864,0) -> 123829 | F90: =ROUND(+E90*D90,0) -> 2600409 | G90: =+F90/$F$221 -> 0.00042766052
A91: 6.2.9 | B91: Suministro, transporte e instalación de materiales para salida eléctrica Normal de Iluminacion 220Vac,incluye cable encauchetado 3x16 PVC/NY 600V 105 °C; Conectores de Resorte y demás accesorios para su correcta instalación y funcionamiento. (1 m) | C91: un | D91: 25 | E91: =+ROUND('6. APU ELECTRICOS'!H912,0) -> 104794 | F91: =ROUND(+E91*D91,0) -> 2619850 | G91: =+F91/$F$221 -> 0.00043085776
A92: 6.2.10 | B92: Suministro, Transporte e Instalacion de Control Remoto de 8 ZONAS REFLECTOR LED ESTACA | C92: un | D92: 1 | E92: =+ROUND('6. APU ELECTRICOS'!H960,0) -> 257397 | F92: =ROUND(+E92*D92,0) -> 257397 | G92: =+F92/$F$221 -> 4.2331239e-05
A93: 6.3 | B93: LOCALES COMERCIALES - GABINETES DE PROTECCIÓN Y ACOMETIDAS DE BAJA TENSIÓN | F93: =SUM(F94:F111) -> 60630235
A94: 6.3.1 | B94: Suministro, transporte e instalación de cable concentrico antifraude 2No4+1No4 AWG-XLPE, canalizado con sus accesorios de montaje, y demás elementos necesarios para su correcta instalación. | C94: ml | D94: 50 | E94: =+ROUND('6. APU ELECTRICOS'!H1008,0) -> 108000 | F94: =ROUND(+E94*D94,0) -> 5400000 | G94: =+F94/$F$221 -> 0.00088807829
A95: 6.3.2 | B95: Suministro, Transporte e Instalación de Bajante metálico galvanizado pesado IMC de 2". | C95: ml | D95: 6 | E95: =+ROUND('6. APU ELECTRICOS'!H1056,0) -> 120469 | F95: =ROUND(+E95*D95,0) -> 722814 | G95: =+F95/$F$221 -> 0.00011887323
A96: 6.3.3 | B96: Suministro, transporte e instalación de tubería tipo PVC de 2" de diámetro, canalizada, con sus accesorios de montaje, y demás elementos necesarios para su correcta instalación. | C96: ml | D96: 50 | E96: =ROUND('6. APU ELECTRICOS'!H1104,0) -> 33873 | F96: =ROUND(+E96*D96,0) -> 1693650 | G96: =+F96/$F$221 -> 0.00027853589
A97: 6.3.4 | B97: Construccion de Caja RS3-003 Norma EPM, Incluye Herraje y Obra Civil. | C97: un | D97: 4 | E97: =ROUND('6. APU ELECTRICOS'!H1152,0) -> 1114162 | F97: =ROUND(+E97*D97,0) -> 4456648 | G97: =+F97/$F$221 -> 0.00073293562
A98: 6.3.5 | B98: Suministro, Transporte e Instalacion de Gabinete Electrico Tipo Intemperie CASETAS, Incluye: Breaker Industrial Totalizador 2x75A, Icc 10KA (1). Minibreaker 2x40A, Icc 10KA (8) MEDIDOR DE ENERGÍA 1F, 3H, 5(60)A, 240/120V, ENERGIA ACTIVA (8) | C98: un | D98: 1 | E98: =+ROUND('6. APU ELECTRICOS'!H1199,0) -> 6085160 | F98: =ROUND(+E98*D98,0) -> 6085160 | G98: =+F98/$F$221 -> 0.001000759
A99: 6.3.6 | B99: Suministro, Transporte e Instalacion de Gabinete Electrico Tipo Intemperie CASETAS, Incluye: Breaker Industrial Totalizador 2x75A, Icc 10KA (1). Minibreaker 2x40A, Icc 10KA (10) MEDIDOR DE ENERGÍA 1F, 3H, 5(60)A, 240/120V, ENERGIA ACTIVA (10) | C99: un | D99: 1 | E99: =+ROUND('6. APU ELECTRICOS'!H1246,0) -> 6854563 | F99: =ROUND(+E99*D99,0) -> 6854563 | G99: =+F99/$F$221 -> 0.0011272942
A100: 6.3.7 | B100: Suministro, transporte e instalación de cable 2No8+1No8+1No10 AWG-THHN, canalizado con sus accesorios de montaje, y demás elementos necesarios para su correcta instalación. | C100: ml | D100: 100 | E100: =+ROUND('6. APU ELECTRICOS'!H1295,0) -> 49475 | F100: =ROUND(+E100*D100,0) -> 4947500 | G100: =+F100/$F$221 -> 0.00081366062
A101: 6.3.8 | B101: Suministro, transporte e instalación de tubería tipo PVC de 1" de diámetro, canalizada, con sus accesorios de montaje, y demás elementos necesarios para su correcta instalación. | C101: ml | D101: 100 | E101: =ROUND('6. APU ELECTRICOS'!H1343,0) -> 13574 | F101: =ROUND(+E101*D101,0) -> 1357400 | G101: =+F101/$F$221 -> 0.00022323657
A102: 6.3.9 | B102: Suministro, Transporte e Instalacion Tablero TMB 4 ctos (TR) 2F, 4H, 208V de sobreponer, con barras de neutro y tierra independientes, con puerta y chapa. Barras internas de cobre min 100A, 208V, Icc: 10 kA. + Neutro al 100% + Tierra según tabla 250-94 NTC 2050 | C102: un | D102: 18 | E102: =+ROUND('6. APU ELECTRICOS'!H1391,0) -> 207751 | F102: =ROUND(+E102*D102,0) -> 3739518 | G102: =+F102/$F$221 -> 0.00061499718
A103: 6.3.10 | B103: Suministro, Transporte e Instalacion Breaker enchufable 1x20A, 10kA | C103: un | D103: 18 | E103: =+ROUND('6. APU ELECTRICOS'!H1439,0) -> 37723 | F103: =ROUND(+E103*D103,0) -> 679014 | G103: =+F103/$F$221 -> 0.00011166992
A104: 6.3.11 | B104: Suministro, Transporte e Instalacion Circuitos ramales en baja tensión, 120V en 1No12 (F) + 1No12(N) + 1No12 (T) cable de cobre AWG - THWN - THHN, por tubería y/o canaleta, para salidas eléctricas. | C104: ml | D104: 100 | E104: =+ROUND('6. APU ELECTRICOS'!H1484,0) -> 20201 | F104: =ROUND(+E104*D104,0) -> 2020100 | G104: =+F104/$F$221 -> 0.00033222351
A105: 6.3.12 | B105: Suministro, Transporte e Instalacion Tubería metálica tipo EMT de 3/4" para Alimentadores | C105: ml | D105: 50 | E105: =+ROUND('6. APU ELECTRICOS'!H1532,0) -> 31083 | F105: =ROUND(+E105*D105,0) -> 1554150 | G105: =+F105/$F$221 -> 0.00025559387
A106: 6.3.13 | B106: Suministro, Transporte e Instalacion Cajas 12x12x5 metalica de paso | C106: un | D106: 18 | E106: =+ROUND('6. APU ELECTRICOS'!H1579,0) -> 22998 | F106: =ROUND(+E106*D106,0) -> 413964 | G106: =+F106/$F$221 -> 6.8080082e-05
A107: 6.3.14 | B107: Suministro, Transporte e Instalacion Salida eléctrica para toma corriente doble con polo a tierra monofásico 15A, 125V y según NEMA 5-15R .Incluye toma marca Leviton o similar color blanco con placa de nylon, encintada, ducto EMT 3/4" ,cajas metalica 12x12x5cm, conductores cobre #12 AWG AWG-THWN-THHN y demás accesorios necesarios para su correcta instalación. (salida de 3m) | C107: un | D107: 30 | E107: =+ROUND('6. APU ELECTRICOS'!H1633,0) -> 177652 | F107: =ROUND(+E107*D107,0) -> 5329560 | G107: =+F107/$F$221 -> 0.0008764938
A108: 6.3.15 | B108: Suministro, Transporte e Instalacion Salida eléctrica para toma corriente GFCI y según NEMA 5-15R .Incluye toma marca Leviton o similar color blanco con placa de nylon, encintada, ducto PVC 1/2" ,cajas PVC 4X4, conductores cobre #12 AWG AWG-THWN-THHN y demás accesorios necesarios para su correcta instalación.(salida de 3m) | C108: un | D108: 18 | E108: =+ROUND('6. APU ELECTRICOS'!H1687,0) -> 272944 | F108: =ROUND(+E108*D108,0) -> 4912992 | G108: =+F108/$F$221 -> 0.00080798547
A109: 6.3.16 | B109: Suministro, Transporte e Instalacion Salida eléctrica para interruptor sencillo 15A, 125V. Incluye interruptor marca Leviton o similar color blanco con placa de nylon, encintada, tuberia EMT 3/4" ,caja metalica 12x12x5cm, conductores cobre #12 AWG-THWN-THHN y demás accesorios necesarios para su correcta instalación.(salida de 3m) | C109: un | D109: 18 | E109: =+ROUND('6. APU ELECTRICOS'!H1741,0) -> 178874 | F109: =ROUND(+E109*D109,0) -> 3219732 | G109: =+F109/$F$221 -> 0.00052951372
A110: 6.3.17 | B110: Suministro, Transporte e Instalacion Salidas eléctricas de iluminación sobrepuestas o suspendidas, 120V. Incluye: conectores, tuberia EMT 3/4", cajas metálicas, conductores 12 AWG-CU-THW, prensa estopa y demás accesorios necesarios para su correcta instalación.(salida de 3m) | C110: un | D110: 18 | E110: =+ROUND('6. APU ELECTRICOS'!H1795,0) -> 176682 | F110: =ROUND(+E110*D110,0) -> 3180276 | G110: =+F110/$F$221 -> 0.00052302483
A111: 6.3.18 | B111: Suministro, Transporte e Instalacion de Luminaria Hermetica 2x18W y demás accesorios necesarios para su correcta instalación. | C111: un | D111: 18 | E111: =+ROUND('6. APU ELECTRICOS'!H1842,0) -> 225733 | F111: =ROUND(+E111*D111,0) -> 4063194 | G111: =+F111/$F$221 -> 0.00066822859
A112: 6.4 | B112: CERTIFICADOS | F112: =SUM(F113:F115) -> 16005664
A113: 6.4.1 | B113: CERTIFICADO RETIE DEL PROYECTO | C113: gl | D113: 1 | E113: =+ROUND('6. APU ELECTRICOS'!H1890,0) -> 6501888 | F113: =ROUND(+E113*D113,0) -> 6501888 | G113: =+F113/$F$221 -> 0.0010692936
A114: 6.4.2 | B114: CERTIFICADO RETILAP DEL PROYECTO | C114: gl | D114: 1 | E114: =+ROUND('6. APU ELECTRICOS'!H1938,0) -> 6501888 | F114: =ROUND(+E114*D114,0) -> 6501888 | G114: =+F114/$F$221 -> 0.0010692936
...

Sheet FACTOR MULTIPLICADOR
B3: =+PRESUPUESTO!C8 -> RENOVACIÓN DEL PARQUE PRINCIPAL DEL MUNICIPIO DE COPACABANA - ANTIOQUIA
B4: RENOVACIÓN DEL PARQUE PRINCIPAL DEL MUNICIPIO DE COPACABANA - ANTIQUIA
B5: DURACION DEL PROYECTO | H5: NUEVE (9) MESES
B6: SUBTOTAL INTERVENTORIA | H6: =+INTERVENTORÍA!H29 -> 0
B7: IVA INTERVENTORIA | H7: =H6*0.19 -> 0
B8: TOTAL INTERVENTORIA | H8: =SUM(H6:H7) -> 0
B9: FACTOR MULTIPLICADOR | H9: =H33 -> 2.012528
C11: FACTOR MULTIPLICADOR
C12: DESCRIPCION | D12: PORCENTAJE PARCIAL
B13: A | C13: SALARIO BASICO | H13: =SUM(H14) -> 1
C14: Nomina Total Mensual | D14: 1 | H14: =D14 -> 1
B15: B | C15: PRESTACIONES SOCIALES | H15: =SUM(D16:D28) -> 0.6169
C16: Cesantías | D16: 0.0833
C17: Intereses sobre cesantías | D17: 0.01
C18: Primas | D18: 0.0833
C19: Vacaciones | D19: 0.0417
C20: SEGURIDAD SOCIAL
C21: Aportes a Salud | D21: 0.085
C22: Aportes a Pensión | D22: 0.12
C23: ARP | D23: 0.0696
C24: OTROS
C25: Sena | D25: 0.02
C26: ICBF | D26: 0.03
C27: Caja de compensación familiar | D27: 0.04
C28: Dotación y examenes medicos | D28: =0.018+0.016 -> 0.034
B29: C | C29: GASTOS OFICINA CENTRAL | H29: 0.18
B30: D | C30: HONORARIOS UTILIDADES ( ) | H30: =(H15+H13+H29)*D31 -> 0.215628
C31: Honorarios utilidades del Consultor | D31: 0.12
C33: FACTOR MULTIPLICADOR: TOTAL A+B+C+D | H33: =H13+H15+H29+H30 -> 2.012528

Sheet MEMORIAS CANT
A1: MEMORIAS DE CANTIDADES | I1: MEMORIAS DE CANTIDADES | Q1: MEMORIAS DE CANTIDADES | V1: MEMORIAS DE CANTIDADES | AA1: MEMORIAS DE CANTIDADES
A2: ITEM | B2: CANTIDAD | C2: ALTO | D2: ANCHO | E2: LONGITUD | F2: VOL | G2: UND | I2: ITEM | J2: DESCRIPCIÓN | K2: PESO | L2: CANT | M2: LONG | N2: PESO | O2: UND | Q2: ITEM | R2: DESCRIPCIÓN | S2: CANT | T2: UND | V2: ITEM | W2: DESCRIPCIÓN | X2: CANT | Y2: UND | AA2: ITEM | AB2: DESCRIPCIÓN | AC2: CANT | AD2: UND
A3: 4 | B3: CONCRETOS | I3: 4 | J3: ACERO DE REFUERZO | Q3: 6 | R3: MAMPOSTERIA | V3: 14 | W3: PISOS Y ENCHAPES | AA3: 16 | AB3: PINTURA Y REVOQUE
A4: 4.1.2 | B4: PILOTES | I4: PILOTES | Q4: 6.1 | R4: Ladrillo portante 306x12 capuchino PH S2 para locales | S4: =2.48*2.5*4+8.1*2.48*2+17*1.5*1.1+2.48*2.5*6+3.3*2.48*2+4.9*2.48-(0.95*0.87*17) -> 144.6955 | T4: m2 | V4: 14.1 | W4: ENCHAPES - MURO | AA4: 16.1 | AB4: REVOQUE
A5: Son 56 | B5: 56 | D5: 0.3 | E5: 4 | F5: =((PI()*(D5*D5))/4)*E5*B5 -> 15.833627 | G5: m3 | I5: Son 56 | J5: 1/2 | K5: 0.994 | L5: 224 | M5: 4.5 | N5: =K5*L5*M5 -> 1001.952 | O5: kg | Q5: 6.2 | R5: Adobe de 10 de 6 huecos para locales | S5: =2.48*2.5*4*2+2.48*2.5*4 -> 74.4 | T5: m2 | V5: 14.1.1 | W5: Baldosa perlato de 40x40 cm | X5: =C52*0.4 -> 268.24 | Y5: m2 | AA5: 16.1.1 | AB5: Revoque | AC5: =((1.5*2)+(2.3*2))*2.48*17-(0.95*0.87*17)-(1.37*1.5*17) -> 271.4305 | AD5: m2
A6: 4.1.3 | B6: VIGAS DE FUNDACIÓN | J6: 3/8 | K6: 0.56 | L6: 1456 | M6: 0.65 | N6: =K6*L6*M6 -> 529.984 | V6: 14.1.2 | W6: Baldosa perlato de 40x52 cm | X6: =C52*0.52 -> 348.712 | Y6: m2 | AA6: 16.2 | AB6: PINTURA Y ESTUCO
A7: VF1-2 (Son 4) | B7: 4 | C7: 0.35 | D7: 0.35 | E7: 10.7 | F7: =B7*C7*D7*E7 -> 5.243 | G7: m3 | I7: VIGAS DE FUNDACIÓN | Q7: ITEM | R7: DESCRIPCIÓN | S7: CANT | T7: UND | V7: 14.1.3 | W7: Baldosa perlato de 50x200 cm | X7: 4.5 | Y7: m2 | AA7: 16.2.1 | AB7: Estuco | AC7: =((1.5*2)+(2.3*2))*2.48*17-(0.95*0.87*17)-(1.37*1.5*17) -> 271.4305 | AD7: m2
A8: VFA-H (Son 4) | B8: 4 | C8: 0.35 | D8: 0.35 | E8: 2.75 | F8: =B8*C8*D8*E8 -> 1.3475 | G8: m3 | I8: VF1-2 (Son 4) | J8: 5/8 | K8: 1.552 | L8: 8 | M8: 6 | N8: =$K$8*L8*M8 -> 74.496 | O8: kg | Q8: 11 | R8: CUBIERTA Y CIELOS FALSOS | X8: 4.4 | AA8: 16.2.2 | AB8: Pintura tipo 1 | AC8: =((1.5*2)+(2.3*2))*2.48*17-(0.95*0.87*17)-(1.37*1.5*17) -> 271.4305 | AD8: m2
A9: VFB-C-D-E-F-G (Son 12) | B9: 12 | C9: 0.35 | D9: 0.35 | E9: 2.75 | F9: =B9*C9*D9*E9 -> 4.0425 | G9: m3 | L9: 8 | M9: 4.2 | N9: =$K$8*L9*M9 -> 52.1472 | Q9: 11.1 | R9: CUBIERTA-TECHOS | X9: =5*2 -> 10 | AA9: 16.2.3 | AB9: Pintura tipo koraza | AC9: =2.48*0.1*22+8.1*0.1*2+3.3*0.1*2+4.9*0.1 -> 8.226 | AD9: m2
A10: VF1'-2' (Son 2) | B10: 2 | C10: 0.35 | D10: 0.35 | E10: 18.5 | F10: =B10*C10*D10*E10 -> 4.5325 | G10: m3 | L10: 8 | M10: 6.4 | N10: =$K$8*L10*M10 -> 79.4624 | Q10: 11.1.1 | R10: Estructura metalica para locales comerciales. | S10: =S15*22 -> 4800.6288 | T10: kg | X10: =5*2 -> 10 | AA10: 16.2.4 | AB10: Pintura tipo trafico para zonas de bicicletas. | AD10: ml
A11: VFA'-L' (Son 2) | B11: 2 | C11: 0.35 | D11: 0.35 | E11: 2.75 | F11: =B11*C11*D11*E11 -> 0.67375 | G11: m3 | L11: 8 | M11: 8 | N11: =$K$8*L11*M11 -> 99.328 | Q11: 11.1.2 | R11: Estructura metalica para sombrillas. | S11: =S16*22 -> 2159.8449 | T11: kg | X11: =5*2 -> 10
A12: VFB'-C'-D'-E'-F'-G'-H'-I'-J'-K' (Son 10) | B12: 10 | C12: 0.35 | D12: 0.35 | E12: 2.75 | F12: =B12*C12*D12*E12 -> 3.36875 | G12: m3 | J12: 3/8 | K12: 0.56 | L12: 348 | M12: 1 | N12: =+K12*L12*M12 -> 194.88 | Q12: 11.1.3 | R12: Techo en vidrio templado laminado con serigrafia en 6 mm, para cubiera de locales. | S12: =12.1*5.13 -> 62.073 | T12: m2 | X12: =5*2 -> 10 | AA12: ITEM | AB12: DESCRIPCIÓN | AC12: CANT | AD12: UND
A13: TOTAL | F13: =SUM(F7:F12) -> 19.208 | G13: m3 | I13: VFA-H (Son 4) | J13: 5/8 | K13: 1.552 | L13: 16 | M13: 3.65 | N13: =K13*L13*M13 -> 90.6368 | O13: kg | S13: =12.1*5.13 -> 62.073 | X13: 4.5 | AA13: 21 | AB13: AMOBLAMIENTO
A14: 4.1.3 | B14: VIGAS DINTEL | J14: 3/8 | K14: 0.56 | L14: =22*4 -> 88 | M14: 1 | N14: =K14*L14*M14 -> 49.28 | S14: =19.08*4.93 -> 94.0644 | X14: 4.4 | AA14: 21.1 | AB14: Mesa de juego de ajedrez o parques. | AC14: 11 | AD14: un
A15: DINTEL | C15: 0.12 | D15: 0.2 | E15: =8.12*4 -> 32.48 | F15: =C15*D15*E15 -> 0.77952 | G15: m3 | I15: VFB-C-D-E-F-G (Son 12) | J15: 5/8 | K15: 1.552 | L15: 48 | M15: 3.15 | N15: =K15*L15*M15 -> 234.6624 | O15: kg | S15: =SUM(S12:S14) -> 218.2104 | X15: =SUM(X7:X14)*0.5 -> 28.9 | AA15: 21.2 | AB15: Cubo con acabado en dado. | AC15: 44 | AD15: un
C16: 0.12 | D16: 0.2 | E16: =2.4*22 -> 52.8 | F16: =C16*D16*E16 -> 1.2672 | G16: m3 | J16: 3/8 | K16: 0.56 | L16: 228 | M16: 1 | N16: =K16*L16*M16 -> 127.68 | Q16: 11.1.4 | R16: Techo en vidrio templado laminado con serigrafia en 6 mm, para cubiera de sombrillas. | S16: =((PI()*2.5*2.5)/4)*20 -> 98.17477 | T16: m2 | V16: 14.1.4 | W16: Baldosa perlato de 35x39 cm | X16: =(12*3)*0.35*0.39 -> 4.914 | Y16: m2 | AA16: 21.3 | AB16: Bancas en concreto prefabricado colores amarillo, rojo, azul y verde. | AC16: 88 | AD16: un
C17: 0.12 | D17: 0.2 | E17: =15.5*2 -> 31 | F17: =C17*D17*E17 -> 0.744 | G17: m3 | I17: VF1'-2' (Son 2) | J17: 5/8 | K17: 1.552 | L17: 4 | M17: 6 | N17: =$K$17*L17*M17 -> 37.248 | O17: kg | Q17: 11.1.5 | R17: Listones de madera inmunizada color caramelo. | S17: =46.8*2+80.3-(20.3+12.2+20.4) -> 121 | T17: m2 | V17: 14.2 | W17: PISOS | AA17: 21.4 | AB17: Banca en concreto a la vista gris pulido debajo de sombrillas | AC17: 20 | AD17: un
A18: TOTAL | F18: =SUM(F15:F17) -> 2.79072 | G18: m3 | L18: 4 | M18: 4.2 | N18: =$K$17*L18*M18 -> 26.0736 | Q18: 11.2 | R18: CIELO FALSO | V18: 14.2.1 | W18: Mortero de nivelación | X18: =X27 -> 79.325 | Y18: m2
L19: 4 | M19: 8.3 | N19: =$K$17*L19*M19 -> 51.5264 | Q19: 11.2.1 | R19: Cielo falso para locales comerciales | S19: =X27 -> 79.325 | T19: m2 | V19: 14.2.2 | W19: Piso en royal beta color beteado de 30x120x20 cm | X19: 1203.7 | Y19: m2
A20: ITEM | B20: DESCRIPCIÓN | C20: CANT | D20: UND | L20: 4 | M20: 8 | N20: =$K$17*L20*M20 -> 49.664 | V20: 14.2.3 | W20: Piso en royal beta color dorado de 30x120x20 cm | X20: 1410 | Y20: m2 | AA20: ITEM | AB20: DESCRIPCIÓN | AC20: CANT | AD20: UND
A21: 4.1 | B21: ESTRUCTURAS | L21: 4 | M21: 6.5 | N21: =$K$17*L21*M21 -> 40.352 | V21: 14.2.4 | W21: Varilla dilatación | X21: =(X19+X20)/(1.5*1.5)*(1.5*4) -> 6969.8667 | Y21: ml | AA21: 23 | AB21: CARPINTERÍA METÁLICA
A22: 4.1.4 | B22: Muros para jardineras e=10 cm en concreto a la vista pulido. | C22: =10*2*0.5 -> 10 | D22: m2 | L22: 4 | M22: 8.35 | N22: =$K$17*L22*M22 -> 51.8368 | V22: 14.2.5 | W22: Baldosa tipo 1, guia de invidentes color amarillo de 20x20x3 cm. | X22: =36+12.1+8.4+12.6+10.7+10+2+10.4+8.8+9.5+26.1+30.2+6+3.8+31.6+7.6+57.8+3.9+31.5+40.7+81.5 -> 441.2 | Y22: ml | AA22: 23.1 | AB22: VENTANERÍA
C23: =10*2*0.67 -> 13.4 | J23: 3/8 | K23: 0.56 | L23: 312 | M23: 1 | N23: =K23*L23*M23 -> 174.72 | V23: 14.2.6 | W23: Baldosa tipo 2, guia de invidentes color amarillo de 40x40x3 cm. | X23: =(1.2*3+4+44.4+81+40.8+5.5+6)*2 -> 370.6 | Y23: ml | AA23: 21.2.1 | AB23: Cortina enrollable | AC23: =1.37*1.5*17 -> 34.935 | AD23: un
C24: =((5+1)*2*0.9)*4 -> 43.2 | I24: VFA'-L' (Son 2) | J24: 5/8 | K24: 1.552 | L24: 8 | M24: 3.65 | N24: =K24*L24*M24 -> 45.3184 | O24: kg | V24: 14.2.7 | W24: Piso en uucrete | X24: =8.1*2.5 -> 20.25 | Y24: m2 | AA24: 23.2 | AB24: PUERTAS
C25: =SUM(C22:C24) -> 66.6 | J25: 3/8 | K25: 0.56 | L25: 44 | M25: 1 | N25: =K25*L25*M25 -> 24.64 | X25: =8.1*2.5 -> 20.25 | AA25: 23.3.1 | AB25: Puerta batiente en acero inoxidable de 86x94 cm, para locales comerciales. | AC25: 17 | AD25: un
A26: 4.1.5 | B26: Elementos de soporte en concreto para bancas jardineras. | C26: =X16 -> 4.914 | D26: m2 | I26: VFB'-C'-D'-E'-F'-G'-H'-I'-J'-K' (Son 10) | J26: 5/8 | K26: 1.552 | L26: 40 | M26: 3.15 | N26: =K26*L26*M26 -> 195.552 | O26: kg | X26: =15.53*2.5 -> 38.825 | AA26: 23.3 | AB26: MUEBLES
A27: 4.1.6 | B27: Jardineras tipo banca en concreto e=10 cm. | C27: 45.2 | D27: ml | J27: 3/8 | K27: 0.56 | L27: 190 | M27: 1 | N27: =K27*L27*M27 -> 106.4 | X27: =SUM(X24:X26) -> 79.325 | AA27: 23.3.1 | AB27: Mesón de 1.5x0.6 m en acero inoxidabe, incluye pozuelo, para locales comerciales. | AC27: 17 | AD27: un
C28: 40.1 | I28: VIGAS DINTEL | V28: 14.2.8 | W28: Media caña en ucrete | X28: =34*2.5+17*1.5+0.64*17 -> 121.38 | Y28: ml | AA28: 23.3.2 | AB28: Registro de respiración en lamina de acero perforada. | AC28: 17 | AD28: un
C29: 19.7 | I29: DINTEL | J29: 3/8 | K29: 0.56 | L29: 4 | M29: 8 | N29: =$K$29*L29*M29 -> 17.92 | O29: kg
C30: 40 | L30: 80 | M30: 0.32 | N30: =$K$29*L30*M30 -> 14.336
C31: 38.2 | L31: 28 | M31: 2.4 | N31: =$K$29*L31*M31 -> 37.632
C32: 21.9 | L32: 224 | M32: 0.32 | N32: =$K$29*L32*M32 -> 40.1408
C33: 20.3 | L33: 16 | M33: 2.4 | N33: =$K$29*L33*M33 -> 21.504
C34: 18.1 | L34: 128 | M34: 0.32 | N34: =$K$29*L34*M34 -> 22.9376
C35: 31.3 | L35: 8 | M35: 6 | N35: =$K$29*L35*M35 -> 26.88
C36: 20.3 | L36: 142 | M36: 0.32 | N36: =$K$29*L36*M36 -> 25.4464
C37: 37.7 | I37: MUROS
C38: 40.1 | I38: DOVELAS | J38: 4 mm | K38: 0.25 | L38: 60 | M38: 6 | N38: =$K$38*L38*M38 -> 90 | O38: kg
C39: 13.4 | J39: 1/4 | K39: 0.248 | L39: 110 | M39: 0.4 | N39: =$K$39*L39*M39 -> 10.912
C40: 15 | J40: 3/8 | K40: 0.56 | L40: 139 | M40: 2.7 | N40: =$K$40*L40*M40 -> 210.168
C41: 38.2 | I41: TOTAL | N41: =SUM(N5:N40) -> 3855.7168 | O41: kg
C42: 41.5 | I42: MUROS
C43: 16.8 | I43: DOVELAS | J43: 4 mm | K43: 0.25 | L43: 60 | M43: 6 | N43: =$K$43*L43*M43 -> 90 | O43: kg
C44: 25.4 | J44: 1/4 | K44: 0.248 | L44: 110 | M44: 0.4 | N44: =$K$44*L44*M44 -> 10.912
C45: 24.2 | J45: 3/8 | K45: 0.56 | L45: 139 | M45: 2.7 | N45: =$K$45*L45*M45 -> 210.168
C46: 21 | I46: TOTAL | N46: =SUM(N43:N45) -> 311.08 | O46: kg
C47: 26.8 | I47: MUROS JARDINERAS
C48: 11.2 | J48: Pilote, viga y vastago | N48: =28.28*(10*2*2+(5+1)*2*4) -> 2488.64 | O48: kg
C49: 11.9
C50: 11.3
C51: =20.5*2 -> 41
C52: =SUM(C27:C51) -> 670.6
A54: Placa concreto de 28 Mpa MR 41 con e=23 cm | C54: 2400 | D54: m2
A56: Suministro, transporte y colocación de base granular especificación Invias (según diseño). Espesor 15cm. | C56: =C54*0.15 -> 360 | D56: m3

Sheet 1. APU PRELIMINARES
A1: INDICE
A3: RENOVACIÓN DEL PARQUE PRINCIPAL DEL MUNICIPIO DE COPACABANA - ANTIQUIA
E4: ANÁLISIS DE PRECIOS UNITARIOS
A7: CAPITULO: PROVISIONALES | G7: ESPECIFICACIÓN: 1.1.1
A8: ITEM: Demolición, cargue y disposición final de carpeta asfaltica e=12 cm. | G8: UNIDAD: m3
A10: I. EQUIPO
A11: Descripción | D11: Tipo | E11: Tarifa/Hora | F11: Rendimiento | G11: Valor-Unit.
A12: HERRAMIENTA MENOR (5%MO) | G12: =ROUND(H38*0.05,0) -> 1215
A13: CORTE DE PISO Y/O PAVIMENTO HASTA 6 CM DE PROFUNDIDAD | E13: 7200 | F13: =4*2+2*2 -> 12 | G13: =E13*F13 -> 86400
A14: COMPRESOR NEUMÁTICO CON MARTILLO DEMOLEDOR O PERFORADOR EN SUPERFICIE, PUNTA, COMBUSTIBLE Y OPERADOR. | E14: 78500 | F14: 1 | G14: =E14*F14 -> 78500
G15: Sub-Total | H15: =SUM(G12:G14) -> 166115
A16: II. MATERIALES EN OBRA
A17: Descripción | D17: Unidad | E17: Precio-Unit. | F17: Cantidad | G17: Valor-Unit.
G18: =E18*F18 -> 0
G19: =F19*E19 -> 0
G20: =F20*E20 -> 0
G21: =SUM(G18:G20)*C21 -> 0
G24: Sub-Total | H24: =SUM(G18:G23) -> 0
A25: III. TRANSPORTES
A26: Material | C26: Vol. Peso ó Cant. | D26: Distancia | E26: M3-Km | F26: Tarifa | G26: Valor-Unit.
A27: CARGUE, TRANSP. Y BOTADA CON PALEROS | C27: 1.4 | F27: 35000 | G27: =+C27*F27 -> 49000
G30: Sub-Total | H30: =SUM(G27:G29) -> 49000
A31: IV. MANO DE OBRA
A32: Trabajador | C32: Jornal | D32: Prestaciones | E32: Jornal Total | F32: Rendimiento | G32: Valor-Unit.
A33: AYUDANTE | C33: =PERSONAL!$E$31 -> 48800 | D33: =PERSONAL!$F$31 -> 1.7431 | E33: =+D33*C33 -> 85063.28 | F33: 3.5 | G33: =ROUND(E33/F33,0) -> 24304
G38: Sub-Total | H38: =SUM(G33:G37) -> 24304
E40: Total Costo Directo | H40: =H15+H24+H30+H38 -> 239419
A41: V. COSTOS INDIRECTOS
A42: Descripción | F42: Porcentaje | G42: Valor Total
A43: ADMINISTRACION | F43: =PRESUPUESTO!$E$222 -> 0.109 | G43: =+F43*H40 -> 26096.671
A44: UTILIDAD | F44: =PRESUPUESTO!$E$223 -> 0.05 | G44: =+F44*H40 -> 11970.95
G45: Sub-Total | H45: =SUM(G43:G44) -> 38067.621
D47: Precio unitario total aproximado al peso | H47: =ROUND((H40+H45),0) -> 277487
A49: INDICE
A51: RENOVACIÓN DEL PARQUE PRINCIPAL DEL MUNICIPIO DE COPACABANA - ANTIQUIA
E52: ANÁLISIS DE PRECIOS UNITARIOS
A55: CAPITULO: PROVISIONALES | G55: ESPECIFICACIÓN: 1.1.2
A56: ITEM: Demolición, cargue y disposición final de concreto existente. | G56: UNIDAD: m3
A58: I. EQUIPO
A59: Descripción | D59: Tipo | E59: Tarifa/Hora | F59: Rendimiento | G59: Valor-Unit.
A60: HERRAMIENTA MENOR (5%MO) | G60: =ROUND(H86*0.05,0) -> 3387
A61: CORTE DE PISO Y/O PAVIMENTO HASTA 6 CM DE PROFUNDIDAD | E61: 7200 | F61: =4*2+2*2 -> 12 | G61: =E61*F61 -> 86400
A62: COMPRESOR NEUMÁTICO CON MARTILLO DEMOLEDOR O PERFORADOR EN SUPERFICIE, PUNTA, COMBUSTIBLE Y OPERADOR. | E62: 78500 | F62: 1 | G62: =E62*F62 -> 78500
G63: Sub-Total | H63: =SUM(G60:G62) -> 168287
A64: II. MATERIALES EN OBRA
A65: Descripción | D65: Unidad | E65: Precio-Unit. | F65: Cantidad | G65: Valor-Unit.
G66: =E66*F66 -> 0
G67: =F67*E67 -> 0
G68: =F68*E68 -> 0
A69: DESPERDICIO | C69: 0.05 | G69: =SUM(G66:G68)*C69 -> 0
G72: Sub-Total | H72: =SUM(G66:G71) -> 0
A73: III. TRANSPORTES
A74: Material | C74: Vol. Peso ó Cant. | D74: Distancia | E74: M3-Km | F74: Tarifa | G74: Valor-Unit.
A75: CARGUE, TRANSP. Y BOTADA CON PALEROS | C75: 1.4 | F75: 35000 | G75: =+C75*F75 -> 49000
G78: Sub-Total | H78: =SUM(G75:G77) -> 49000
A79: IV. MANO DE OBRA
A80: Trabajador | C80: Jornal | D80: Prestaciones | E80: Jornal Total | F80: Rendimiento | G80: Valor-Unit.
A81: AYUDANTE | C81: =PERSONAL!$E$31 -> 48800 | D81: =PERSONAL!$F$31 -> 1.7431 | E81: =+D81*C81 -> 85063.28 | F81: 3.5 | G81: =ROUND(E81/F81,0) -> 24304
A82: OFICIAL | C82: =PERSONAL!$E$32 -> 87200 | D82: =PERSONAL!$F$31 -> 1.7431 | E82: =+D82*C82 -> 151998.32 | F82: =+F81 -> 3.5 | G82: =ROUND(E82/F82,0) -> 43428
G86: Sub-Total | H86: =SUM(G81:G85) -> 67732
E88: Total Costo Directo | H88: =H63+H72+H78+H86 -> 285019
A89: V. COSTOS INDIRECTOS
A90: Descripción | F90: Porcentaje | G90: Valor Total
A91: ADMINISTRACION | F91: =PRESUPUESTO!$E$222 -> 0.109 | G91: =+F91*H88 -> 31067.071
A92: UTILIDAD | F92: =PRESUPUESTO!$E$223 -> 0.05 | G92: =+F92*H88 -> 14250.95
G93: Sub-Total | H93: =SUM(G91:G92) -> 45318.021
D95: Precio unitario total aproximado al peso | H95: =ROUND((H88+H93),0) -> 330337
A96: CAPITULO: PROVISIONALES | G96: ESPECIFICACIÓN: 1.2.1
A97: ITEM: Cerramiento provisional | G97: UNIDAD: ml
A99: I. EQUIPO
A100: Descripción | D100: Tipo | E100: Tarifa/Hora | F100: Rendimiento | G100: Valor-Unit.
A101: HERRAMIENTA MENOR (5%MO) | G101: =ROUND(H126*0.05,0) -> 494
G102: =E102*F102 -> 0
G103: =E103*F103 -> 0
G104: Sub-Total | H104: =SUM(G101:G103) -> 494
A105: II. MATERIALES EN OBRA
A106: Descripción | D106: Unidad | E106: Precio-Unit. | F106: Cantidad | G106: Valor-Unit.
A107: TELA SARAM | D107: ML | E107: =291900/100 -> 2919 | F107: 2 | G107: =E107*F107 -> 5838
A108: POSTE DE MADERA | D108: UN/ML | E108: =7350*1.19 -> 8746.5 | F108: =1/1.5 -> 0.66666667 | G108: =F108*E108 -> 5831
A109: PUNTILLAS | D109: ML | E109: 500 | F109: 1 | G109: =F109*E109 -> 500
A110: DESPERDICIO | C110: 0.05 | G110: =SUM(G107:G109)*C110 -> 608.45
A111: CONCRETO 21 Mpa | D111: M3 | E111: =APA!$H$176 -> 561165.64 | F111: =(PI()*0.2^2/4*0.4)*1.05 -> 0.013194689 | G111: =F111*E111 -> 7404.4062
G113: Sub-Total | H113: =SUM(G107:G112) -> 20181.856
A114: III. TRANSPORTES
A115: Material | D115: Unidad | E115: Precio-Unit. | F115: Cantidad | G115: Valor-Unit.
A116: TRASIEGO | D116: ML | E116: 2500 | F116: 1 | G116: =E116*F116 -> 2500
G118: Sub-Total | H118: =SUM(G116:G117) -> 2500
A119: IV. MANO DE OBRA
A120: Trabajador | C120: Jornal | D120: Prestaciones | E120: Jornal Total | F120: Rendimiento | G120: Valor-Unit.
A121: AYUDANTE | C121: =PERSONAL!$E$31 -> 48800 | D121: =PERSONAL!$F$31 -> 1.7431 | E121: =+D121*C121 -> 85063.28 | F121: 24 | G121: =ROUND(E121/F121,0) -> 3544
A122: OFICIAL | C122: =PERSONAL!$E$32 -> 87200 | D122: =PERSONAL!$F$31 -> 1.7431 | E122: =+D122*C122 -> 151998.32 | F122: =+F121 -> 24 | G122: =ROUND(E122/F122,0) -> 6333
G126: Sub-Total | H126: =SUM(G121:G125) -> 9877
E128: Total Costo Directo | H128: =H104+H113+H118+H126 -> 33052.856
A129: V. COSTOS INDIRECTOS
A130: Descripción | F130: Porcentaje | G130: Valor Total
A131: ADMINISTRACION | F131: =PRESUPUESTO!$E$222 -> 0.109 | G131: =+F131*H128 -> 3602.7613
A132: UTILIDAD | F132: =PRESUPUESTO!$E$223 -> 0.05 | G132: =+F132*H128 -> 1652.6428
G133: Sub-Total | H133: =SUM(G131:G132) -> 5255.4041
D135: Precio unitario total aproximado al peso | H135: =ROUND((H128+H133),0) -> 38308
A137: INDICE
...

Sheet 2. APU EXCAVACIONES
A1: INDICE
A3: RENOVACIÓN DEL PARQUE PRINCIPAL DEL MUNICIPIO DE COPACABANA - ANTIQUIA
E4: ANÁLISIS DE PRECIOS UNITARIOS
A7: CAPITULO: EXCAVACIONES | G7: ESPECIFICACIÓN: 2.1.1
A8: ITEM: Excavación pilotes L=4 m | G8: UNIDAD: ml
A10: I. EQUIPO
A11: Descripción | D11: Tipo | E11: Tarifa/Hora | F11: Rendimiento | G11: Valor-Unit.
A12: HERRAMIENTA MENOR (5%MO) | G12: =ROUND(H37*0.05,0) -> 2013
G13: =E13*F13 -> 0
G14: =E14*F14 -> 0
G15: Sub-Total | H15: =SUM(G12:G14) -> 2013
A16: II. MATERIALES EN OBRA
A17: Descripción | D17: Unidad | E17: Precio-Unit. | F17: Cantidad | G17: Valor-Unit.
G18: =E18*F18 -> 0
G19: =F19*E19 -> 0
G20: =F20*E20 -> 0
A21: DESPERDICIO | C21: 0.05 | G21: =SUM(G18:G20)*C21 -> 0
G24: Sub-Total | H24: =SUM(G18:G23) -> 0
A25: III. TRANSPORTES
A26: Material | D26: Unidad | E26: Precio-Unit. | F26: Cantidad | G26: Valor-Unit.
A27: TRASIEGO | D27: ML | E27: 1000 | F27: 1 | G27: =E27*F27 -> 1000
G29: Sub-Total | H29: =SUM(G27:G28) -> 1000
A30: IV. MANO DE OBRA
A31: Trabajador | C31: Jornal | D31: Prestaciones | E31: Jornal Total | F31: Rendimiento | G31: Valor-Unit.
A32: AYUDANTE | C32: =PERSONAL!$E$31 -> 48800 | D32: =PERSONAL!$F$31 -> 1.7431 | E32: =+D32*C32 -> 85063.28 | F32: 4 | G32: =ROUND(E32/F32,0) -> 21266
A33: OFICIAL | C33: =PERSONAL!$E$32 -> 87200 | D33: =PERSONAL!$F$31 -> 1.7431 | E33: =+D33*C33 -> 151998.32 | F33: =+F32*2 -> 8 | G33: =ROUND(E33/F33,0) -> 19000
G37: Sub-Total | H37: =SUM(G32:G36) -> 40266
E39: Total Costo Directo | H39: =H15+H24+H29+H37 -> 43279
A40: V. COSTOS INDIRECTOS
A41: Descripción | F41: Porcentaje | G41: Valor Total
A42: ADMINISTRACION | F42: =PRESUPUESTO!$E$222 -> 0.109 | G42: =+F42*H39 -> 4717.411
A43: UTILIDAD | F43: =PRESUPUESTO!$E$223 -> 0.05 | G43: =+F43*H39 -> 2163.95
G44: Sub-Total | H44: =SUM(G42:G43) -> 6881.361
D46: Precio unitario total aproximado al peso | H46: =ROUND((H39+H44),0) -> 50160
A48: INDICE
A50: RENOVACIÓN DEL PARQUE PRINCIPAL DEL MUNICIPIO DE COPACABANA - ANTIQUIA
E51: ANÁLISIS DE PRECIOS UNITARIOS
A54: CAPITULO: EXCAVACIONES | G54: ESPECIFICACIÓN: 2.1.2
A55: ITEM: Excavación pilotes L=2 m | G55: UNIDAD: ml
A57: I. EQUIPO
A58: Descripción | D58: Tipo | E58: Tarifa/Hora | F58: Rendimiento | G58: Valor-Unit.
A59: HERRAMIENTA MENOR (5%MO) | G59: =ROUND(H84*0.05,0) -> 1611
G60: =E60*F60 -> 0
G61: =E61*F61 -> 0
G62: Sub-Total | H62: =SUM(G59:G61) -> 1611
A63: II. MATERIALES EN OBRA
A64: Descripción | D64: Unidad | E64: Precio-Unit. | F64: Cantidad | G64: Valor-Unit.
G65: =E65*F65 -> 0
G66: =F66*E66 -> 0
G67: =F67*E67 -> 0
A68: DESPERDICIO | C68: 0.05 | G68: =SUM(G65:G67)*C68 -> 0
G71: Sub-Total | H71: =SUM(G65:G70) -> 0
A72: III. TRANSPORTES
A73: Material | D73: Unidad | E73: Precio-Unit. | F73: Cantidad | G73: Valor-Unit.
A74: TRASIEGO | D74: ML | E74: 1000 | F74: 1 | G74: =E74*F74 -> 1000
G76: Sub-Total | H76: =SUM(G74:G75) -> 1000
A77: IV. MANO DE OBRA
A78: Trabajador | C78: Jornal | D78: Prestaciones | E78: Jornal Total | F78: Rendimiento | G78: Valor-Unit.
A79: AYUDANTE | C79: =PERSONAL!$E$31 -> 48800 | D79: =PERSONAL!$F$31 -> 1.7431 | E79: =+D79*C79 -> 85063.28 | F79: 5 | G79: =ROUND(E79/F79,0) -> 17013
A80: OFICIAL | C80: =PERSONAL!$E$32 -> 87200 | D80: =PERSONAL!$F$31 -> 1.7431 | E80: =+D80*C80 -> 151998.32 | F80: =+F79*2 -> 10 | G80: =ROUND(E80/F80,0) -> 15200
G84: Sub-Total | H84: =SUM(G79:G83) -> 32213
E86: Total Costo Directo | H86: =H62+H71+H76+H84 -> 34824
A87: V. COSTOS INDIRECTOS
A88: Descripción | F88: Porcentaje | G88: Valor Total
A89: ADMINISTRACION | F89: =PRESUPUESTO!$E$222 -> 0.109 | G89: =+F89*H86 -> 3795.816
A90: UTILIDAD | F90: =PRESUPUESTO!$E$223 -> 0.05 | G90: =+F90*H86 -> 1741.2
G91: Sub-Total | H91: =SUM(G89:G90) -> 5537.016
D93: Precio unitario total aproximado al peso | H93: =ROUND((H86+H91),0) -> 40361
A95: INDICE
A97: RENOVACIÓN DEL PARQUE PRINCIPAL DEL MUNICIPIO DE COPACABANA - ANTIQUIA
E98: ANÁLISIS DE PRECIOS UNITARIOS
A101: CAPITULO: EXCAVACIONES | G101: ESPECIFICACIÓN: 2.1.3
A102: ITEM: Excavación, cargue y descargue | G102: UNIDAD: m3
A104: I. EQUIPO
A105: Descripción | D105: Tipo | E105: Tarifa/Hora | F105: Rendimiento | G105: Valor-Unit.
A106: HERRAMIENTA MENOR (5%MO) | G106: =ROUND(H133*0.05,0) -> 473
A107: RETROEXCAVADORA | D107: HR | E107: =110000*1.19 -> 130900 | F107: 6 | G107: =E107/F107 -> 21816.667
G108: =E108*F108 -> 0
G109: Sub-Total | H109: =SUM(G106:G108) -> 22289.667
A110: II. MATERIALES EN OBRA
A111: Descripción | D111: Unidad | E111: Precio-Unit. | F111: Cantidad | G111: Valor-Unit.
G112: =E112*F112 -> 0
G113: =F113*E113 -> 0
G114: =F114*E114 -> 0
A115: DESPERDICIO | C115: 0.05 | G115: =SUM(G112:G114)*C115 -> 0
G118: Sub-Total | H118: =SUM(G112:G117) -> 0
A119: III. TRANSPORTES
A120: Material | C120: Vol. Peso ó Cant. | D120: Distancia | E120: M3-Km | F120: Tarifa | G120: Valor-Unit.
A121: MATERIAL DE EXCAVACION | C121: 1.3 | F121: 35000 | G121: =+F121*C121 -> 45500
G124: Sub-Total | H124: =SUM(G121:G123) -> 45500
A126: IV. MANO DE OBRA
A127: Trabajador | C127: Jornal | D127: Prestaciones | E127: Jornal Total | F127: Rendimiento | G127: Valor-Unit.
A128: AYUDANTE | B128: 2 | C128: =PERSONAL!$E$31 -> 48800 | D128: =PERSONAL!$F$31 -> 1.7431 | E128: =+D128*C128*B128 -> 170126.56 | F128: =+F107*3 -> 18 | G128: =ROUND(E128/F128,0) -> 9451
G133: Sub-Total | H133: =SUM(G128:G132) -> 9451
E135: Total Costo Directo | H135: =H109+H118+H124+H133 -> 77240.667
A136: V. COSTOS INDIRECTOS
A137: Descripción | F137: Porcentaje | G137: Valor Total
A138: ADMINISTRACION | F138: =PRESUPUESTO!$E$222 -> 0.109 | G138: =+F138*H135 -> 8419.2327
A139: UTILIDAD | F139: =PRESUPUESTO!$E$223 -> 0.05 | G139: =+F139*H135 -> 3862.0333
G140: Sub-Total | H140: =SUM(G138:G139) -> 12281.266
...

Sheet 3. APU CONCRETOS
A1: INDICE
A3: RENOVACIÓN DEL PARQUE PRINCIPAL DEL MUNICIPIO DE COPACABANA - ANTIQUIA
E4: ANÁLISIS DE PRECIOS UNITARIOS
A7: CAPITULO: | B7: =+PRESUPUESTO!$B$40 -> CONCRETOS | G7: ESPECIFICACIÓN: | H7: 3.1.1.1
A8: ITEM: | B8: =VLOOKUP(H7,PRESUPUESTO!$A$18:$F$251,2,FALSE) -> Pilotes d=30 cm, L=4 m. | G8: UNIDAD | H8: =VLOOKUP(H7,PRESUPUESTO!$A$18:$F$251,3,FALSE) -> m3
A10: I. EQUIPO
A11: Descripción | D11: Tipo | E11: Tarifa/Hora | F11: Rendimiento | G11: Valor-Unit.
A12: HERRAMIENTA MENOR (5%MO) | G12: =ROUND(H37*0.05,0) -> 9118
A13: VIBRADOR | D13: DIA | E13: =MATERIALES!$C$9 -> 35000 | F13: 0.5 | G13: =E13*F13 -> 17500
G14: =E14*F14 -> 0
G15: Sub-Total | H15: =SUM(G12:G14) -> 26618
A16: II. MATERIALES EN OBRA
A17: Descripción | D17: Unidad | E17: Precio-Unit. | F17: Cantidad | G17: Valor-Unit.
A18: CONCRETO 21 Mpa | D18: M3 | E18: =APA!$H$176 -> 561165.64 | F18: 1 | G18: =E18*F18 -> 561165.64
G19: =F19*E19 -> 0
A20: DESPERDICIO | C20: 0.05 | G20: =SUM(G17:G19)*C20 -> 28058.282
G24: Sub-Total | H24: =SUM(G18:G23) -> 589223.93
A25: III. TRANSPORTES
A26: Material | D26: Unidad | E26: Precio-Unit. | F26: Cantidad | G26: Valor-Unit.
A27: TRASIEGO | D27: M3 | E27: 28350 | F27: 1 | G27: =E27*F27 -> 28350
G29: Sub-Total | H29: =SUM(G27:G28) -> 28350
A30: IV. MANO DE OBRA
A31: Trabajador | C31: Jornal | D31: Prestaciones | E31: Jornal Total | F31: Rendimiento | G31: Valor-Unit.
A32: AYUDANTE | B32: 1 | C32: =PERSONAL!$E$31 -> 48800 | D32: =PERSONAL!$F$31 -> 1.7431 | E32: =+D32*C32*B32 -> 85063.28 | F32: 1.3 | G32: =ROUND(E32/F32,0) -> 65433
A33: OFICIAL | B33: 1 | C33: =PERSONAL!$E$32 -> 87200 | D33: =PERSONAL!$F$31 -> 1.7431 | E33: =+D33*C33*B33 -> 151998.32 | F33: =+F32 -> 1.3 | G33: =ROUND(E33/F33,0) -> 116922
G37: Sub-Total | H37: =SUM(G32:G36) -> 182355
E39: Total Costo Directo | H39: =H15+H24+H29+H37 -> 826546.93
A40: V. COSTOS INDIRECTOS
A41: Descripción | F41: Porcentaje | G41: Valor Total
A42: ADMINISTRACION | F42: =PRESUPUESTO!$E$222 -> 0.109 | G42: =+F42*H39 -> 90093.615
A43: UTILIDAD | F43: =PRESUPUESTO!$E$223 -> 0.05 | G43: =+F43*H39 -> 41327.346
G44: Sub-Total | H44: =SUM(G42:G43) -> 131420.96
D46: Precio unitario total aproximado al peso | H46: =ROUND((H39+H44),0) -> 957968
A48: INDICE
A50: RENOVACIÓN DEL PARQUE PRINCIPAL DEL MUNICIPIO DE COPACABANA - ANTIQUIA
E51: ANÁLISIS DE PRECIOS UNITARIOS
A54: CAPITULO: | B54: =+PRESUPUESTO!$B$40 -> CONCRETOS | G54: ESPECIFICACIÓN: | H54: 3.1.1.2
A55: ITEM: | B55: =VLOOKUP(H54,PRESUPUESTO!$A$18:$F$251,2,FALSE) -> Vigas de fundación 35x35 cm. | G55: UNIDAD | H55: =VLOOKUP(H54,PRESUPUESTO!$A$18:$F$251,3,FALSE) -> m3
A57: I. EQUIPO
A58: Descripción | D58: Tipo | E58: Tarifa/Hora | F58: Rendimiento | G58: Valor-Unit.
A59: HERRAMIENTA MENOR (5%MO) | G59: =ROUND(H84*0.05,0) -> 11504
A60: VIBRADOR | D60: DIA | E60: =MATERIALES!$C$9 -> 35000 | F60: 0.5 | G60: =E60*F60 -> 17500
A61: FORMALETA SUPER T | D61: HOJA | E61: 260000 | F61: =(1/(1.83*2.44))*(0.4*2)/3*1.2 -> 0.071665323 | G61: =E61*F61 -> 18632.984
G62: Sub-Total | H62: =SUM(G59:G61) -> 47636.984
A63: II. MATERIALES EN OBRA
A64: Descripción | D64: Unidad | E64: Precio-Unit. | F64: Cantidad | G64: Valor-Unit.
A65: CONCRETO 21 Mpa | D65: M3 | E65: =APA!$H$176 -> 561165.64 | F65: 1 | G65: =E65*F65 -> 561165.64
A66: Clavo común de 1". Caja x 500gr. | D66: Libra | E66: 7600 | F66: =1/5 -> 0.2 | G66: =+E66*F66 -> 1520
A69: DESPERDICIO | C69: 0.05 | G69: =SUM(G65:G68)*C69 -> 28134.282
G71: Sub-Total | H71: =SUM(G65:G70) -> 590819.93
A72: III. TRANSPORTES
A73: Material | D73: Unidad | E73: Precio-Unit. | F73: Cantidad | G73: Valor-Unit.
A74: TRASIEGO | D74: M3 | E74: 14500 | F74: 1 | G74: =E74*F74 -> 14500
A75: TRANSPORTE EXTERNO DE INSUMOS | D75: VAIEJ | E75: 165000 | F75: =1/12 -> 0.083333333 | G75: =+E75*F75 -> 13750
G76: Sub-Total | H76: =SUM(G74:G75) -> 28250
A77: IV. MANO DE OBRA
A78: Trabajador | C78: Jornal | D78: Prestaciones | E78: Jornal Total | F78: Rendimiento | G78: Valor-Unit.
A79: AYUDANTE | B79: 2 | C79: =PERSONAL!$E$31 -> 48800 | D79: =PERSONAL!$F$31 -> 1.7431 | E79: =+D79*C79*B79 -> 170126.56 | F79: 1.4 | G79: =ROUND(E79/F79,0) -> 121519
A80: OFICIAL | B80: 1 | C80: =PERSONAL!$E$32 -> 87200 | D80: =PERSONAL!$F$31 -> 1.7431 | E80: =+D80*C80*B80 -> 151998.32 | F80: =+F79 -> 1.4 | G80: =ROUND(E80/F80,0) -> 108570
G84: Sub-Total | H84: =SUM(G79:G83) -> 230089 | I84: =+H84/H86 -> 0.25656785
E86: Total Costo Directo | H86: =H62+H71+H76+H84 -> 896795.91
A87: V. COSTOS INDIRECTOS
A88: Descripción | F88: Porcentaje | G88: Valor Total
A89: ADMINISTRACION | F89: =PRESUPUESTO!$E$222 -> 0.109 | G89: =+F89*H86 -> 97750.754
A90: UTILIDAD | F90: =PRESUPUESTO!$E$223 -> 0.05 | G90: =+F90*H86 -> 44839.795
G91: Sub-Total | H91: =SUM(G89:G90) -> 142590.55
D93: Precio unitario total aproximado al peso | H93: =ROUND((H86+H91),0) -> 1039386
A95: INDICE
A97: RENOVACIÓN DEL PARQUE PRINCIPAL DEL MUNICIPIO DE COPACABANA - ANTIQUIA
E98: ANÁLISIS DE PRECIOS UNITARIOS
A101: CAPITULO: | B101: =+PRESUPUESTO!$B$40 -> CONCRETOS | G101: ESPECIFICACIÓN: | H101: 3.1.1.3
A102: ITEM: | B102: =VLOOKUP(H101,PRESUPUESTO!$A$18:$F$251,2,FALSE) -> Vigas dintel 12x20 cm. | G102: UNIDAD | H102: =VLOOKUP(H101,PRESUPUESTO!$A$18:$F$251,3,FALSE) -> ml
A104: I. EQUIPO
A105: Descripción | D105: Tipo | E105: Tarifa/Hora | F105: Rendimiento | G105: Valor-Unit.
A106: HERRAMIENTA MENOR (5%MO) | G106: =ROUND(H131*0.05,0) -> 1611
A107: VIBRADOR | D107: DIA | E107: =MATERIALES!$C$9 -> 35000 | F107: 0.5 | G107: =E107*F107 -> 17500
G108: =E108*F108 -> 0
G109: Sub-Total | H109: =SUM(G106:G108) -> 19111
A110: II. MATERIALES EN OBRA
A111: Descripción | D111: Unidad | E111: Precio-Unit. | F111: Cantidad | G111: Valor-Unit.
A112: CONCRETO 21 Mpa | D112: M3/ML | E112: =APA!$H$176 -> 561165.64 | F112: =0.12*0.2 -> 0.024 | G112: =E112*F112 -> 13467.975
A113: FORMALETA | D113: ML | E113: 35000 | F113: =1/3 -> 0.33333333 | G113: =F113*E113 -> 11666.667
A114: DESPERDICIO | C114: 0.05 | G114: =SUM(G111:G113)*C114 -> 1256.7321
G118: Sub-Total | H118: =SUM(G112:G117) -> 26391.374
A119: III. TRANSPORTES
A120: Material | D120: Unidad | E120: Precio-Unit. | F120: Cantidad | G120: Valor-Unit.
A121: TRASIEGO | D121: ML | E121: 4000 | F121: 1 | G121: =E121*F121 -> 4000
G123: Sub-Total | H123: =SUM(G121:G122) -> 4000
A124: IV. MANO DE OBRA
A125: Trabajador | C125: Jornal | D125: Prestaciones | E125: Jornal Total | F125: Rendimiento | G125: Valor-Unit.
A126: AYUDANTE | B126: 2 | C126: =PERSONAL!$E$31 -> 48800 | D126: =PERSONAL!$F$31 -> 1.7431 | E126: =+D126*C126*B126 -> 170126.56 | F126: 10 | G126: =ROUND(E126/F126,0) -> 17013
A127: OFICIAL | B127: 1 | C127: =PERSONAL!$E$32 -> 87200 | D127: =PERSONAL!$F$31 -> 1.7431 | E127: =+D127*C127*B127 -> 151998.32 | F127: =+F126 -> 10 | G127: =ROUND(E127/F127,0) -> 15200
G131: Sub-Total | H131: =SUM(G126:G130) -> 32213
E133: Total Costo Directo | H133: =H109+H118+H123+H131 -> 81715.374
A134: V. COSTOS INDIRECTOS
A135: Descripción | F135: Porcentaje | G135: Valor Total
A136: ADMINISTRACION | F136: =PRESUPUESTO!$E$222 -> 0.109 | G136: =+F136*H133 -> 8906.9758
A137: UTILIDAD | F137: =PRESUPUESTO!$E$223 -> 0.05 | G137: =+F137*H133 -> 4085.7687
G138: Sub-Total | H138: =SUM(G136:G137) -> 12992.744
D140: Precio unitario total aproximado al peso | H140: =ROUND((H133+H138),0) -> 94708
...

Sheet 4. APU ACEROS
A1: INDICE
A3: RENOVACIÓN DEL PARQUE PRINCIPAL DEL MUNICIPIO DE COPACABANA - ANTIQUIA
E4: ANÁLISIS DE PRECIOS UNITARIOS
A7: CAPITULO: | B7: =+PRESUPUESTO!$B$56 -> ACEROS | G7: ESPECIFICACIÓN: | H7: =+PRESUPUESTO!$A$58 -> 4.1.1
A8: ITEM: | B8: =VLOOKUP(H7,PRESUPUESTO!$A$18:$F$251,2,FALSE) -> Suministro, transporte e instalación de acero de refuerzo figurado FY= 420 Mpa-60000 PSI, corrugado. Incluye transporte con descarga, transporte interno, alambre de amarre, certificados y todos los elementos necesarios para su correcta instalación, según diseño y recomendaciones estructurales. | G8: UNIDAD | H8: =VLOOKUP(H7,PRESUPUESTO!$A$18:$F$251,3,FALSE) -> kg
A10: I. EQUIPO
A11: Descripción | D11: Tipo | E11: Tarifa/Hora | F11: Rendimiento | G11: Valor-Unit.
A12: HERRAMIENTA MENOR (5%MO) | G12: =ROUND(H37*0.05,0) -> 79
A13: CIZALLA | D13: DIA | E13: =MATERIALES!$C$7 -> 12500 | F13: =1/F32/3 -> 0.0022222222 | G13: =E13*F13 -> 27.777778
A14: PULIDORA | D14: DIA | E14: =MATERIALES!$C$8 -> 32500 | F14: =1/F32/3 -> 0.0022222222 | G14: =E14*F14 -> 72.222222
G15: Sub-Total | H15: =SUM(G12:G14) -> 179
A16: II. MATERIALES EN OBRA
A17: Descripción | D17: Unidad | E17: Precio-Unit. | F17: Cantidad | G17: Valor-Unit.
A18: ACERO DE REFUERZO FY=420 Mpa | D18: KG | E18: =MATERIALES!$C$17 -> 5474 | F18: 1 | G18: =E18*F18 -> 5474
A19: ALAMBRE QUEMADO | D19: KG | E19: =MATERIALES!$C$18 -> 6307 | F19: =F18*0.03 -> 0.03 | G19: =F19*E19 -> 189.21
A20: DESPERDICIO | C20: 0.05 | G20: =SUM(G17:G19)*C20 -> 283.1605
G24: Sub-Total | H24: =SUM(G18:G23) -> 5946.3705
A25: III. TRANSPORTES
A26: Material | D26: Unidad | E26: Precio-Unit. | F26: Cantidad | G26: Valor-Unit.
A27: TRASIEGO | D27: KG | E27: 100 | F27: 1 | G27: =E27*F27 -> 100
G29: Sub-Total | H29: =SUM(G27:G28) -> 100
A30: IV. MANO DE OBRA
A31: Trabajador | C31: Jornal | D31: Prestaciones | E31: Jornal Total | F31: Rendimiento | G31: Valor-Unit.
A32: AYUDANTE | C32: =PERSONAL!$E$31 -> 48800 | D32: =PERSONAL!$F$31 -> 1.7431 | E32: =+D32*C32 -> 85063.28 | F32: 150 | G32: =ROUND(E32/F32,0) -> 567
A33: OFICIAL | C33: =PERSONAL!$E$32 -> 87200 | D33: =PERSONAL!$F$31 -> 1.7431 | E33: =+D33*C33 -> 151998.32 | F33: =+F32 -> 150 | G33: =ROUND(E33/F33,0) -> 1013
G37: Sub-Total | H37: =SUM(G32:G36) -> 1580
E39: Total Costo Directo | H39: =H15+H24+H29+H37 -> 7805.3705
A40: V. COSTOS INDIRECTOS
A41: Descripción | F41: Porcentaje | G41: Valor Total
A42: ADMINISTRACION | F42: =PRESUPUESTO!$E$222 -> 0.109 | G42: =+F42*H39 -> 850.78538
A43: UTILIDAD | F43: =PRESUPUESTO!$E$223 -> 0.05 | G43: =+F43*H39 -> 390.26853
G44: Sub-Total | H44: =SUM(G42:G43) -> 1241.0539
D46: Precio unitario total aproximado al peso | H46: =ROUND((H39+H44),0) -> 9046
A48: INDICE
A50: RENOVACIÓN DEL PARQUE PRINCIPAL DEL MUNICIPIO DE COPACABANA - ANTIQUIA
E51: ANÁLISIS DE PRECIOS UNITARIOS
A54: CAPITULO: | B54: =+PRESUPUESTO!$B$56 -> ACEROS | G54: ESPECIFICACIÓN: | H54: =+PRESUPUESTO!$A$59 -> 4.1.2
A55: ITEM: | B55: =VLOOKUP(H54,PRESUPUESTO!$A$18:$F$251,2,FALSE) -> Suministro, transporte e instalación de pasadores en acero liso de 1 1/4" separados 30 cm, L=45 cm FY=280 Mpa | G55: UNIDAD | H55: =VLOOKUP(H54,PRESUPUESTO!$A$18:$F$251,3,FALSE) -> un
A57: I. EQUIPO
A58: Descripción | D58: Tipo | E58: Tarifa/Hora | F58: Rendimiento | G58: Valor-Unit.
A59: HERRAMIENTA MENOR (5%MO) | G59: =ROUND(H84*0.05,0) -> 593
A60: CIZALLA | D60: DIA | E60: =MATERIALES!$C$7 -> 12500 | F60: =1/120 -> 0.0083333333 | G60: =E60*F60 -> 104.16667
G62: Sub-Total | H62: =SUM(G59:G61) -> 697.16667
A63: II. MATERIALES EN OBRA
A64: Descripción | D64: Unidad | E64: Precio-Unit. | F64: Cantidad | G64: Valor-Unit.
A65: VARILLA LISA | D65: KG | E65: =MATERIALES!$C$17 -> 5474 | F65: =6.225*0.45 -> 2.80125 | G65: =E65*F65 -> 15334.042
A66: GRASA | D66: KG | E66: 1500 | F66: 1 | G66: =E66*F66 -> 1500
A67: DESPERDICIO | C67: 0.05 | G67: =SUM(G64:G66)*C67 -> 841.70213
G71: Sub-Total | H71: =SUM(G65:G70) -> 17675.745
A72: III. TRANSPORTES
A73: Material | D73: Unidad | E73: Precio-Unit. | F73: Cantidad | G73: Valor-Unit.
A74: TRASIEGO | D74: UN | E74: 1000 | F74: 1 | G74: =E74*F74 -> 1000
G76: Sub-Total | H76: =SUM(G74:G75) -> 1000
A77: IV. MANO DE OBRA
A78: Trabajador | C78: Jornal | D78: Prestaciones | E78: Jornal Total | F78: Rendimiento | G78: Valor-Unit.
A79: AYUDANTE | C79: =PERSONAL!$E$31 -> 48800 | D79: =PERSONAL!$F$31 -> 1.7431 | E79: =+D79*C79 -> 85063.28 | F79: 20 | G79: =ROUND(E79/F79,0) -> 4253
A80: OFICIAL | C80: =PERSONAL!$E$32 -> 87200 | D80: =PERSONAL!$F$31 -> 1.7431 | E80: =+D80*C80 -> 151998.32 | F80: 20 | G80: =ROUND(E80/F80,0) -> 7600
G84: Sub-Total | H84: =SUM(G79:G83) -> 11853
E86: Total Costo Directo | H86: =H62+H71+H76+H84 -> 31225.911
A87: V. COSTOS INDIRECTOS
A88: Descripción | F88: Porcentaje | G88: Valor Total
A89: ADMINISTRACION | F89: =PRESUPUESTO!$E$222 -> 0.109 | G89: =+F89*H86 -> 3403.6243
A90: UTILIDAD | F90: =PRESUPUESTO!$E$223 -> 0.05 | G90: =+F90*H86 -> 1561.2956
G91: Sub-Total | H91: =SUM(G89:G90) -> 4964.9199
D93: Precio unitario total aproximado al peso | H93: =ROUND((H86+H91),0) -> 36191
A95: INDICE
A97: RENOVACIÓN DEL PARQUE PRINCIPAL DEL MUNICIPIO DE COPACABANA - ANTIQUIA
E98: ANÁLISIS DE PRECIOS UNITARIOS
A101: CAPITULO: | B101: =+PRESUPUESTO!$B$56 -> ACEROS | G101: ESPECIFICACIÓN: | H101: =+PRESUPUESTO!A60 -> 4.1.3
A102: ITEM: | B102: =VLOOKUP(H101,PRESUPUESTO!$A$18:$F$251,2,FALSE) -> Suministro, transporte e instalación de anclajes en acero corrugado de 3/8" separados 80 cm, L=65 cm FY=280 Mpa | G102: UNIDAD | H102: =VLOOKUP(H101,PRESUPUESTO!$A$18:$F$251,3,FALSE) -> un
A104: I. EQUIPO
A105: Descripción | D105: Tipo | E105: Tarifa/Hora | F105: Rendimiento | G105: Valor-Unit.
A106: HERRAMIENTA MENOR (5%MO) | G106: =ROUND(H131*0.05,0) -> 988
A107: CIZALLA | D107: DIA | E107: =MATERIALES!$C$7 -> 12500 | F107: =1/130 -> 0.0076923077 | G107: =E107*F107 -> 96.153846
G109: Sub-Total | H109: =SUM(G106:G108) -> 1084.1538
A110: II. MATERIALES EN OBRA
A111: Descripción | D111: Unidad | E111: Precio-Unit. | F111: Cantidad | G111: Valor-Unit.
A112: VARILLA 3/8" | D112: UN | E112: 2533 | F112: 0.65 | G112: =E112*F112 -> 1646.45
A113: ALAMBRE QUEMADO | D113: KG | E113: 6307 | G113: =E113*F113 -> 0
A114: DESPERDICIO | C114: 0.05 | G114: =SUM(G111:G113)*C114 -> 82.3225
G118: Sub-Total | H118: =SUM(G112:G117) -> 1728.7725
A119: III. TRANSPORTES
A120: Material | D120: Unidad | E120: Precio-Unit. | F120: Cantidad | G120: Valor-Unit.
A121: TRASIEGO | D121: UN | E121: 500 | F121: 1 | G121: =E121*F121 -> 500
G123: Sub-Total | H123: =SUM(G121:G122) -> 500
A124: IV. MANO DE OBRA
A125: Trabajador | C125: Jornal | D125: Prestaciones | E125: Jornal Total | F125: Rendimiento | G125: Valor-Unit.
A126: AYUDANTE | C126: =PERSONAL!$E$31 -> 48800 | D126: =PERSONAL!$F$31 -> 1.7431 | E126: =+D126*C126 -> 85063.28 | F126: 12 | G126: =ROUND(E126/F126,0) -> 7089
A127: OFICIAL | C127: =PERSONAL!$E$32 -> 87200 | D127: =PERSONAL!$F$31 -> 1.7431 | E127: =+D127*C127 -> 151998.32 | F127: 12 | G127: =ROUND(E127/F127,0) -> 12667
G131: Sub-Total | H131: =SUM(G126:G130) -> 19756
E133: Total Costo Directo | H133: =H109+H118+H123+H131 -> 23068.926
A134: V. COSTOS INDIRECTOS
A135: Descripción | F135: Porcentaje | G135: Valor Total
A136: ADMINISTRACION | F136: =PRESUPUESTO!$E$222 -> 0.109 | G136: =+F136*H133 -> 2514.513
A137: UTILIDAD | F137: =PRESUPUESTO!$E$223 -> 0.05 | G137: =+F137*H133 -> 1153.4463
G138: Sub-Total | H138: =SUM(G136:G137) -> 3667.9593
D140: Precio unitario total aproximado al peso | H140: =ROUND((H133+H138),0) -> 26737
A142: RENOVACIÓN DEL PARQUE PRINCIPAL DEL MUNICIPIO DE COPACABANA - ANTIQUIA
E143: ANÁLISIS DE PRECIOS UNITARIOS
A146: CAPITULO: | B146: =+PRESUPUESTO!$B$56 -> ACEROS | G146: ESPECIFICACIÓN: | H146: =+PRESUPUESTO!$A$61 -> 4.1.4
...

Sheet 5. APU MAMPOSTERIA
A1: INDICE
A3: RENOVACIÓN DEL PARQUE PRINCIPAL DEL MUNICIPIO DE COPACABANA - ANTIQUIA
E4: ANÁLISIS DE PRECIOS UNITARIOS
A7: CAPITULO: | B7: =+PRESUPUESTO!$B$64 -> MAMPOSTERIA | G7: ESPECIFICACIÓN: | H7: 5.1.1
A8: ITEM: | B8: =VLOOKUP(H7,PRESUPUESTO!$A$18:$F$251,2,FALSE) -> Suministro e instalación de muro en ladrillo portante 306x12 capuchino PH S2 para locales, para revocar una cara. Incluye el mortero de pega 1:4 espesor max=0.01 m y todos los demás elementos necesarios para su correcta construcción y funcionamiento. | G8: UNIDAD | H8: =VLOOKUP(H7,PRESUPUESTO!$A$18:$F$251,3,FALSE) -> m2
A10: I. EQUIPO
A11: Descripción | D11: Tipo | E11: Tarifa/Hora | F11: Rendimiento | G11: Valor-Unit.
A12: HERRAMIENTA MENOR (5%MO) | G12: =ROUND(H37*0.05,0) -> 2371
A13: ANDAMIOS | D13: DIA | E13: 16707 | F13: 0.2 | G13: =E13*F13 -> 3341.4
A14: CORTADORA | D14: DIA | E14: =41000*1.19 -> 48790 | F14: 0.2 | G14: =E14*F14 -> 9758
G15: Sub-Total | H15: =SUM(G12:G14) -> 15470.4
A16: II. MATERIALES EN OBRA
A17: Descripción | D17: Unidad | E17: Precio-Unit. | F17: Cantidad | G17: Valor-Unit.
A18: LADRILLO PORTANTE 306X12, Incluye transp | D18: UN/M2 | E18: 3250 | F18: 48 | G18: =ROUND(F18*E18,0) -> 156000
A19: MORTERO PEGA | D19: M3/M2 | E19: =APA!$H$38 -> 515738.39 | F19: =((1/0.06)*0.12*1+(1/0.29)*0.12)*0.015 -> 0.036206897 | G19: =ROUND(F19*E19,0) -> 18673
A20: MATERIAL DE CONSUMO | D20: UN | E20: 5000 | F20: 1 | G20: =ROUND(F20*E20,0) -> 5000
A21: DESPERDICIO | C21: 0.05 | G21: =SUM(G18:G20)*C21 -> 8983.65
G24: Sub-Total | H24: =SUM(G18:G23) -> 188656.65
A25: III. TRANSPORTES
A26: Material | D26: Unidad | E26: Precio-Unit. | F26: Cantidad | G26: Valor-Unit.
A27: TRANSPORTE EXTERNO DE INSUMOS | D27: VAIEJ | E27: 165000 | F27: =(1/2500)*2.7*F18 -> 0.05184 | G27: =+E27*F27 -> 8553.6
A28: TRASIEGO | D28: UN/M2 | E28: 80 | F28: =+F18 -> 48 | G28: =+F28*E28 -> 3840
G29: Sub-Total | H29: =SUM(G27:G28) -> 12393.6
A30: IV. MANO DE OBRA
A31: Trabajador | C31: Jornal | D31: Prestaciones | E31: Jornal Total | F31: Rendimiento | G31: Valor-Unit.
A32: AYUDANTE | C32: =PERSONAL!$E$31 -> 48800 | D32: =PERSONAL!$F$31 -> 1.7431 | E32: =+D32*C32 -> 85063.28 | F32: 5 | G32: =ROUND(E32/F32,0) -> 17013
A33: OFICIAL | C33: =PERSONAL!$E$32 -> 87200 | D33: =PERSONAL!$F$31 -> 1.7431 | E33: =+D33*C33 -> 151998.32 | F33: 5 | G33: =ROUND(E33/F33,0) -> 30400
G37: Sub-Total | H37: =SUM(G32:G36) -> 47413
E39: Total Costo Directo | H39: =H15+H24+H29+H37 -> 263933.65
A40: V. COSTOS INDIRECTOS
A41: Descripción | F41: Porcentaje | G41: Valor Total
A42: ADMINISTRACION | F42: =PRESUPUESTO!$E$222 -> 0.109 | G42: =+F42*H39 -> 28768.768
A43: UTILIDAD | F43: =PRESUPUESTO!$E$223 -> 0.05 | G43: =+F43*H39 -> 13196.683
G44: Sub-Total | H44: =SUM(G42:G43) -> 41965.45
D46: Precio unitario total aproximado al peso | H46: =ROUND((H39+H44),0) -> 305899
A48: INDICE
A50: RENOVACIÓN DEL PARQUE PRINCIPAL DEL MUNICIPIO DE COPACABANA - ANTIQUIA
E51: ANÁLISIS DE PRECIOS UNITARIOS
A54: CAPITULO: | B54: =+PRESUPUESTO!$B$64 -> MAMPOSTERIA | G54: ESPECIFICACIÓN: | H54: 5.1.2
A55: ITEM: | B55: =VLOOKUP(H54,PRESUPUESTO!$A$18:$F$251,2,FALSE) -> Suministro e instalación muro adobe de 10 de 6 huecos para locales. Incluye el mortero de pega 1:4 espesor max=0.01 m y todos los demás elementos necesarios para su correcta construcción y funcionamiento. | G55: UNIDAD | H55: =VLOOKUP(H54,PRESUPUESTO!$A$18:$F$251,3,FALSE) -> m2
A57: I. EQUIPO
A58: Descripción | D58: Tipo | E58: Tarifa/Hora | F58: Rendimiento | G58: Valor-Unit.
A59: HERRAMIENTA MENOR (5%MO) | G59: =ROUND(H84*0.05,0) -> 1580
A60: ANDAMIOS | D60: DIA | E60: =+E13 -> 16707 | F60: 0.2 | G60: =E60*F60 -> 3341.4
A61: CORTADORA | D61: DIA | E61: =+E14 -> 48790 | F61: 0.2 | G61: =E61*F61 -> 9758
G62: Sub-Total | H62: =SUM(G59:G61) -> 14679.4
A63: II. MATERIALES EN OBRA
A64: Descripción | D64: Unidad | E64: Precio-Unit. | F64: Cantidad | G64: Valor-Unit.
A65: ADOBE 10x20x30 cm, Incluye transp | D65: UN/M2 | E65: =1500*1.2 -> 1800 | F65: 12.5 | G65: =ROUND(F65*E65,0) -> 22500
A66: MORTERO PEGA | D66: M3/M2 | E66: =APA!$H$38 -> 515738.39 | F66: =((1/0.2)*0.12*1+(1/0.3)*0.12)*0.015 -> 0.015 | G66: =ROUND(F66*E66,0) -> 7736
A67: MATERIAL DE CONSUMO | D67: UN | E67: 1200 | F67: 1 | G67: 500
A68: DESPERDICIO | C68: 0.05 | G68: =SUM(G65:G67)*C68 -> 1536.8
G71: Sub-Total | H71: =SUM(G65:G70) -> 32272.8
A72: III. TRANSPORTES
A73: Material | D73: Unidad | E73: Precio-Unit. | F73: Cantidad | G73: Valor-Unit.
A74: TRANSPORTE EXTERNO DE INSUMOS | D74: VAIEJ | E74: 165000 | F74: =(1/2000)*5*F65 -> 0.03125 | G74: =+E74*F74 -> 5156.25
A75: TRASIEGO | D75: UN/M2 | E75: 150 | F75: =+F65 -> 12.5 | G75: =+F75*E75 -> 1875
G76: Sub-Total | H76: =SUM(G74:G75) -> 7031.25
A77: IV. MANO DE OBRA
A78: Trabajador | C78: Jornal | D78: Prestaciones | E78: Jornal Total | F78: Rendimiento | G78: Valor-Unit.
A79: AYUDANTE | C79: =PERSONAL!$E$31 -> 48800 | D79: =PERSONAL!$F$31 -> 1.7431 | E79: =+D79*C79 -> 85063.28 | F79: 7.5 | G79: =ROUND(E79/F79,0) -> 11342
A80: OFICIAL | C80: =PERSONAL!$E$32 -> 87200 | D80: =PERSONAL!$F$31 -> 1.7431 | E80: =+D80*C80 -> 151998.32 | F80: =+F79 -> 7.5 | G80: =ROUND(E80/F80,0) -> 20266
G84: Sub-Total | H84: =SUM(G79:G83) -> 31608
E86: Total Costo Directo | H86: =H62+H71+H76+H84 -> 85591.45
A87: V. COSTOS INDIRECTOS
A88: Descripción | F88: Porcentaje | G88: Valor Total
A89: ADMINISTRACION | F89: =PRESUPUESTO!$E$222 -> 0.109 | G89: =+F89*H86 -> 9329.468
A90: UTILIDAD | F90: =PRESUPUESTO!$E$223 -> 0.05 | G90: =+F90*H86 -> 4279.5725
G91: Sub-Total | H91: =SUM(G89:G90) -> 13609.041
D93: Precio unitario total aproximado al peso | H93: =ROUND((H86+H91),0) -> 99200

Sheet 6. APU ELECTRICOS
A1: INDICE
A3: RENOVACIÓN DEL PARQUE PRINCIPAL DEL MUNICIPIO DE COPACABANA - ANTIQUIA
E4: ANÁLISIS DE PRECIOS UNITARIOS
A7: CAPITULO: | B7: =+PRESUPUESTO!$B$70 -> INSTALACIONES ELÉCTRICAS | G7: ESPECIFICACIÓN: | H7: 6.1.1
A8: ITEM: | B8: =VLOOKUP(H7,PRESUPUESTO!$A$18:$F$251,2,FALSE) -> Suministro, transporte e instalación de cable concentrico antifraude 2No8+1No8 AWG-XLPE, canalizado con sus accesorios de montaje, y demás elementos necesarios para su correcta instalación. | G8: UNIDAD | H8: =VLOOKUP(H7,PRESUPUESTO!$A$18:$F$251,3,FALSE) -> ml
A10: I. EQUIPO
A11: Descripción | D11: Tipo | E11: Tarifa/Hora | F11: Rendimiento | G11: Valor-Unit.
A12: HERRAMIENTA MENOR | D12: UN | E12: 1000 | F12: 1 | G12: =E12*F12 -> 1000
A13: ANDAMIOS | D13: DIA | E13: =MATERIALES!$C$4 -> 14500 | F13: =2/F32 -> 0.16666667 | G13: =E13*F13 -> 2416.6667
G14: =E14*F14 -> 0
G15: Sub-Total | H15: =SUM(G12:G14) -> 3416.6667
A16: II. MATERIALES EN OBRA
A17: Descripción | D17: Unidad | E17: Precio-Unit. | F17: Cantidad | G17: Valor-Unit.
A18: CABLE CONCENTRICO ANTIFRAUDE 2NO8+1NO8 AWG-XLP | D18: ML | E18: =28121*1.19 -> 33463.99 | F18: 1.05 | G18: =E18*F18 -> 35137.19
G19: =F19*E19 -> 0
G20: =SUM(G17:G19)*C20 -> 0
G24: Sub-Total | H24: =SUM(G18:G23) -> 35137.19
A25: III. TRANSPORTES
A26: Material | D26: Unidad | E26: Precio-Unit. | F26: Cantidad | G26: Valor-Unit.
A27: TRASIEGO | D27: ML | E27: 4200 | F27: 1 | G27: =E27*F27 -> 4200
G29: Sub-Total | H29: =SUM(G27:G28) -> 4200
A30: IV. MANO DE OBRA
A31: Trabajador | C31: Jornal | D31: Prestaciones | E31: Jornal Total | F31: Rendimiento | G31: Valor-Unit.
A32: OFICIAL | C32: =PERSONAL!$E$32 -> 87200 | D32: =PERSONAL!$F$31 -> 1.7431 | E32: =+D32*C32 -> 151998.32 | F32: 12 | G32: =ROUND(E32/F32,0) -> 12667
G37: Sub-Total | H37: =SUM(G32:G36) -> 12667
E39: Total Costo Directo | H39: =H15+H24+H29+H37 -> 55420.856
A40: V. COSTOS INDIRECTOS
A41: Descripción | F41: Porcentaje | G41: Valor Total
A42: ADMINISTRACION | F42: =PRESUPUESTO!$E$222 -> 0.109 | G42: =+F42*H39 -> 6040.8733
A43: IMPREVISTOS | F43: =PRESUPUESTO!$E$223 -> 0.05 | G43: =+F43*H39 -> 2771.0428
A44: UTILIDAD | F44: 0 | G44: =+F44*H39 -> 0
G45: Sub-Total | H45: =SUM(G42:G44) -> 8811.9161
D47: Precio unitario total aproximado al peso | H47: =ROUND((H39+H45),0) -> 64233
A49: INDICE
A51: RENOVACIÓN DEL PARQUE PRINCIPAL DEL MUNICIPIO DE COPACABANA - ANTIQUIA
E52: ANÁLISIS DE PRECIOS UNITARIOS
A55: CAPITULO: | B55: =+PRESUPUESTO!$B$70 -> INSTALACIONES ELÉCTRICAS | G55: ESPECIFICACIÓN: | H55: 6.1.2
A56: ITEM: | B56: =VLOOKUP(H55,PRESUPUESTO!$A$18:$F$251,2,FALSE) -> Suministro, Transporte e Instalación de Bajante metálico galvanizado pesado IMC de 1-1/2". | G56: UNIDAD | H56: =VLOOKUP(H55,PRESUPUESTO!$A$18:$F$251,3,FALSE) -> ml
A58: I. EQUIPO
A59: Descripción | D59: Tipo | E59: Tarifa/Hora | F59: Rendimiento | G59: Valor-Unit.
A60: HERRAMIENTA MENOR | D60: UN | E60: 1000 | F60: 1 | G60: =E60*F60 -> 1000
A61: ANDAMIOS | D61: DIA | E61: =MATERIALES!$C$4 -> 14500 | F61: =2/F80 -> 0.15384615 | G61: =E61*F61 -> 2230.7692
G62: =E62*F62 -> 0
G63: Sub-Total | H63: =SUM(G60:G62) -> 3230.7692
A64: II. MATERIALES EN OBRA
A65: Descripción | D65: Unidad | E65: Precio-Unit. | F65: Cantidad | G65: Valor-Unit.
A66: TUBO GALVANIZADO DE 1-1/2" | D66: ML | E66: 50000 | F66: 1.05 | G66: =E66*F66 -> 52500
A67: CAPACETE 1-1/2" | D67: UN | E67: =6950*1.15 -> 7992.5 | F67: 1 | G67: =E67*F67 -> 7992.5
A68: CINTA BANDIT DE 1/2" | D68: UN | E68: 39900 | F68: =1/30 -> 0.033333333 | G68: =E68*F68 -> 1330
A69: HEBILLAS PARA CINTA BANDIT DE 1/2" | D69: UN | E69: =1.15*500 -> 575 | F69: 0.2 | G69: =E69*F69 -> 115
G72: Sub-Total | H72: =SUM(G66:G71) -> 61937.5
A73: III. TRANSPORTES
A74: Material | D74: Unidad | E74: Precio-Unit. | F74: Cantidad | G74: Valor-Unit.
A75: TRASIEGO | D75: ML | E75: 3500 | F75: 1 | G75: =E75*F75 -> 3500
G77: Sub-Total | H77: =SUM(G75:G76) -> 3500
A78: IV. MANO DE OBRA
A79: Trabajador | C79: Jornal | D79: Prestaciones | E79: Jornal Total | F79: Rendimiento | G79: Valor-Unit.
A80: OFICIAL | C80: =PERSONAL!$E$32 -> 87200 | D80: =PERSONAL!$F$31 -> 1.7431 | E80: =+D80*C80 -> 151998.32 | F80: 13 | G80: =ROUND(E80/F80,0) -> 11692
G85: Sub-Total | H85: =SUM(G80:G84) -> 11692
E87: Total Costo Directo | H87: =H63+H72+H77+H85 -> 80360.269
A88: V. COSTOS INDIRECTOS
A89: Descripción | F89: Porcentaje | G89: Valor Total
A90: ADMINISTRACION | F90: =PRESUPUESTO!$E$222 -> 0.109 | G90: =+F90*H87 -> 8759.2693
A91: IMPREVISTOS | F91: =PRESUPUESTO!$E$223 -> 0.05 | G91: =+F91*H87 -> 4018.0135
A92: UTILIDAD | F92: 0 | G92: =+F92*H87 -> 0
G93: Sub-Total | H93: =SUM(G90:G92) -> 12777.283
D95: Precio unitario total aproximado al peso | H95: =ROUND((H87+H93),0) -> 93138
A97: INDICE
A99: RENOVACIÓN DEL PARQUE PRINCIPAL DEL MUNICIPIO DE COPACABANA - ANTIQUIA
E100: ANÁLISIS DE PRECIOS UNITARIOS
A103: CAPITULO: | B103: =+PRESUPUESTO!$B$70 -> INSTALACIONES ELÉCTRICAS | G103: ESPECIFICACIÓN: | H103: 6.1.3
A104: ITEM: | B104: =VLOOKUP(H103,PRESUPUESTO!$A$18:$F$251,2,FALSE) -> Suministro, transporte e instalación de tablero de medida y protección tipo intemperie Alumbrado Publico ubicado en poste Grado IP-55, incluye protección principal de 2x40A, MEDIDOR DE ENERGÍA 1F, 3H, 5(60)A, 240/120V, ENERGIA ACTIVA , y demás accesorios para su funcionamiento. | G104: UNIDAD | H104: =VLOOKUP(H103,PRESUPUESTO!$A$18:$F$251,3,FALSE) -> un
A106: I. EQUIPO
A107: Descripción | D107: Tipo | E107: Tarifa/Hora | F107: Rendimiento | G107: Valor-Unit.
A108: HERRAMIENTA MENOR | D108: UN | E108: =+H134 -> 182212 | F108: 0.05 | G108: =E108*F108 -> 9110.6
A109: TALADRO ROTOPERCUTOR | D109: ELECTRICO | E109: =20570*1.19 -> 24478.3 | F109: =+F129*2 -> 3 | G109: =+E109/F109 -> 8159.4333
G110: =E110*F110 -> 0
G111: Sub-Total | H111: =SUM(G108:G110) -> 17270.033 | J111: ESTAS LISTAS DE PRECIOS NO INCLUYEN IVA
A112: II. MATERIALES EN OBRA
A113: Descripción | D113: Unidad | E113: Precio-Unit. | F113: Cantidad | G113: Valor-Unit.
A114: MEDIDOR DE ENERGÍA 1F, 3H, 5(60)A, 240/120V, ENERGIA ACTIVA | D114: UN | E114: =105000*1.19 -> 124950 | F114: 1 | G114: =E114*F114 -> 124950
A115: PROTECCION 2X40A | D115: UN | E115: =311200*1.19 -> 370328 | F115: 1 | G115: =E115*F115 -> 370328
A116: TABLERO DE MEDIA Y PROTECCIÓN TIPO INTEMPERIE ALUMBRADO PÚBLICO | D116: UN | E116: 473000 | F116: 1 | G116: =E116*F116 -> 473000
G120: Sub-Total | H120: =SUM(G114:G119) -> 968278
A121: III. TRANSPORTES
A122: Material | D122: Unidad | E122: Precio-Unit. | F122: Cantidad | G122: Valor-Unit.
A123: TRANSPORTE EXTERNO DE INSUMOS | D123: VIAJE | E123: 165000 | F123: =1/20 -> 0.05 | G123: =E123*F123 -> 8250
A124: TRASIEGO | D124: UND | E124: 21500 | F124: =1/4 -> 0.25 | G124: =E124*F124 -> 5375
G126: Sub-Total | H126: =SUM(G123:G125) -> 13625
A127: IV. MANO DE OBRA
A128: Trabajador | C128: Jornal | D128: Prestaciones | E128: Jornal Total | F128: Rendimiento | G128: Valor-Unit.
A129: OFICIAL ELECTRICO | C129: =+PERSONAL!E34 -> 100000 | D129: =PERSONAL!$F$31 -> 1.7431 | E129: =+D129*C129 -> 174310 | F129: 1.5 | G129: =ROUND(E129/F129,0) -> 116207
A130: AYUDANTE ELECTRICO | C130: =+PERSONAL!E33 -> 56800 | D130: =PERSONAL!$F$31 -> 1.7431 | E130: =+D130*C130 -> 99008.08 | F130: =+F129 -> 1.5 | G130: =ROUND(E130/F130,0) -> 66005
G134: Sub-Total | H134: =SUM(G129:G133) -> 182212
E136: Total Costo Directo | H136: =H111+H120+H126+H134 -> 1181385
A137: V. COSTOS INDIRECTOS
A138: Descripción | F138: Porcentaje | G138: Valor Total
A139: ADMINISTRACION | F139: =PRESUPUESTO!$E$222 -> 0.109 | G139: =+F139*H136 -> 128770.97
A140: IMPREVISTOS | F140: =PRESUPUESTO!$E$223 -> 0.05 | G140: =+F140*H136 -> 59069.252
A141: UTILIDAD | F141: 0 | G141: =+F141*H136 -> 0
...

Sheet 7. APU HIDROSANITARIO
A2: RENOVACIÓN DEL PARQUE PRINCIPAL DEL MUNICIPIO DE COPACABANA - ANTIQUIA
E3: ANÁLISIS DE PRECIOS UNITARIOS
A6: CAPITULO: INSTALACIONES HIDROSANITARIAS | G6: ESPECIFICACIÓN: | H6: 7.1.1
A7: ITEM: | B7: =VLOOKUP(H6,PRESUPUESTO!$A$18:$F$251,2,FALSE) -> Excavación manual o mecánica 0 - 2 m, bajo cualquier grado de humedad. Incluye: roca descompuesta, bolas de roca de volumen inferior a 0.35 m³., No incluye: El cargue, transporte interno y externo y botada de material proveniente de las excavaciones y su medida será en el sitio y el entibado se pagará en su ítem correspondiente. | G7: UNIDAD | H7: =VLOOKUP(H6,PRESUPUESTO!$A$18:$F$251,3,FALSE) -> m3
A9: I. EQUIPO
A10: Descripción | D10: Tipo | E10: Tarifa/Hora | F10: Rendimiento | G10: Valor-Unit.
A11: HERRAMIENTA MENOR (5%MO) | G11: =ROUND(H36*0.05,0) -> 925
A12: RETROEXCAVADORA | D12: HR | E12: =110000*1.19 -> 130900 | F12: 4.6 | G12: =E12/F12 -> 28456.522
G14: Sub-Total | H14: =SUM(G11:G13) -> 29381.522
A15: II. MATERIALES EN OBRA
A16: Descripción | D16: Unidad | E16: Precio-Unit. | F16: Cantidad | G16: Valor-Unit.
G17: =SUM(G14:G16)*C17 -> 0
G18: =SUM(G15:G17)*C18 -> 0
G19: =SUM(G16:G18)*C19 -> 0
G20: =SUM(G17:G19)*C20 -> 0
G23: Sub-Total | H23: =SUM(G17:G22) -> 0
A24: III. TRANSPORTES
A25: Material | D25: Unidad | E25: Precio-Unit. | F25: Cantidad | G25: Valor-Unit.
G26: =+F26*C26 -> 0
G27: =+F27*E27 -> 0
G28: Sub-Total | H28: =SUM(G26:G27) -> 0
A29: IV. MANO DE OBRA
A30: Trabajador | C30: Jornal | D30: Prestaciones | E30: Jornal Total | F30: Rendimiento | G30: Valor-Unit.
A31: AYUDANTE | B31: 2 | C31: =PERSONAL!$E$31 -> 48800 | D31: =PERSONAL!$F$31 -> 1.7431 | E31: =+D31*C31*B31 -> 170126.56 | F31: =+F12*2 -> 9.2 | G31: =ROUND(E31/F31,0) -> 18492
G36: Sub-Total | H36: =SUM(G31:G35) -> 18492
E38: Total Costo Directo | H38: =H14+H23+H28+H36 -> 47873.522
A40: RENOVACIÓN DEL PARQUE PRINCIPAL DEL MUNICIPIO DE COPACABANA - ANTIQUIA
E41: ANÁLISIS DE PRECIOS UNITARIOS
A44: CAPITULO: INSTALACIONES HIDROSANITARIAS | G44: ESPECIFICACIÓN: | H44: 7.1.2
A45: ITEM: | B45: =VLOOKUP(H44,PRESUPUESTO!$A$18:$F$251,2,FALSE) -> Excavación manual o mecánica 2 - 4 m, bajo cualquier grado de humedad. Incluye: roca descompuesta, bolas de roca de volumen inferior a 0.35 m³., No incluye: El cargue, transporte interno y externo y botada de material proveniente de las excavaciones y su medida será en el sitio y el entibado se pagará en su ítem correspondiente. | G45: UNIDAD | H45: =VLOOKUP(H44,PRESUPUESTO!$A$18:$F$251,3,FALSE) -> m3
A47: I. EQUIPO
A48: Descripción | D48: Tipo | E48: Tarifa/Hora | F48: Rendimiento | G48: Valor-Unit.
A49: HERRAMIENTA MENOR (5%MO) | G49: =ROUND(H74*0.05,0) -> 1119
A50: RETROEXCAVADORA | D50: HR | E50: =110000*1.19 -> 130900 | F50: 3.8 | G50: =E50/F50 -> 34447.368
G52: Sub-Total | H52: =SUM(G49:G51) -> 35566.368
A53: II. MATERIALES EN OBRA
A54: Descripción | D54: Unidad | E54: Precio-Unit. | F54: Cantidad | G54: Valor-Unit.
G55: =SUM(G52:G54)*C55 -> 0
G56: =SUM(G53:G55)*C56 -> 0
G57: =SUM(G54:G56)*C57 -> 0
G58: =SUM(G55:G57)*C58 -> 0
G61: Sub-Total | H61: =SUM(G55:G60) -> 0
A62: III. TRANSPORTES
A63: Material | D63: Unidad | E63: Precio-Unit. | F63: Cantidad | G63: Valor-Unit.
G64: =+F64*C64 -> 0
G65: =+F65*E65 -> 0
G66: Sub-Total | H66: =SUM(G64:G65) -> 0
A67: IV. MANO DE OBRA
A68: Trabajador | C68: Jornal | D68: Prestaciones | E68: Jornal Total | F68: Rendimiento | G68: Valor-Unit.
A69: AYUDANTE | B69: 2 | C69: =PERSONAL!$E$31 -> 48800 | D69: =PERSONAL!$F$31 -> 1.7431 | E69: =+D69*C69*B69 -> 170126.56 | F69: =+F50*2 -> 7.6 | G69: =ROUND(E69/F69,0) -> 22385
G74: Sub-Total | H74: =SUM(G69:G73) -> 22385
E76: Total Costo Directo | H76: =H52+H61+H66+H74 -> 57951.368
A79: RENOVACIÓN DEL PARQUE PRINCIPAL DEL MUNICIPIO DE COPACABANA - ANTIQUIA
E80: ANÁLISIS DE PRECIOS UNITARIOS
A83: CAPITULO: INSTALACIONES HIDROSANITARIAS | G83: ESPECIFICACIÓN: | H83: 7.1.3
A84: ITEM: | B84: =VLOOKUP(H83,PRESUPUESTO!$A$18:$F$251,2,FALSE) -> CARGUE MANUAL O MECÁNICO, TRANSPORTE Y BOTADA de material proveniente de las explanaciones y excavaciones. Incluye cargue con paleros y derecho de botadero. Se debe hacer en botaderos oficiales autorizados por la entidad competente o hasta el sitio que indique la interventoría. Su medida será en sitio. | G84: UNIDAD | H84: =VLOOKUP(H83,PRESUPUESTO!$A$18:$F$251,3,FALSE) -> m3
A86: I. EQUIPO
A87: Descripción | D87: Tipo | E87: Tarifa/Hora | F87: Rendimiento | G87: Valor-Unit.
A88: HERRAMIENTA MENOR (5%MO) | G88: =ROUND(H113*0.05,0) -> 79
A89: RETROEXCAVADORA | D89: HR | E89: =110000*1.19 -> 130900 | F89: 18 | G89: =E89/F89 -> 7272.2222
G91: Sub-Total | H91: =SUM(G88:G90) -> 7351.2222
A92: II. MATERIALES EN OBRA
A93: Descripción | D93: Unidad | E93: Precio-Unit. | F93: Cantidad | G93: Valor-Unit.
G94: =SUM(G91:G93)*C94 -> 0
G95: =SUM(G92:G94)*C95 -> 0
G96: =SUM(G93:G95)*C96 -> 0
G97: =SUM(G94:G96)*C97 -> 0
G100: Sub-Total | H100: =SUM(G94:G99) -> 0
A101: III. TRANSPORTES
A102: Material | D102: Unidad | E102: Precio-Unit. | F102: Cantidad | G102: Valor-Unit.
A103: MATERIAL DE EXCAVACION | C103: 1.3 | F103: 35000 | G103: =+F103*C103 -> 45500
G104: =+F104*E104 -> 0
G105: Sub-Total | H105: =SUM(G103:G104) -> 45500
A106: IV. MANO DE OBRA
A107: Trabajador | C107: Jornal | D107: Prestaciones | E107: Jornal Total | F107: Rendimiento | G107: Valor-Unit.
A108: AYUDANTE | B108: 1 | C108: =PERSONAL!$E$31 -> 48800 | D108: =PERSONAL!$F$31 -> 1.7431 | E108: =+D108*C108*B108 -> 85063.28 | F108: =+F89*3 -> 54 | G108: =ROUND(E108/F108,0) -> 1575
G113: Sub-Total | H113: =SUM(G108:G112) -> 1575
E115: Total Costo Directo | H115: =H91+H100+H105+H113 -> 54426.222
A118: RENOVACIÓN DEL PARQUE PRINCIPAL DEL MUNICIPIO DE COPACABANA - ANTIQUIA
E119: ANÁLISIS DE PRECIOS UNITARIOS
A122: CAPITULO: INSTALACIONES HIDROSANITARIAS | G122: ESPECIFICACIÓN: | H122: 7.2.1
A123: ITEM: | B123: =VLOOKUP(H122,PRESUPUESTO!$A$18:$F$251,2,FALSE) -> Suministro, transporte y colocación de TRITURADO de 3/4 " para construcción de CIMENTACIÓN. Incluye transporte externo y colocación | G123: UNIDAD | H123: =VLOOKUP(H122,PRESUPUESTO!$A$18:$F$251,3,FALSE) -> m3
A125: I. EQUIPO
A126: Descripción | D126: Tipo | E126: Tarifa/Hora | F126: Rendimiento | G126: Valor-Unit.
A127: HERRAMIENTA MENOR (5%MO) | G127: =ROUND(H152*0.05,0) -> 1976
G130: Sub-Total | H130: =SUM(G127:G129) -> 1976
A131: II. MATERIALES EN OBRA
A132: Descripción | D132: Unidad | E132: Precio-Unit. | F132: Cantidad | G132: Valor-Unit.
A133: TRITURADO 3/4" | D133: m3 | E133: =+MATERIALES!$C$15 -> 108727.92 | F133: 1.2 | G133: =+E133*F133 -> 130473.5
G134: =SUM(G131:G133)*C134 -> 0
G135: =SUM(G132:G134)*C135 -> 0
G136: =SUM(G133:G135)*C136 -> 0
G139: Sub-Total | H139: =SUM(G133:G138) -> 130473.5
A140: III. TRANSPORTES
A141: Material | D141: Unidad | E141: Precio-Unit. | F141: Cantidad | G141: Valor-Unit.
A142: TRANSPORTE EN VOLQUETA | D142: M3 | E142: 35000 | F142: =+F133 -> 1.2 | G142: =+E142*F142 -> 42000
G143: =+F143*E143 -> 0
G144: Sub-Total | H144: =SUM(G142:G143) -> 42000
A145: IV. MANO DE OBRA
A146: Trabajador | C146: Jornal | D146: Prestaciones | E146: Jornal Total | F146: Rendimiento | G146: Valor-Unit.
...

Sheet 8. APU CUBIERTAS
A1: INDICE
A3: RENOVACIÓN DEL PARQUE PRINCIPAL DEL MUNICIPIO DE COPACABANA - ANTIQUIA
E4: ANÁLISIS DE PRECIOS UNITARIOS
A7: CAPITULO: | B7: =+PRESUPUESTO!$B$145 -> CUBIERTA Y CIELOS FALSOS | G7: ESPECIFICACIÓN: | H7: =+PRESUPUESTO!$A$147 -> 8.1.1
A8: ITEM: | B8: =VLOOKUP(H7,PRESUPUESTO!$A$18:$F$251,2,FALSE) -> Suministro e instalación de estructura metalica según diseño estructural acabada con pintura electrostatica, negro mate. Para locales comerciales. Incluye: suministro y transporte de láminas, platinas, uniones, soldaduras de acabado o presentación, anclajes y pernos a estructura de concreto y madera. Todos los elementos deben llevar dos manos de pintura anticorrosiva, (2) dos manos de esmalte base aceite mate, color por definir, ensayos a soldaduras, anticorrosivos y pinturas, obra falsa y todo el equipo y la herramienta necesaria para el montaje. | G8: UNIDAD | H8: =VLOOKUP(H7,PRESUPUESTO!$A$18:$F$251,3,FALSE) -> kg
A10: I. EQUIPO
A11: Descripción | D11: Tipo | E11: Tarifa/Hora | F11: Rendimiento | G11: Valor-Unit.
A12: HERRAMIENTA MENOR (5%MO) | G12: =ROUND(H37*0.05,0) -> 125
A13: ANDAMIOS | D13: M2 | E13: 13000 | F13: 0.3 | G13: =E13*F13 -> 3900
G15: Sub-Total | H15: =SUM(G12:G14) -> 4025
A16: II. MATERIALES EN OBRA
A17: Descripción | D17: Unidad | E17: Precio-Unit. | F17: Cantidad | G17: Valor-Unit.
A18: ESTRUCTURA METALICA, Inc pintura | D18: KG | E18: 13200 | F18: 1 | G18: =E18*F18 -> 13200
A20: DESPERDICIO | C20: 0 | G20: =SUM(G17:G19)*C20 -> 0
G24: Sub-Total | H24: =SUM(G18:G23) -> 13200
A25: III. TRANSPORTES
A26: Material | D26: Unidad | E26: Precio-Unit. | F26: Cantidad | G26: Valor-Unit.
D27: 1 | E27: 200 | F27: 1 | G27: =+F27*E27 -> 200
G29: Sub-Total | H29: =SUM(G27:G28) -> 200
A30: IV. MANO DE OBRA
A31: Trabajador | C31: Jornal | D31: Prestaciones | E31: Jornal Total | F31: Rendimiento | G31: Valor-Unit.
G32: 2500
G37: Sub-Total | H37: =SUM(G32:G36) -> 2500
E39: Total Costo Directo | H39: =H15+H24+H29+H37 -> 19925
A40: V. COSTOS INDIRECTOS
A41: Descripción | F41: Porcentaje | G41: Valor Total
A42: ADMINISTRACION | F42: =PRESUPUESTO!$E$222 -> 0.109 | G42: =+F42*H39 -> 2171.825
A43: IMPREVISTOS | F43: =PRESUPUESTO!$E$223 -> 0.05 | G43: =+F43*H39 -> 996.25
A44: UTILIDAD | F44: 0 | G44: =+F44*H39 -> 0
G45: Sub-Total | H45: =SUM(G42:G44) -> 3168.075
D47: Precio unitario total aproximado al peso | H47: =ROUND((H39+H45),0) -> 23093
A49: INDICE
A51: RENOVACIÓN DEL PARQUE PRINCIPAL DEL MUNICIPIO DE COPACABANA - ANTIQUIA
E52: ANÁLISIS DE PRECIOS UNITARIOS
A55: CAPITULO: | B55: =+PRESUPUESTO!$B$145 -> CUBIERTA Y CIELOS FALSOS | G55: ESPECIFICACIÓN: | H55: =+PRESUPUESTO!$A$148 -> 8.1.2
A56: ITEM: | B56: =VLOOKUP(H55,PRESUPUESTO!$A$18:$F$251,2,FALSE) -> Suministro e instalación de estructura metalica según diseño estructural acabada con pintura electrostatica, en diferentes colores para sombrillas. Incluye: suministro y transporte de láminas, platinas, uniones, soldaduras de acabado o presentación, anclajes y pernos a estructura de concreto y madera. Todos los elementos deben llevar dos manos de pintura anticorrosiva, (2) dos manos de esmalte base aceite mate, color por definir, ensayos a soldaduras, anticorrosivos y pinturas, obra falsa y todo el equipo y la herramienta necesaria para el montaje. | G56: UNIDAD | H56: =VLOOKUP(H55,PRESUPUESTO!$A$18:$F$251,3,FALSE) -> kg
A58: I. EQUIPO
A59: Descripción | D59: Tipo | E59: Tarifa/Hora | F59: Rendimiento | G59: Valor-Unit.
A60: HERRAMIENTA MENOR (5%MO) | G60: =ROUND(H85*0.05,0) -> 0
A61: ANDAMIOS | D61: M2 | E61: 13000 | F61: 0.3 | G61: =E61*F61 -> 3900
G63: Sub-Total | H63: =SUM(G60:G62) -> 3900
A64: II. MATERIALES EN OBRA
A65: Descripción | D65: Unidad | E65: Precio-Unit. | F65: Cantidad | G65: Valor-Unit.
A66: ESTRUCTURA METALICA, Inc pintura | D66: KG | E66: 13200 | F66: 1 | G66: =E66*F66 -> 13200
A68: DESPERDICIO | C68: 0.05 | G68: =SUM(G65:G67)*C68 -> 660
G72: Sub-Total | H72: =SUM(G66:G71) -> 13860
A73: III. TRANSPORTES
A74: Material | D74: Unidad | E74: Precio-Unit. | F74: Cantidad | G74: Valor-Unit.
G77: Sub-Total | H77: =SUM(G75:G76) -> 0
A78: IV. MANO DE OBRA
A79: Trabajador | C79: Jornal | D79: Prestaciones | E79: Jornal Total | F79: Rendimiento | G79: Valor-Unit.
G85: Sub-Total | H85: =SUM(G80:G84) -> 0
E87: Total Costo Directo | H87: =H39 -> 19925
A88: V. COSTOS INDIRECTOS
A89: Descripción | F89: Porcentaje | G89: Valor Total
A90: ADMINISTRACION | F90: =PRESUPUESTO!$E$222 -> 0.109 | G90: =+F90*H87 -> 2171.825
A91: IMPREVISTOS | F91: =PRESUPUESTO!$E$223 -> 0.05 | G91: =+F91*H87 -> 996.25
A92: UTILIDAD | F92: 0 | G92: =+F92*H87 -> 0
G93: Sub-Total | H93: =SUM(G90:G92) -> 3168.075
D95: Precio unitario total aproximado al peso | H95: =ROUND((H87+H93),0) -> 23093
A97: INDICE
A99: RENOVACIÓN DEL PARQUE PRINCIPAL DEL MUNICIPIO DE COPACABANA - ANTIQUIA
E100: ANÁLISIS DE PRECIOS UNITARIOS
A103: CAPITULO: | B103: =+PRESUPUESTO!$B$145 -> CUBIERTA Y CIELOS FALSOS | G103: ESPECIFICACIÓN: | H103: =+PRESUPUESTO!$A$149 -> 8.1.3
A104: ITEM: | B104: =VLOOKUP(H103,PRESUPUESTO!$A$18:$F$251,2,FALSE) -> Suministro e instalación de techo en vidrio templado laminado en 6 mm, para cubierta de locales. | G104: UNIDAD | H104: =VLOOKUP(H103,PRESUPUESTO!$A$18:$F$251,3,FALSE) -> m2
A106: I. EQUIPO
A107: Descripción | D107: Tipo | E107: Tarifa/Hora | F107: Rendimiento | G107: Valor-Unit.
A108: HERRAMIENTA MENOR (5%MO) | G108: =ROUND(H133*0.05,0) -> 0
A109: ANDAMIOS | D109: M2 | E109: 13000 | F109: 0.3 | G109: =E109*F109 -> 3900
G111: Sub-Total | H111: =SUM(G108:G110) -> 3900
A112: II. MATERIALES EN OBRA
A113: Descripción | D113: Unidad | E113: Precio-Unit. | F113: Cantidad | G113: Valor-Unit.
A114: SUBCONTRATO | D114: M2 | E114: =117582565*1.19*1.3/218.2 -> 833639.91 | F114: 1 | G114: =E114*F114 -> 833639.91
A116: DESPERDICIO | C116: 0.05
G120: Sub-Total | H120: =SUM(G114:G119) -> 833639.91
A121: III. TRANSPORTES
A122: Material | D122: Unidad | E122: Precio-Unit. | F122: Cantidad | G122: Valor-Unit.
G125: Sub-Total | H125: =SUM(G123:G124) -> 0
A126: IV. MANO DE OBRA
A127: Trabajador | C127: Jornal | D127: Prestaciones | E127: Jornal Total | F127: Rendimiento | G127: Valor-Unit.
G133: Sub-Total | H133: =SUM(G128:G132) -> 0
E135: Total Costo Directo | H135: =H111+H120+H125+H133 -> 837539.91
A136: V. COSTOS INDIRECTOS
A137: Descripción | F137: Porcentaje | G137: Valor Total
A138: ADMINISTRACION | F138: =PRESUPUESTO!$E$222 -> 0.109 | G138: =+F138*H135 -> 91291.85
A139: IMPREVISTOS | F139: =PRESUPUESTO!$E$223 -> 0.05 | G139: =+F139*H135 -> 41876.995
A140: UTILIDAD | F140: 0 | G140: =+F140*H135 -> 0
G141: Sub-Total | H141: =SUM(G138:G140) -> 133168.85
D143: Precio unitario total aproximado al peso | H143: =ROUND((H135+H141),0) -> 970709
A145: INDICE
A147: RENOVACIÓN DEL PARQUE PRINCIPAL DEL MUNICIPIO DE COPACABANA - ANTIQUIA
E148: ANÁLISIS DE PRECIOS UNITARIOS
A151: CAPITULO: | B151: =+PRESUPUESTO!$B$145 -> CUBIERTA Y CIELOS FALSOS | G151: ESPECIFICACIÓN: | H151: =+PRESUPUESTO!$A$150 -> 8.1.4
A152: ITEM: | B152: =VLOOKUP(H151,PRESUPUESTO!$A$18:$F$251,2,FALSE) -> Suministro e instalación de techo en vidrio templado laminado en 6 mm, para cubierta de sombrillas. | G152: UNIDAD | H152: =VLOOKUP(H151,PRESUPUESTO!$A$18:$F$251,3,FALSE) -> m2
A154: I. EQUIPO
A155: Descripción | D155: Tipo | E155: Tarifa/Hora | F155: Rendimiento | G155: Valor-Unit.
A156: HERRAMIENTA MENOR (5%MO) | G156: =ROUND(H181*0.05,0) -> 0
A157: ANDAMIOS | D157: M2 | E157: 13000 | F157: 0.3 | G157: =E157*F157 -> 3900
G159: Sub-Total | H159: =SUM(G156:G158) -> 3900
A160: II. MATERIALES EN OBRA
...

Sheet 9. APU PISOS
A1: INDICE
A3: RENOVACIÓN DEL PARQUE PRINCIPAL DEL MUNICIPIO DE COPACABANA - ANTIQUIA
E4: ANÁLISIS DE PRECIOS UNITARIOS
A7: CAPITULO: | B7: =+PRESUPUESTO!$B$156 -> PISOS Y ENCHAPES | G7: ESPECIFICACIÓN: | H7: =+PRESUPUESTO!$A$158 -> 9.1.1
A8: ITEM: | B8: =VLOOKUP(H7,PRESUPUESTO!$A$18:$F$251,2,FALSE) -> Suministro e instalación de enchape de baldosa perlato pulido y sellado de 40x40x1 cm sobre la cara superior de banca en concreto, incluye pegacor con latex para exteriores y junta con polvillo color de acuerdo a la baldosa con separación de 2 mm. | G8: UNIDAD | H8: =VLOOKUP(H7,PRESUPUESTO!$A$18:$F$251,3,FALSE) -> m2
A11: I. EQUIPO
A12: Descripción | D12: Tipo | E12: Tarifa/Hora | F12: Rendimiento | G12: Valor-Unit.
A13: HERRAMIENTA MENOR (5%MO) | G13: =ROUND(H37*0.05,0) -> 1824
A14: CORTADORA | D14: DIA | E14: 41000 | F14: =1/F33 -> 0.15384615 | G14: =E14*F14 -> 6307.6923
G16: Sub-Total | H16: =SUM(G13:G15) -> 8131.6923
A17: II. MATERIALES EN OBRA
A18: Descripción | D18: Unidad | E18: Precio-Unit. | F18: Cantidad | G18: Valor-Unit.
A19: BALDOSA PERLATO | D19: M2 | E19: =123000*1.19 -> 146370 | F19: 1 | G19: =ROUND(F19*E19,0) -> 146370
A20: PEGACOR FLEX EXTERIOR | D20: KG/M2 | E20: 154900 | F20: =(1/25)*7 -> 0.28 | G20: =ROUND(F20*E20,0) -> 43372
A21: LECHADA | D21: KG/M2 | E21: =36900/2 -> 18450 | F21: 0.24 | G21: =ROUND(F21*E21,0) -> 4428 | I21: =36900/2 -> 18450 | J21: =+I21*0.41 -> 7564.5
A22: PULIDA Y SELLADA, incluye M.O | D22: M2 | E22: 32000 | F22: 1 | G22: =ROUND(F22*E22,0) -> 32000
A23: DESPERDICIO | C23: 0.05 | G23: =SUM(G19:G21)*C23 -> 9708.5
G25: Sub-Total | H25: =SUM(G19:G24) -> 235878.5
A26: III. TRANSPORTES
A27: Material | D27: Unidad | E27: Precio-Unit. | F27: Cantidad | G27: Valor-Unit.
A28: BALDOSA PERLATO | D28: M2 | E28: 2000 | F28: 1 | G28: =+F28*E28 -> 2000
A29: TRASIEGO | D29: M2 | E29: 14500 | F29: =1/5 -> 0.2 | G29: =+F29*E29 -> 2900
G30: Sub-Total | H30: =SUM(G28:G29) -> 4900 | I30: =+H30/H39 -> 0.017170017
A31: IV. MANO DE OBRA
A32: Trabajador | C32: Jornal | D32: Prestaciones | E32: Jornal Total | F32: Rendimiento | G32: Valor-Unit.
A33: AYUDANTE | C33: =PERSONAL!$E$31 -> 48800 | D33: =PERSONAL!$F$31 -> 1.7431 | E33: =+D33*C33 -> 85063.28 | F33: 6.5 | G33: =ROUND(E33/F33,0) -> 13087
A34: OFICIAL | C34: =PERSONAL!$E$32 -> 87200 | D34: =PERSONAL!$F$31 -> 1.7431 | E34: =+D34*C34 -> 151998.32 | F34: =+F33 -> 6.5 | G34: =ROUND(E34/F34,0) -> 23384
G37: Sub-Total | H37: =SUM(G33:G36) -> 36471
E39: Total Costo Directo | H39: =H16+H25+H30+H37 -> 285381.19
A40: V. COSTOS INDIRECTOS
A41: Descripción | F41: Porcentaje | G41: Valor Total
A42: ADMINISTRACION | F42: =PRESUPUESTO!$E$222 -> 0.109 | G42: =+F42*H39 -> 31106.55
A43: IMPREVISTOS | F43: =PRESUPUESTO!$E$223 -> 0.05 | G43: =+F43*H39 -> 14269.06
A44: UTILIDAD | F44: 0 | G44: =+F44*H39 -> 0
G45: Sub-Total | H45: =SUM(G42:G44) -> 45375.61
D47: Precio unitario total aproximado al peso | H47: =ROUND((H39+H45),0) -> 330757
A49: INDICE
A51: RENOVACIÓN DEL PARQUE PRINCIPAL DEL MUNICIPIO DE COPACABANA - ANTIQUIA
E52: ANÁLISIS DE PRECIOS UNITARIOS
A55: CAPITULO: | B55: =+PRESUPUESTO!$B$156 -> PISOS Y ENCHAPES | G55: ESPECIFICACIÓN: | H55: =+PRESUPUESTO!$A$159 -> 9.1.2
A56: ITEM: | B56: =VLOOKUP(H55,PRESUPUESTO!$A$18:$F$251,2,FALSE) -> Suministro e instalación de enchape de baldosa perlato pulido y sellado de 40x52x1 cm sobre la cara frontal de banca en concreto, incluye pegacor con latex para exteriores y junta con polvillo color de acuerdo a la baldosa con separación de 2 mm. | G56: UNIDAD | H56: =VLOOKUP(H55,PRESUPUESTO!$A$18:$F$251,3,FALSE) -> m2
A59: I. EQUIPO
A60: Descripción | D60: Tipo | E60: Tarifa/Hora | F60: Rendimiento | G60: Valor-Unit.
A61: HERRAMIENTA MENOR (5%MO) | G61: =ROUND(H85*0.05,0) -> 1824
A62: CORTADORA | D62: DIA | E62: 41000 | F62: =1/F81 -> 0.15384615 | G62: =E62*F62 -> 6307.6923
G64: Sub-Total | H64: =SUM(G61:G63) -> 8131.6923
A65: II. MATERIALES EN OBRA
A66: Descripción | D66: Unidad | E66: Precio-Unit. | F66: Cantidad | G66: Valor-Unit.
A67: BALDOSA PERLATO | D67: M2 | E67: =123000*1.19 -> 146370 | F67: 1 | G67: =ROUND(F67*E67,0) -> 146370
A68: PEGACOR FLEX EXTERIOR | D68: KG/M2 | E68: 154900 | F68: =(1/25)*7 -> 0.28 | G68: =ROUND(F68*E68,0) -> 43372
A69: LECHADA | D69: KG/M2 | E69: =36900/2 -> 18450 | F69: 0.24 | G69: =ROUND(F69*E69,0) -> 4428
A70: PULIDA Y SELLADA, incluye M.O | D70: M2 | E70: 32000 | F70: 1 | G70: =ROUND(F70*E70,0) -> 32000
A71: DESPERDICIO | C71: 0.05 | G71: =SUM(G67:G69)*C71 -> 9708.5
G73: Sub-Total | H73: =SUM(G67:G72) -> 235878.5
A74: III. TRANSPORTES
A75: Material | D75: Unidad | E75: Precio-Unit. | F75: Cantidad | G75: Valor-Unit.
A76: BALDOSA PERLATO | D76: M2 | E76: 2000 | F76: 1 | G76: =+F76*E76 -> 2000
A77: TRASIEGO | D77: M2 | E77: 14500 | F77: =1/5 -> 0.2 | G77: =+F77*E77 -> 2900
G78: Sub-Total | H78: =SUM(G76:G77) -> 4900
A79: IV. MANO DE OBRA
A80: Trabajador | C80: Jornal | D80: Prestaciones | E80: Jornal Total | F80: Rendimiento | G80: Valor-Unit.
A81: AYUDANTE | C81: =PERSONAL!$E$31 -> 48800 | D81: =PERSONAL!$F$31 -> 1.7431 | E81: =+D81*C81 -> 85063.28 | F81: 6.5 | G81: =ROUND(E81/F81,0) -> 13087
A82: OFICIAL | C82: =PERSONAL!$E$32 -> 87200 | D82: =PERSONAL!$F$31 -> 1.7431 | E82: =+D82*C82 -> 151998.32 | F82: =+F81 -> 6.5 | G82: =ROUND(E82/F82,0) -> 23384
G85: Sub-Total | H85: =SUM(G81:G84) -> 36471
E87: Total Costo Directo | H87: =H64+H73+H78+H85 -> 285381.19
A88: V. COSTOS INDIRECTOS
A89: Descripción | F89: Porcentaje | G89: Valor Total
A90: ADMINISTRACION | F90: =PRESUPUESTO!$E$222 -> 0.109 | G90: =+F90*H87 -> 31106.55
A91: IMPREVISTOS | F91: =PRESUPUESTO!$E$223 -> 0.05 | G91: =+F91*H87 -> 14269.06
A92: UTILIDAD | F92: 0 | G92: =+F92*H87 -> 0
G93: Sub-Total | H93: =SUM(G90:G92) -> 45375.61
D95: Precio unitario total aproximado al peso | H95: =ROUND((H87+H93),0) -> 330757
A97: INDICE
A99: RENOVACIÓN DEL PARQUE PRINCIPAL DEL MUNICIPIO DE COPACABANA - ANTIQUIA
E100: ANÁLISIS DE PRECIOS UNITARIOS
A103: CAPITULO: | B103: =+PRESUPUESTO!$B$156 -> PISOS Y ENCHAPES | G103: ESPECIFICACIÓN: | H103: =+PRESUPUESTO!$A$160 -> 9.1.3
A104: ITEM: | B104: =VLOOKUP(H103,PRESUPUESTO!$A$18:$F$251,2,FALSE) -> Suministro e instalación de enchape de baldosa perlato pulido y sellado de 40x100x6 cm sobre la cara superior de banca y matera, incluye pegacor con latex para exteriores y junta con polvillo color de acuerdo a la baldosa con separación de 2 mm. | G104: UNIDAD | H104: =VLOOKUP(H103,PRESUPUESTO!$A$18:$F$251,3,FALSE) -> m2
A107: I. EQUIPO
A108: Descripción | D108: Tipo | E108: Tarifa/Hora | F108: Rendimiento | G108: Valor-Unit.
A109: HERRAMIENTA MENOR (5%MO) | G109: =ROUND(H133*0.05,0) -> 2634
A110: CORTADORA | D110: DIA | E110: 41000 | F110: =1/F129 -> 0.22222222 | G110: =E110*F110 -> 9111.1111
G112: Sub-Total | H112: =SUM(G109:G111) -> 11745.111
A113: II. MATERIALES EN OBRA
A114: Descripción | D114: Unidad | E114: Precio-Unit. | F114: Cantidad | G114: Valor-Unit.
A115: BALDOSA PERLATO | D115: M2 | E115: =260000*1.19 -> 309400 | F115: 1 | G115: =ROUND(F115*E115,0) -> 309400
A116: PEGACOR FLEX EXTERIOR | D116: KG/M2 | E116: 154900 | F116: =(1/25)*7 -> 0.28 | G116: =ROUND(F116*E116,0) -> 43372
A117: LECHADA | D117: KG/M2 | E117: =36900/2 -> 18450 | F117: 0.24 | G117: =ROUND(F117*E117,0) -> 4428
A118: PULIDA Y SELLADA, incluye M.O | D118: M2 | E118: 32000 | F118: 1 | G118: =ROUND(F118*E118,0) -> 32000
A119: DESPERDICIO | C119: 0.05 | G119: =SUM(G115:G118)*C119 -> 19460
G121: Sub-Total | H121: =SUM(G115:G120) -> 408660
A122: III. TRANSPORTES
A123: Material | D123: Unidad | E123: Precio-Unit. | F123: Cantidad | G123: Valor-Unit.
A124: BALDOSA PERLATO | D124: M2 | E124: 4300 | F124: 3 | G124: =+F124*E124 -> 12900
A125: TRASIEGO | D125: M2 | E125: =+E124*1.5 -> 6450 | F125: =+F124 -> 3 | G125: =+F125*E125 -> 19350
G126: Sub-Total | H126: =SUM(G124:G125) -> 32250
A127: IV. MANO DE OBRA
A128: Trabajador | C128: Jornal | D128: Prestaciones | E128: Jornal Total | F128: Rendimiento | G128: Valor-Unit.
A129: AYUDANTE | C129: =PERSONAL!$E$31 -> 48800 | D129: =PERSONAL!$F$31 -> 1.7431 | E129: =+D129*C129 -> 85063.28 | F129: 4.5 | G129: =ROUND(E129/F129,0) -> 18903
A130: OFICIAL | C130: =PERSONAL!$E$32 -> 87200 | D130: =PERSONAL!$F$31 -> 1.7431 | E130: =+D130*C130 -> 151998.32 | F130: =+F129 -> 4.5 | G130: =ROUND(E130/F130,0) -> 33777
G133: Sub-Total | H133: =SUM(G129:G132) -> 52680
...

Sheet 10. APU PINTURA
A1: INDICE
A3: RENOVACIÓN DEL PARQUE PRINCIPAL DEL MUNICIPIO DE COPACABANA - ANTIQUIA
E4: ANÁLISIS DE PRECIOS UNITARIOS
A7: CAPITULO: | B7: =+PRESUPUESTO!$B$173 -> PINTURA Y REVOQUE | G7: ESPECIFICACIÓN: | H7: =+PRESUPUESTO!$A$175 -> 10.1.1
A8: ITEM: | B8: =VLOOKUP(H7,PRESUPUESTO!$A$18:$F$251,2,FALSE) -> Suministro e instalación de revoque en mortero 1:5 rustico sobre adobe de 10 de 6 huecos, incluye filetes y ranuradas requeridas. | G8: UNIDAD | H8: =VLOOKUP(H7,PRESUPUESTO!$A$18:$F$251,3,FALSE) -> m2
A10: I. EQUIPO
A11: Descripción | D11: Tipo | E11: Tarifa/Hora | F11: Rendimiento | G11: Valor-Unit.
A12: HERRAMIENTA MENOR (5%MO) | G12: =ROUND(H37*0.05,0) -> 1185
A13: ANDAMIOS | D13: M2 | E13: =MATERIALES!$C$4 -> 14500 | F13: 0.3 | G13: =E13*F13 -> 4350
G15: Sub-Total | H15: =SUM(G12:G14) -> 5535
A16: II. MATERIALES EN OBRA
A17: Descripción | D17: Unidad | E17: Precio-Unit. | F17: Cantidad | G17: Valor-Unit.
A18: MORTERO REVOQUE 1:5 | D18: M3/M2 | E18: =APA!H130 -> 490613.39 | F18: 0.03 | G18: =ROUND(F18*E18,0) -> 14718
A19: ADITIVOS PARA MORTEROS Sika®-1 Impermeabilizante integral para morteros y concretos 1 kg "1.5 Kg de Sika®-1 para un bulto de cemento de 50 Kg. 0.5 kg/m2" | D19: UN | E19: =43900 -> 43900 | F19: =(1/2)*1.5*7*F18 -> 0.1575 | G19: =ROUND(F19*E19,0) -> 6914
A20: DESPERDICIO | C20: 0.05 | G20: =SUM(G17:G19)*C20 -> 1081.6
G24: Sub-Total | H24: =SUM(G18:G23) -> 22713.6
A25: III. TRANSPORTES
A26: Material | D26: Unidad | E26: Precio-Unit. | F26: Cantidad | G26: Valor-Unit.
A28: TRASIEGO | D28: M2 | E28: 5400 | F28: 1 | G28: =+F28*E28 -> 5400
G29: Sub-Total | H29: =SUM(G27:G28) -> 5400
A30: IV. MANO DE OBRA
A31: Trabajador | C31: Jornal | D31: Prestaciones | E31: Jornal Total | F31: Rendimiento | G31: Valor-Unit.
A32: AYUDANTE | C32: =PERSONAL!$E$31 -> 48800 | D32: =PERSONAL!$F$31 -> 1.7431 | E32: =+D32*C32 -> 85063.28 | F32: 10 | G32: =ROUND(E32/F32,0) -> 8506
A33: OFICIAL | C33: =PERSONAL!$E$32 -> 87200 | D33: =PERSONAL!$F$31 -> 1.7431 | E33: =+D33*C33 -> 151998.32 | F33: 10 | G33: =ROUND(E33/F33,0) -> 15200
G37: Sub-Total | H37: =SUM(G32:G36) -> 23706
E39: Total Costo Directo | H39: =H15+H24+H29+H37 -> 57354.6
A40: V. COSTOS INDIRECTOS
A41: Descripción | F41: Porcentaje | G41: Valor Total
A42: ADMINISTRACION | F42: =PRESUPUESTO!$E$222 -> 0.109 | G42: =+F42*H39 -> 6251.6514
A43: IMPREVISTOS | F43: =PRESUPUESTO!$E$223 -> 0.05 | G43: =+F43*H39 -> 2867.73
A44: UTILIDAD | F44: 0 | G44: =+F44*H39 -> 0
G45: Sub-Total | H45: =SUM(G42:G44) -> 9119.3814
D47: Precio unitario total aproximado al peso | H47: =ROUND((H39+H45),0) -> 66474
A49: INDICE
A51: RENOVACIÓN DEL PARQUE PRINCIPAL DEL MUNICIPIO DE COPACABANA - ANTIQUIA
E52: ANÁLISIS DE PRECIOS UNITARIOS
A55: CAPITULO: | B55: =+PRESUPUESTO!$B$173 -> PINTURA Y REVOQUE | G55: ESPECIFICACIÓN: | H55: =+PRESUPUESTO!$A$177 -> 10.2.1
A56: ITEM: | B56: =VLOOKUP(H55,PRESUPUESTO!$A$18:$F$251,2,FALSE) -> Suministro y aplicación de estuco sobre revoque, incluye filetes y ranuradas requeridas. | G56: UNIDAD | H56: =VLOOKUP(H55,PRESUPUESTO!$A$18:$F$251,3,FALSE) -> m2
A58: I. EQUIPO
A59: Descripción | D59: Tipo | E59: Tarifa/Hora | F59: Rendimiento | G59: Valor-Unit.
A60: HERRAMIENTA MENOR (5%MO) | G60: =ROUND(H85*0.05,0) -> 718
A61: ANDAMIOS | D61: M2 | E61: =MATERIALES!$C$4 -> 14500 | F61: 0.3 | G61: =E61*F61 -> 4350
G63: Sub-Total | H63: =SUM(G60:G62) -> 5068
A64: II. MATERIALES EN OBRA
A65: Descripción | D65: Unidad | E65: Precio-Unit. | F65: Cantidad | G65: Valor-Unit.
A66: ESTUCO | D66: CUÑETE | E66: =94900 -> 94900 | F66: =(1/5)/2.5 -> 0.08 | G66: =ROUND(F66*E66,0) -> 7592
A67: MATERIAL DE CONSUMO | D67: UN | E67: 1200 | G67: =+E67 -> 1200
A68: DESPERDICIO | C68: 0.05 | G68: =SUM(G65:G67)*C68 -> 439.6
G72: Sub-Total | H72: =SUM(G66:G71) -> 9231.6
A73: III. TRANSPORTES
A74: Material | D74: Unidad | E74: Precio-Unit. | F74: Cantidad | G74: Valor-Unit.
A75: ESTUCO | D75: M2 | E75: 350 | F75: 1 | G75: =E75*F75 -> 350
A76: TRASIEGO | D76: M2 | E76: 200 | F76: 1 | G76: =+F76*E76 -> 200
G77: Sub-Total | H77: =SUM(G75:G76) -> 550
A78: IV. MANO DE OBRA
A79: Trabajador | C79: Jornal | D79: Prestaciones | E79: Jornal Total | F79: Rendimiento | G79: Valor-Unit.
A80: AYUDANTE | C80: =PERSONAL!$E$31 -> 48800 | D80: =PERSONAL!$F$31 -> 1.7431 | E80: =+D80*C80 -> 85063.28 | F80: 16.5 | G80: =ROUND(E80/F80,0) -> 5155
A81: OFICIAL | C81: =PERSONAL!$E$32 -> 87200 | D81: =PERSONAL!$F$31 -> 1.7431 | E81: =+D81*C81 -> 151998.32 | F81: =+F80 -> 16.5 | G81: =ROUND(E81/F81,0) -> 9212
G85: Sub-Total | H85: =SUM(G80:G84) -> 14367
E87: Total Costo Directo | H87: =H63+H72+H77+H85 -> 29216.6
A88: V. COSTOS INDIRECTOS
A89: Descripción | F89: Porcentaje | G89: Valor Total
A90: ADMINISTRACION | F90: =PRESUPUESTO!$E$222 -> 0.109 | G90: =+F90*H87 -> 3184.6094
A91: IMPREVISTOS | F91: =PRESUPUESTO!$E$223 -> 0.05 | G91: =+F91*H87 -> 1460.83
A92: UTILIDAD | F92: 0 | G92: =+F92*H87 -> 0
G93: Sub-Total | H93: =SUM(G90:G92) -> 4645.4394
D95: Precio unitario total aproximado al peso | H95: =ROUND((H87+H93),0) -> 33862
A97: INDICE
A99: RENOVACIÓN DEL PARQUE PRINCIPAL DEL MUNICIPIO DE COPACABANA - ANTIQUIA
E100: ANÁLISIS DE PRECIOS UNITARIOS
A103: CAPITULO: | B103: =+PRESUPUESTO!$B$173 -> PINTURA Y REVOQUE | G103: ESPECIFICACIÓN: | H103: =+PRESUPUESTO!$A$178 -> 10.2.2
A104: ITEM: | B104: =VLOOKUP(H103,PRESUPUESTO!$A$18:$F$251,2,FALSE) -> Suministro y aplicación de pintura epoxica de pintuco o similar color blanco, aplicado sobre estuco para interior de locales. | G104: UNIDAD | H104: =VLOOKUP(H103,PRESUPUESTO!$A$18:$F$251,3,FALSE) -> m2
A106: I. EQUIPO
A107: Descripción | D107: Tipo | E107: Tarifa/Hora | F107: Rendimiento | G107: Valor-Unit.
A108: HERRAMIENTA MENOR (5%MO) | G108: =ROUND(H134*0.05,0) -> 847
A109: ANDAMIOS | D109: M2 | E109: =MATERIALES!$C$4 -> 14500 | F109: 0.35 | G109: =E109*F109 -> 5075
G111: Sub-Total | H111: =SUM(G108:G110) -> 5922
A112: II. MATERIALES EN OBRA
A113: Descripción | D113: Unidad | E113: Precio-Unit. | F113: Cantidad | G113: Valor-Unit.
A114: PINTURA EPOXICA | D114: GL/M2 | E114: =MATERIALES!$C$20 -> 270000 | F114: =((1/20)+(1/40))*1.05 -> 0.07875 | G114: =ROUND(F114*E114,0) -> 21263
A115: Disolvente Poliuretano 3 Litros Ref:Algreco | D115: UN | E115: =107900 -> 107900 | F115: =+F114/4 -> 0.0196875 | G115: =ROUND(F115*E115,0) -> 2124
A116: MATERIAL DE CONSUMO | D116: UN | E116: 3200 | F116: 1 | G116: =ROUND(F116*E116,0) -> 3200
A117: DESPERDICIO | C117: 0.05 | G117: =SUM(G113:G116)*C117 -> 1329.35
G121: Sub-Total | H121: =SUM(G114:G120) -> 27916.35
A122: III. TRANSPORTES
A123: Material | D123: Unidad | E123: Precio-Unit. | F123: Cantidad | G123: Valor-Unit.
A124: EPOXICA | D124: M2 | E124: 950 | F124: 1 | G124: =E124*F124 -> 950
A125: TRASIEGO | D125: M2 | E125: =+E124*1.5 -> 1425 | F125: 1 | G125: =+F125*E125 -> 1425
G126: Sub-Total | H126: =SUM(G124:G125) -> 2375
A127: IV. MANO DE OBRA
A128: Trabajador | C128: Jornal | D128: Prestaciones | E128: Jornal Total | F128: Rendimiento | G128: Valor-Unit.
A129: AYUDANTE | C129: =PERSONAL!$E$31 -> 48800 | D129: =PERSONAL!$F$31 -> 1.7431 | E129: =+D129*C129 -> 85063.28 | F129: 14 | G129: =ROUND(E129/F129,0) -> 6076
A130: OFICIAL | C130: =PERSONAL!$E$32 -> 87200 | D130: =PERSONAL!$F$31 -> 1.7431 | E130: =+D130*C130 -> 151998.32 | F130: =+F129 -> 14 | G130: =ROUND(E130/F130,0) -> 10857
G134: Sub-Total | H134: =SUM(G129:G133) -> 16933
E136: Total Costo Directo | H136: =H111+H121+H126+H134 -> 53146.35
A137: V. COSTOS INDIRECTOS
A138: Descripción | F138: Porcentaje | G138: Valor Total
A139: ADMINISTRACION | F139: =PRESUPUESTO!$E$222 -> 0.109 | G139: =+F139*H136 -> 5792.9522
A140: IMPREVISTOS | F140: =PRESUPUESTO!$E$223 -> 0.05 | G140: =+F140*H136 -> 2657.3175
A141: UTILIDAD | F141: 0 | G141: =+F141*H136 -> 0
...

Sheet 11. APU APARATOS
A1: INDICE
A3: RENOVACIÓN DEL PARQUE PRINCIPAL DEL MUNICIPIO DE COPACABANA - ANTIQUIA
E4: ANÁLISIS DE PRECIOS UNITARIOS
A7: CAPITULO: | B7: =+PRESUPUESTO!$B$182 -> APARATOS SANITARIOS Y ACCESORIOS | G7: ESPECIFICACIÓN: | H7: =+PRESUPUESTO!A184 -> 11.1.1
A8: ITEM: | B8: =VLOOKUP(H7,PRESUPUESTO!$A$18:$F$251,2,FALSE) -> Suministro e instalación de griferia grival para lavaplatos nepal Sencilla. Para mesones en acero inoxidable de locales comerciales. | G8: UNIDAD | H8: =VLOOKUP(H7,PRESUPUESTO!$A$18:$F$251,3,FALSE) -> un
A10: I. EQUIPO
A11: Descripción | D11: Tipo | E11: Tarifa/Hora | F11: Rendimiento | G11: Valor-Unit.
A12: HERRAMIENTA MENOR (5%MO) | G12: =ROUND(H37*0.05,0) -> 1976
G13: =E13*F13 -> 0
G14: =E14*F14 -> 0
G15: Sub-Total | H15: =SUM(G12:G14) -> 1976
A16: II. MATERIALES EN OBRA
A17: Descripción | D17: Unidad | E17: Precio-Unit. | F17: Cantidad | G17: Valor-Unit.
A18: GRIFERIA NEPAL | D18: UN | E18: 89900 | F18: 1 | G18: =E18*F18 -> 89900
G19: =F19*E19 -> 0
A20: DESPERDICIO | C20: 0.05 | G20: =SUM(G17:G19)*C20 -> 4495
G24: Sub-Total | H24: =SUM(G18:G23) -> 94395
A25: III. TRANSPORTES
A26: Material | D26: Unidad | E26: Precio-Unit. | F26: Cantidad | G26: Valor-Unit.
A27: TRASIEGO | D27: UN | E27: 100 | F27: 1 | G27: =E27*F27 -> 100
A28: GRIFERIA | D28: UN | E28: 3000 | F28: 1 | G28: =E28*F28 -> 3000
G29: Sub-Total | H29: =SUM(G27:G28) -> 3100
A30: IV. MANO DE OBRA
A31: Trabajador | C31: Jornal | D31: Prestaciones | E31: Jornal Total | F31: Rendimiento | G31: Valor-Unit.
A32: AYUDANTE | C32: =PERSONAL!$E$31 -> 48800 | D32: =PERSONAL!$F$31 -> 1.7431 | E32: =+D32*C32 -> 85063.28 | F32: 6 | G32: =ROUND(E32/F32,0) -> 14177
A33: OFICIAL | C33: =PERSONAL!$E$32 -> 87200 | D33: =PERSONAL!$F$31 -> 1.7431 | E33: =+D33*C33 -> 151998.32 | F33: 6 | G33: =ROUND(E33/F33,0) -> 25333
G37: Sub-Total | H37: =SUM(G32:G36) -> 39510
E39: Total Costo Directo | H39: =H15+H24+H29+H37 -> 138981
A40: V. COSTOS INDIRECTOS
A41: Descripción | F41: Porcentaje | G41: Valor Total
A42: ADMINISTRACION | F42: =PRESUPUESTO!$E$222 -> 0.109 | G42: =+F42*H39 -> 15148.929
A43: IMPREVISTOS | F43: =PRESUPUESTO!$E$223 -> 0.05 | G43: =+F43*H39 -> 6949.05
A44: UTILIDAD | F44: 0 | G44: =+F44*H39 -> 0
G45: Sub-Total | H45: =SUM(G42:G44) -> 22097.979
D47: Precio unitario total aproximado al peso | H47: =ROUND((H39+H45),0) -> 161079
A49: INDICE
A51: RENOVACIÓN DEL PARQUE PRINCIPAL DEL MUNICIPIO DE COPACABANA - ANTIQUIA
E52: ANÁLISIS DE PRECIOS UNITARIOS
A55: CAPITULO: | B55: =+PRESUPUESTO!$B$182 -> APARATOS SANITARIOS Y ACCESORIOS | G55: ESPECIFICACIÓN: | H55: =+PRESUPUESTO!A186 -> 11.2.1
A56: ITEM: | B56: =VLOOKUP(H55,PRESUPUESTO!$A$18:$F$251,2,FALSE) -> Suministro e instalación de barra en granito verde ubatuna o negro, incluye patas laterales según detalle. | G56: UNIDAD | H56: =VLOOKUP(H55,PRESUPUESTO!$A$18:$F$251,3,FALSE) -> ml
A58: I. EQUIPO
A59: Descripción | D59: Tipo | E59: Tarifa/Hora | F59: Rendimiento | G59: Valor-Unit.
A60: HERRAMIENTA MENOR (5%MO) | G60: =ROUND(H85*0.05,0) -> 2533
G61: =E61*F61 -> 0
G62: =E62*F62 -> 0
G63: Sub-Total | H63: =SUM(G60:G62) -> 2533
A64: II. MATERIALES EN OBRA
A65: Descripción | D65: Unidad | E65: Precio-Unit. | F65: Cantidad | G65: Valor-Unit.
A66: BARRA EN GRANITO | D66: ML | E66: 620000 | F66: 1 | G66: =E66*F66 -> 620000
G67: =E67*F67 -> 0
A68: DESPERDICIO | C68: 0.05 | G68: =SUM(G65:G67)*C68 -> 31000
G72: Sub-Total | H72: =SUM(G66:G71) -> 651000
A73: III. TRANSPORTES
A74: Material | D74: Unidad | E74: Precio-Unit. | F74: Cantidad | G74: Valor-Unit.
A75: BARRA EN GRANITO | D75: ML | E75: 14000 | F75: 1 | G75: =E75*F75 -> 14000
G77: Sub-Total | H77: =SUM(G75:G76) -> 14000
A78: IV. MANO DE OBRA
A79: Trabajador | C79: Jornal | D79: Prestaciones | E79: Jornal Total | F79: Rendimiento | G79: Valor-Unit.
A80: OFICIAL | C80: =PERSONAL!$E$32 -> 87200 | D80: =PERSONAL!$F$31 -> 1.7431 | E80: =+D80*C80 -> 151998.32 | F80: 3 | G80: =ROUND(E80/F80,0) -> 50666
G85: Sub-Total | H85: =SUM(G80:G84) -> 50666
E87: Total Costo Directo | H87: =H63+H72+H77+H85 -> 718199
A88: V. COSTOS INDIRECTOS
A89: Descripción | F89: Porcentaje | G89: Valor Total
A90: ADMINISTRACION | F90: 0.1530513 | G90: =+F90*H87 -> 109921.29
A91: IMPREVISTOS | F91: =PRESUPUESTO!$E$223 -> 0.05 | G91: =+F91*H87 -> 35909.95
A92: UTILIDAD | F92: 0 | G92: =+F92*H87 -> 0
G93: Sub-Total | H93: =SUM(G90:G92) -> 145831.24
D95: Precio unitario total aproximado al peso | H95: =ROUND((H87+H93),0) -> 864030

Sheet 12. APU EXTERIORES
A1: INDICE
A3: RENOVACIÓN DEL PARQUE PRINCIPAL DEL MUNICIPIO DE COPACABANA - ANTIQUIA
E4: ANÁLISIS DE PRECIOS UNITARIOS
A7: CAPITULO: | B7: =+PRESUPUESTO!$B$189 -> OBRAS EXTERIORES | G7: ESPECIFICACIÓN: | H7: =+PRESUPUESTO!$A$191 -> 12.1.1
A8: ITEM: | B8: =VLOOKUP(H7,PRESUPUESTO!$A$18:$F$251,2,FALSE) -> Suministro e instalación de jardineria | G8: UNIDAD | H8: =VLOOKUP(H7,PRESUPUESTO!$A$18:$F$251,3,FALSE) -> m2
A10: I. EQUIPO
A11: Descripción | D11: Tipo | E11: Tarifa/Hora | F11: Rendimiento | G11: Valor-Unit.
A12: HERRAMIENTA MENOR (5%MO) | G12: =ROUND(H37*0.05,0) -> 697
G13: =E13*F13 -> 0
G14: =E14*F14 -> 0
G15: Sub-Total | H15: =SUM(G12:G14) -> 697
A16: II. MATERIALES EN OBRA
A17: Descripción | D17: Unidad | E17: Precio-Unit. | F17: Cantidad | G17: Valor-Unit.
A18: GRAMA | D18: M2 | E18: 14000 | F18: 1 | G18: =E18*F18 -> 14000
A19: ABONO | D19: M2 | E19: 8000 | F19: 1 | G19: =F19*E19 -> 8000
A20: DESPERDICIO | C20: 0.05 | G20: =SUM(G17:G19)*C20 -> 1100
G24: Sub-Total | H24: =SUM(G18:G23) -> 23100
A25: III. TRANSPORTES
A26: Material | D26: Unidad | E26: Precio-Unit. | F26: Cantidad | G26: Valor-Unit.
A27: TRASIEGO | D27: M2 | E27: 100 | F27: 1 | G27: =E27*F27 -> 100
A28: GRAMA | D28: M2 | E28: 3000 | F28: 1 | G28: =E28*F28 -> 3000
G29: Sub-Total | H29: =SUM(G27:G28) -> 3100
A30: IV. MANO DE OBRA
A31: Trabajador | C31: Jornal | D31: Prestaciones | E31: Jornal Total | F31: Rendimiento | G31: Valor-Unit.
A32: AYUDANTE | C32: =PERSONAL!$E$31 -> 48800 | D32: =PERSONAL!$F$31 -> 1.7431 | E32: =+D32*C32 -> 85063.28 | F32: 17 | G32: =ROUND(E32/F32,0) -> 5004
A33: OFICIAL | C33: =PERSONAL!$E$32 -> 87200 | D33: =PERSONAL!$F$31 -> 1.7431 | E33: =+D33*C33 -> 151998.32 | F33: 17 | G33: =ROUND(E33/F33,0) -> 8941
G37: Sub-Total | H37: =SUM(G32:G36) -> 13945
E39: Total Costo Directo | H39: =H15+H24+H29+H37 -> 40842
A40: V. COSTOS INDIRECTOS
A41: Descripción | F41: Porcentaje | G41: Valor Total
A42: ADMINISTRACION | F42: =PRESUPUESTO!$E$222 -> 0.109 | G42: =+F42*H39 -> 4451.778
A43: IMPREVISTOS | F43: =PRESUPUESTO!$E$223 -> 0.05 | G43: =+F43*H39 -> 2042.1
A44: UTILIDAD | F44: 0 | G44: =+F44*H39 -> 0
G45: Sub-Total | H45: =SUM(G42:G44) -> 6493.878
D47: Precio unitario total aproximado al peso | H47: =ROUND((H39+H45),0) -> 47336
A48: INDICE
A51: Ítems | B51: Actividad | C51: Unidad | D51: V / Unitario
A52: 1 | B52: Señalizacion horizontal (Pictogramas, Lineas y Cebras) | D52: 2024 | E52: Propuesta de cambio estructural | F52: Propuesta de cambio estructural
A53: 1.1 | B53: Suministro e instalación de marcas viales con material plástico en frío con resistencia al deslizamiento (flechas direccionales, flechas de fin de carril, textos, pares, triángulos ceda el paso, diamantes ceda el paso, textos de zona, pictograma de zona escolar entre otros). Incluye alúmina antideslizante, garantia superior a 3 años. | C53: m2 | D53: 76603.8 | E53: =142.5+100 -> 242.5 | F53: =+$D53*E53 -> 18576422
A54: 1.2 | B54: Suministro e instalación de marcas viales con material plástico en frío con resistencia al deslizamiento , Incluye alúmina antideslizante. LINEA BLANCA O AMARILLA, Canalización continua o segmentada (12cm) garantia superior a 3 años. | C54: m | D54: 7933.965 | E54: 303 | F54: =+$D54*E54 -> 2403991.4
A55: 1.3 | B55: Suministro y aplicación de recubrimiento y demarcación vial, para RESALTOS, COLOR AMARILLO de 2,20m de ancho en material plástico en frío, antideslizante, y reflectivo. garantia superior a 3 años. | C55: m2 | D55: =+D53 -> 76603.8 | E55: 80 | F55: =+$D55*E55 -> 6128304
A56: 2 | B56: Señalizacion Vertical (Señales de poste y techo)
A57: 2.2 | B57: Retiro de señal vertical o poste y traslado e instalacion al lugar que indiquen | C57: un | D57: 116274 | E57: 4 | F57: =+$D57*E57 -> 465096
A58: 2.4 | B58: Suministro e instalación de señalización vertical tipo SI - nomenclatura urbana tipo cruceta con material reflectivo tipo XI en tubería de 3", según normas y especificaciones del ministerio de vías y transportes. Incluye suministro, transporte, parales, aviso y anclajes, previa aprobación por parte de la Interventoría.y todo lo necesario para su correcta instalación. | C58: un | D58: 670283 | E58: 4 | F58: =+$D58*E58 -> 2681132
A59: 2.5 | B59: Suministro e instalación de señalización CORBATIN DE 75X25 elaborado en lamina galvanizada calibre 16 y recubierto en reflectivi tipo XI (Grado Diamante DG3) | C59: un | D59: 75000 | E59: 2 | F59: =+$D59*E59 -> 150000
A60: TOTAL | F60: =+SUM(F53:F59) -> 30404945

Sheet 13. APU AMOBLAMIENTO
A1: INDICE
A3: RENOVACIÓN DEL PARQUE PRINCIPAL DEL MUNICIPIO DE COPACABANA - ANTIQUIA
E4: ANÁLISIS DE PRECIOS UNITARIOS
A7: CAPITULO: | B7: =+PRESUPUESTO!$B$201 -> AMOBLAMIENTO | G7: ESPECIFICACIÓN: | H7: =+PRESUPUESTO!$A$203 -> 13.1.1
A8: ITEM: | B8: =VLOOKUP(H7,PRESUPUESTO!$A$18:$F$251,2,FALSE) -> Suministro e instalación de mesa en concreto prefabricado, concreto a la vista pulido. Medidas 80x80x80 cm con juego de mesa pintado de ajedrez o parques. | G8: UNIDAD | H8: =VLOOKUP(H7,PRESUPUESTO!$A$18:$F$251,3,FALSE) -> un
A10: I. EQUIPO
A11: Descripción | D11: Tipo | E11: Tarifa/Hora | F11: Rendimiento | G11: Valor-Unit.
A12: HERRAMIENTA MENOR (5%MO) | G12: =ROUND(H37*0.05,0) -> 3951
G15: Sub-Total | H15: =SUM(G12:G14) -> 3951
A16: II. MATERIALES EN OBRA
A17: Descripción | D17: Unidad | E17: Precio-Unit. | F17: Cantidad | G17: Valor-Unit.
A18: MESAS JUEGOS | D18: UN | E18: =2000000*1.19+100000 -> 2480000 | F18: 1 | G18: =E18*F18 -> 2480000 | J18: =1.2*476000 -> 571200
A20: DESPERDICIO | C20: 0.05
G24: Sub-Total | H24: =SUM(G18:G23) -> 2480000
A25: III. TRANSPORTES
A26: Material | D26: Unidad | E26: Precio-Unit. | F26: Cantidad | G26: Valor-Unit.
A27: BANCAS | D27: UN | E27: 82500 | F27: 1 | G27: =E27*F27 -> 82500 | I27: =+G27*PRESUPUESTO!D203 -> 907500 | J27: =310000*1.19 -> 368900 | N27: 850000
A28: TRANPORTE INTERNO | D28: UN | E28: =+PERSONAL!$E$31*PERSONAL!$F$31 -> 85063.28 | F28: =1/4 -> 0.25 | G28: =E28*F28 -> 21265.82 | J28: =1390000*1.19 -> 1654100
G29: Sub-Total | H29: =SUM(G27:G28) -> 103765.82
A30: IV. MANO DE OBRA
A31: Trabajador | C31: Jornal | D31: Prestaciones | E31: Jornal Total | F31: Rendimiento | G31: Valor-Unit.
A32: AYUDANTE | C32: 48800 | D32: 1.7431 | E32: 85063.28 | F32: 3 | G32: =+E32/F32 -> 28354.427
A33: OFICIAL | C33: 87200 | D33: 1.7431 | E33: 151998.32 | F33: =+F32 -> 3 | G33: =+E33/F33 -> 50666.107
G37: Sub-Total | H37: =SUM(G32:G36) -> 79020.533 | I37: =+H37*PRESUPUESTO!D203 -> 869225.87
E39: Total Costo Directo | H39: =H15+H24+H29+H37 -> 2666737.4
A40: V. COSTOS INDIRECTOS
A41: Descripción | F41: Porcentaje | G41: Valor Total
A42: ADMINISTRACION | F42: =PRESUPUESTO!$E$222 -> 0.109 | G42: =+F42*H39 -> 290674.37
A43: IMPREVISTOS | F43: =PRESUPUESTO!$E$223 -> 0.05 | G43: =+F43*H39 -> 133336.87
A44: UTILIDAD | F44: 0 | G44: =+F44*H39 -> 0
G45: Sub-Total | H45: =SUM(G42:G44) -> 424011.24
D47: Precio unitario total aproximado al peso | H47: =ROUND((H39+H45),0) -> 3090749
A49: INDICE
A51: RENOVACIÓN DEL PARQUE PRINCIPAL DEL MUNICIPIO DE COPACABANA - ANTIQUIA
E52: ANÁLISIS DE PRECIOS UNITARIOS
A55: CAPITULO: | B55: =+PRESUPUESTO!$B$201 -> AMOBLAMIENTO | G55: ESPECIFICACIÓN: | H55: =+PRESUPUESTO!$A$204 -> 13.1.2
A56: ITEM: | B56: =VLOOKUP(H55,PRESUPUESTO!$A$18:$F$251,2,FALSE) -> Suministro e instalación de bancas en concreto prefabricado, concreto a la vista pulido, cubo con acabado en dado en los cuatro laterales, los circulos que forman el numero van en profundidad no en relieve. Medidas 45x45x45 cm para juego de mesa pintado de ajedrez o parques. Incluye base en concreto de 5 cm o según ficha de fabricación, con soporte en hierro para anclaje al suelo. | G56: UNIDAD | H56: =VLOOKUP(H55,PRESUPUESTO!$A$18:$F$251,3,FALSE) -> un
A58: I. EQUIPO
A59: Descripción | D59: Tipo | E59: Tarifa/Hora | F59: Rendimiento | G59: Valor-Unit.
A60: HERRAMIENTA MENOR (5%MO) | G60: =ROUND(H85*0.05,0) -> 1185
G63: Sub-Total | H63: =SUM(G60:G62) -> 1185
A64: II. MATERIALES EN OBRA
A65: Descripción | D65: Unidad | E65: Precio-Unit. | F65: Cantidad | G65: Valor-Unit.
A66: BANCA | D66: UN | E66: =850000*1.19 -> 1011500 | F66: 1 | G66: =E66*F66 -> 1011500 | J66: =1.2*154700 -> 185640
A68: DESPERDICIO | C68: 0.05
G72: Sub-Total | H72: =SUM(G66:G71) -> 1011500
A73: III. TRANSPORTES
A74: Material | D74: Unidad | E74: Precio-Unit. | F74: Cantidad | G74: Valor-Unit.
A75: BANCAS | D75: UN | E75: 82500 | F75: =1/4 -> 0.25 | G75: =E75*F75 -> 20625 | K75: SI | L75: =0.5*0.5*0.35 -> 0.0875 | M75: 50 | N75: 850000
A76: TRANPORTE INTERNO | D76: UN | E76: =+PERSONAL!$E$31*PERSONAL!$F$31 -> 85063.28 | F76: =1/8 -> 0.125 | G76: =E76*F76 -> 10632.91 | L76: =0.45*0.45*0.45 -> 0.091125 | M76: =(L76*M75)/L75 -> 52.071429
G77: Sub-Total | H77: =SUM(G75:G76) -> 31257.91
A78: IV. MANO DE OBRA
A79: Trabajador | C79: Jornal | D79: Prestaciones | E79: Jornal Total | F79: Rendimiento | G79: Valor-Unit.
A80: AYUDANTE | C80: 48800 | D80: 1.7431 | E80: 85063.28 | F80: 10 | G80: =+E80/F80 -> 8506.328
A81: OFICIAL | C81: 87200 | D81: 1.7431 | E81: 151998.32 | F81: =+F80 -> 10 | G81: =+E81/F81 -> 15199.832
G85: Sub-Total | H85: =SUM(G80:G84) -> 23706.16
E87: Total Costo Directo | H87: =H63+H72+H77+H85 -> 1067649.1
A88: V. COSTOS INDIRECTOS
A89: Descripción | F89: Porcentaje | G89: Valor Total
A90: ADMINISTRACION | F90: =PRESUPUESTO!$E$222 -> 0.109 | G90: =+F90*H87 -> 116373.75
A91: IMPREVISTOS | F91: =PRESUPUESTO!$E$223 -> 0.05 | G91: =+F91*H87 -> 53382.454
A92: UTILIDAD | F92: 0 | G92: =+F92*H87 -> 0
G93: Sub-Total | H93: =SUM(G90:G92) -> 169756.2
D95: Precio unitario total aproximado al peso | H95: =ROUND((H87+H93),0) -> 1237405
A97: INDICE
A99: RENOVACIÓN DEL PARQUE PRINCIPAL DEL MUNICIPIO DE COPACABANA - ANTIQUIA
E100: ANÁLISIS DE PRECIOS UNITARIOS
A103: CAPITULO: | B103: =+PRESUPUESTO!$B$201 -> AMOBLAMIENTO | G103: ESPECIFICACIÓN: | H103: =+PRESUPUESTO!$A$205 -> 13.1.3
A104: ITEM: | B104: =VLOOKUP(H103,PRESUPUESTO!$A$18:$F$251,2,FALSE) -> Suministro e instalación de bancas en concreto prefabricado, concreto a la vista pulido, colores amarillo, rojo, azul y verde. Medidas 45x45x45 cm. Incluye base en concreto de 5 cm o según ficha de fabricación, con soporte en hierro para anclaje al suelo. Escudo del municipio estampado en cara frontal, en 2 cubos de la modulación. | G104: UNIDAD | H104: =VLOOKUP(H103,PRESUPUESTO!$A$18:$F$251,3,FALSE) -> un
A106: I. EQUIPO
A107: Descripción | D107: Tipo | E107: Tarifa/Hora | F107: Rendimiento | G107: Valor-Unit.
A108: HERRAMIENTA MENOR (5%MO) | G108: =ROUND(H133*0.05,0) -> 1185
G111: Sub-Total | H111: =SUM(G108:G110) -> 1185
A112: II. MATERIALES EN OBRA
A113: Descripción | D113: Unidad | E113: Precio-Unit. | F113: Cantidad | G113: Valor-Unit.
A114: BANCA | D114: UN | E114: =950000*1.19+80000 -> 1210500 | F114: 1 | G114: =E114*F114 -> 1210500 | J114: =1.2*226100 -> 271320
A116: DESPERDICIO | C116: 0.05
G120: Sub-Total | H120: =SUM(G114:G119) -> 1210500
A121: III. TRANSPORTES
A122: Material | D122: Unidad | E122: Precio-Unit. | F122: Cantidad | G122: Valor-Unit.
A123: BANCAS | D123: UN | E123: 82500 | F123: =1/4 -> 0.25 | G123: =E123*F123 -> 20625 | K123: SI | L123: =0.5*0.5*0.35 -> 0.0875 | M123: 50 | N123: 850000
A124: TRANPORTE INTERNO | D124: UN | E124: =+PERSONAL!$E$31*PERSONAL!$F$31 -> 85063.28 | F124: =1/8 -> 0.125 | G124: =E124*F124 -> 10632.91 | L124: =0.45*0.45*0.45 -> 0.091125 | M124: =(L124*M123)/L123 -> 52.071429
G125: Sub-Total | H125: =SUM(G123:G124) -> 31257.91 | L125: =+L124/L174 -> 0.6328125
A126: IV. MANO DE OBRA
A127: Trabajador | C127: Jornal | D127: Prestaciones | E127: Jornal Total | F127: Rendimiento | G127: Valor-Unit.
A128: AYUDANTE | C128: 48800 | D128: 1.7431 | E128: 85063.28 | F128: 10 | G128: =+E128/F128 -> 8506.328
A129: OFICIAL | C129: 87200 | D129: 1.7431 | E129: 151998.32 | F129: =+F128 -> 10 | G129: =+E129/F129 -> 15199.832
G133: Sub-Total | H133: =SUM(G128:G132) -> 23706.16
E135: Total Costo Directo | H135: =H111+H120+H125+H133 -> 1266649.1
A136: V. COSTOS INDIRECTOS
A137: Descripción | F137: Porcentaje | G137: Valor Total
A138: ADMINISTRACION | F138: =PRESUPUESTO!$E$222 -> 0.109 | G138: =+F138*H135 -> 138064.75
A139: IMPREVISTOS | F139: =PRESUPUESTO!$E$223 -> 0.05 | G139: =+F139*H135 -> 63332.453
A140: UTILIDAD | F140: 0 | G140: =+F140*H135 -> 0
G141: Sub-Total | H141: =SUM(G138:G140) -> 201397.2
D143: Precio unitario total aproximado al peso | H143: =ROUND((H135+H141),0) -> 1468046
A145: INDICE
A147: RENOVACIÓN DEL PARQUE PRINCIPAL DEL MUNICIPIO DE COPACABANA - ANTIQUIA
E148: ANÁLISIS DE PRECIOS UNITARIOS
A151: CAPITULO: | B151: =+PRESUPUESTO!$B$201 -> AMOBLAMIENTO | G151: ESPECIFICACIÓN: | H151: =+PRESUPUESTO!$A$206 -> 13.1.4
...

Sheet 14. APU CARP. METAL
A1: INDICE
A3: RENOVACIÓN DEL PARQUE PRINCIPAL DEL MUNICIPIO DE COPACABANA - ANTIQUIA
E4: ANÁLISIS DE PRECIOS UNITARIOS
A7: CAPITULO: | B7: =+PRESUPUESTO!$B$211 -> CARPINTERÍA METÁLICA | G7: ESPECIFICACIÓN: | H7: =+PRESUPUESTO!$A$213 -> 14.1.1
A8: ITEM: | B8: =VLOOKUP(H7,PRESUPUESTO!$A$18:$F$251,2,FALSE) -> Suministro e instalación de cortilla enrollable con fleje plano de 6 cm de alto, galvanizado C.24, riel en U, bandeja de 30x32 cm con sistema de candadis internos a ambos lados, volante en angulo de 1/2x1/8", incluye pintura de acabo final, para locales comerciales. | G8: UNIDAD | H8: =VLOOKUP(H7,PRESUPUESTO!$A$18:$F$251,3,FALSE) -> m2
A10: I. EQUIPO
A11: Descripción | D11: Tipo | E11: Tarifa/Hora | F11: Rendimiento | G11: Valor-Unit.
A12: HERRAMIENTA MENOR (5%MO) | G12: =ROUND(H37*0.05,0) -> 0
G15: Sub-Total | H15: =SUM(G12:G14) -> 0
A16: II. MATERIALES EN OBRA
A17: Descripción | D17: Unidad | E17: Precio-Unit. | F17: Cantidad | G17: Valor-Unit.
A18: CORTINA ENROLLABLE, INC M.O | D18: UN/M2 | E18: 1273034 | F18: 1 | G18: =E18*F18 -> 1273034
A20: DESPERDICIO | C20: 0.05
G24: Sub-Total | H24: =SUM(G18:G23) -> 1273034
A25: III. TRANSPORTES
A26: Material | D26: Unidad | E26: Precio-Unit. | F26: Cantidad | G26: Valor-Unit.
A27: CORTINA ENROLLABLE | D27: M2 | E27: 11500 | F27: 1 | G27: =E27*F27 -> 11500
G29: Sub-Total | H29: =SUM(G27:G28) -> 11500
A30: IV. MANO DE OBRA
A31: Trabajador | C31: Jornal | D31: Prestaciones | E31: Jornal Total | F31: Rendimiento | G31: Valor-Unit.
G37: Sub-Total | H37: =SUM(G32:G36) -> 0
E39: Total Costo Directo | H39: =H15+H24+H29+H37 -> 1284534
A40: V. COSTOS INDIRECTOS
A41: Descripción | F41: Porcentaje | G41: Valor Total
A42: ADMINISTRACION | F42: =PRESUPUESTO!$E$222 -> 0.109 | G42: =+F42*H39 -> 140014.21
A43: IMPREVISTOS | F43: =PRESUPUESTO!$E$223 -> 0.05 | G43: =+F43*H39 -> 64226.7
A44: UTILIDAD | F44: 0 | G44: =+F44*H39 -> 0
G45: Sub-Total | H45: =SUM(G42:G44) -> 204240.91
D47: Precio unitario total aproximado al peso | H47: =ROUND((H39+H45),0) -> 1488775
A49: INDICE
A51: RENOVACIÓN DEL PARQUE PRINCIPAL DEL MUNICIPIO DE COPACABANA - ANTIQUIA
E52: ANÁLISIS DE PRECIOS UNITARIOS
A55: CAPITULO: | B55: =+PRESUPUESTO!$B$211 -> CARPINTERÍA METÁLICA | G55: ESPECIFICACIÓN: | H55: =+PRESUPUESTO!A215 -> 14.2.1
A56: ITEM: | B56: =VLOOKUP(H55,PRESUPUESTO!$A$18:$F$251,2,FALSE) -> Suministro e instalación de puerta batiente en acero inoxidable de 86x94 cm, para locales comerciales. | G56: UNIDAD | H56: =VLOOKUP(H55,PRESUPUESTO!$A$18:$F$251,3,FALSE) -> un
A58: I. EQUIPO
A59: Descripción | D59: Tipo | E59: Tarifa/Hora | F59: Rendimiento | G59: Valor-Unit.
A60: HERRAMIENTA MENOR (5%MO) | G60: =ROUND(H85*0.05,0) -> 3040
G63: Sub-Total | H63: =SUM(G60:G62) -> 3040
A64: II. MATERIALES EN OBRA
A65: Descripción | D65: Unidad | E65: Precio-Unit. | F65: Cantidad | G65: Valor-Unit.
A66: PUERTA BATIENTE | D66: UN | E66: =1100000 -> 1100000 | F66: 1 | G66: =E66*F66 -> 1100000
A68: DESPERDICIO | C68: 0.05
G72: Sub-Total | H72: =SUM(G66:G71) -> 1100000
A73: III. TRANSPORTES
A74: Material | D74: Unidad | E74: Precio-Unit. | F74: Cantidad | G74: Valor-Unit.
A75: PUERTA BATIENTE | D75: UN | E75: 20000 | F75: 1 | G75: =E75*F75 -> 20000
G77: Sub-Total | H77: =SUM(G75:G76) -> 20000
A78: IV. MANO DE OBRA
A79: Trabajador | C79: Jornal | D79: Prestaciones | E79: Jornal Total | F79: Rendimiento | G79: Valor-Unit.
A80: OFICIAL | C80: =PERSONAL!$E$32 -> 87200 | D80: =PERSONAL!$F$31 -> 1.7431 | E80: =+D80*C80 -> 151998.32 | F80: 2.5 | G80: =ROUND(E80/F80,0) -> 60799
G85: Sub-Total | H85: =SUM(G80:G84) -> 60799
E87: Total Costo Directo | H87: =H63+H72+H77+H85 -> 1183839
A88: V. COSTOS INDIRECTOS
A89: Descripción | F89: Porcentaje | G89: Valor Total
A90: ADMINISTRACION | F90: =PRESUPUESTO!$E$222 -> 0.109 | G90: =+F90*H87 -> 129038.45
A91: IMPREVISTOS | F91: =PRESUPUESTO!$E$223 -> 0.05 | G91: =+F91*H87 -> 59191.95
A92: UTILIDAD | F92: 0 | G92: =+F92*H87 -> 0
G93: Sub-Total | H93: =SUM(G90:G92) -> 188230.4
D95: Precio unitario total aproximado al peso | H95: =ROUND((H87+H93),0) -> 1372069
A97: INDICE
A99: RENOVACIÓN DEL PARQUE PRINCIPAL DEL MUNICIPIO DE COPACABANA - ANTIQUIA
E100: ANÁLISIS DE PRECIOS UNITARIOS
A103: CAPITULO: | B103: =+PRESUPUESTO!$B$211 -> CARPINTERÍA METÁLICA | G103: ESPECIFICACIÓN: | H103: =+PRESUPUESTO!$A$217 -> 14.3.1
A104: ITEM: | B104: =VLOOKUP(H103,PRESUPUESTO!$A$18:$F$251,2,FALSE) -> Suministro e instalación de mesón de 1.5x0.6 m en acero inoxidable, incluye pozuelo, para locales comerciales. | G104: UNIDAD | H104: =VLOOKUP(H103,PRESUPUESTO!$A$18:$F$251,3,FALSE) -> un
A106: I. EQUIPO
A107: Descripción | D107: Tipo | E107: Tarifa/Hora | F107: Rendimiento | G107: Valor-Unit.
A108: HERRAMIENTA MENOR (5%MO) | G108: =ROUND(H133*0.05,0) -> 5067
G111: Sub-Total | H111: =SUM(G108:G110) -> 5067
A112: II. MATERIALES EN OBRA
A113: Descripción | D113: Unidad | E113: Precio-Unit. | F113: Cantidad | G113: Valor-Unit.
A114: MESON | D114: UN | E114: =1.15*1200000 -> 1380000 | F114: 1 | G114: =E114*F114 -> 1380000
A116: DESPERDICIO | C116: 0.05
G120: Sub-Total | H120: =SUM(G114:G119) -> 1380000
A121: III. TRANSPORTES
A122: Material | D122: Unidad | E122: Precio-Unit. | F122: Cantidad | G122: Valor-Unit.
A123: MESON | D123: UN | E123: 25000 | F123: 1 | G123: =E123*F123 -> 25000
G125: Sub-Total | H125: =SUM(G123:G124) -> 25000
A126: IV. MANO DE OBRA
A127: Trabajador | C127: Jornal | D127: Prestaciones | E127: Jornal Total | F127: Rendimiento | G127: Valor-Unit.
A128: OFICIAL | C128: =PERSONAL!$E$32 -> 87200 | D128: =PERSONAL!$F$31 -> 1.7431 | E128: =+D128*C128 -> 151998.32 | F128: 1.5 | G128: =ROUND(E128/F128,0) -> 101332
G133: Sub-Total | H133: =SUM(G128:G132) -> 101332
E135: Total Costo Directo | H135: =H111+H120+H125+H133 -> 1511399
A136: V. COSTOS INDIRECTOS
A137: Descripción | F137: Porcentaje | G137: Valor Total
A138: ADMINISTRACION | F138: =PRESUPUESTO!$E$222 -> 0.109 | G138: =+F138*H135 -> 164742.49
A139: IMPREVISTOS | F139: =PRESUPUESTO!$E$223 -> 0.05 | G139: =+F139*H135 -> 75569.95
A140: UTILIDAD | F140: 0 | G140: =+F140*H135 -> 0
G141: Sub-Total | H141: =SUM(G138:G140) -> 240312.44
D143: Precio unitario total aproximado al peso | H143: =ROUND((H135+H141),0) -> 1751711
A145: INDICE
A147: RENOVACIÓN DEL PARQUE PRINCIPAL DEL MUNICIPIO DE COPACABANA - ANTIQUIA
E148: ANÁLISIS DE PRECIOS UNITARIOS
A151: CAPITULO: | B151: =+PRESUPUESTO!$B$211 -> CARPINTERÍA METÁLICA | G151: ESPECIFICACIÓN: | H151: =+PRESUPUESTO!$A$218 -> 14.3.2
A152: ITEM: | B152: =VLOOKUP(H151,PRESUPUESTO!$A$18:$F$251,2,FALSE) -> Suministro e instalación de registro de respiración en lámina de acero perforada sobre ladrillo portante para locales comerciales. | G152: UNIDAD | H152: =VLOOKUP(H151,PRESUPUESTO!$A$18:$F$251,3,FALSE) -> un
A154: I. EQUIPO
A155: Descripción | D155: Tipo | E155: Tarifa/Hora | F155: Rendimiento | G155: Valor-Unit.
A156: HERRAMIENTA MENOR (5%MO) | G156: =ROUND(H181*0.05,0) -> 2171
G159: Sub-Total | H159: =SUM(G156:G158) -> 2171
A160: II. MATERIALES EN OBRA
A161: Descripción | D161: Unidad | E161: Precio-Unit. | F161: Cantidad | G161: Valor-Unit.
...

Sheet 15. ANEXO SST-PMT-PMA
B9: OBJETO: | C9: =+PRESUPUESTO!C8 -> RENOVACIÓN DEL PARQUE PRINCIPAL DEL MUNICIPIO DE COPACABANA - ANTIOQUIA
B11: Total Horas hombre | D11: =D17*D12*26*8 -> 239616
B12: Plazo del proyecto | D12: 8
B13: Equipos Generadores de Ruido | D13: 0
B14: Promedio trabajadores mensual | D14: 120
B15: Trabajo en altura | D15: Si
B16: Frentes de trabajos Aprox. | D16: 1
B17: Indice de rotación de personal | C17: 0.2 | D17: =D14*(1+$C$17) -> 144
B18: Trabajadores en alturas | C18: 0.14 | D18: =ROUND(+D17*C18,0) -> 20
B20: 1. COMPONENTE SOCIAL
B21: 1. COMPONENTE SOCIAL | C21: Accion Social | D21: Programa al cual pertenece en el PASAO | E21: Detalle | F21: CANTIDAD | G21: UNIDAD | H21: Valor Unitario | I21: Valor Total
C22: SOCIALIZACION | D22: Programa de participación ciudadana | E22: Reuniones con comunidad inicio,avance y finde obra. Incluye refrigerio,sitio de reunión,silleteria y medio audiovisual requerido. (100 Personas) | F22: 3 | G22: Un | H22: =8000*80+1500000 -> 2140000 | I22: =ROUND(F22*H22,0) -> 6420000
E23: Reuniones y capacitaciones comité ciudadano de obra. Esto incluye refrigerio, sitio de reunión, silleteria y medio audiovisual requerido. | F23: =+PLAZO -> 8 | G23: mes | H23: =8000*40+1500000*(40/100) -> 920000 | I23: =ROUND(F23*H23,0) -> 7360000
E24: Actividad de sostenibilidad una vez finalizada la obra | G24: Un | H24: 2500000 | I24: =ROUND(F24*H24,0) -> 0
C25: INFORMACION Y DIVULGACION | D25: Programa de información y comunicación a la comunidad | E25: Afiche según manual de imagen | F25: 30 | G25: Un | H25: 35000 | I25: =ROUND(F25*H25,0) -> 1050000
E26: Volantes de obra: papel propalcote mate de 90 gramos, impreso por ambas caras a cuatro tintas, refilados, en tamaño media carta | F26: 3000 | G26: Un | H26: 750 | I26: =ROUND(F26*H26,0) -> 2250000
E27: Buzón PQRS | F27: 1 | G27: Un | H27: 65000 | I27: =ROUND(F27*H27,0) -> 65000
E28: Carteleras informativas: madera o corcho de 1 metro x 90 cms. | F28: 2 | G28: Un | H28: 120000 | I28: =ROUND(F28*H28,0) -> 240000
E29: Papeleria y formatos ( conformacion de AZ con información social del contrato, atención a PQRS, actas de reuniones, etc) | F29: 1 | G29: Global | H29: 500000 | I29: =ROUND(F29*H29,0) -> 500000
E30: Pendones institucionales para volquetas. (De 2 x 1 metro) | F30: 6 | G30: Un | H30: 110000 | I30: =ROUND(F30*H30,0) -> 660000
E31: Transporte, montaje y desmonte de valla informativa de obra de 6 x 3. Incluye lona, láninas y torres en hierro | F31: 0 | G31: Un | H31: 5120000 | I31: =ROUND(F31*H31,0) -> 0
C32: ACTAS DE VECINDAD Y DE ENTORNO | D32: Programa restitución de bienes afectados | E32: Actas de vecindad y cierre (Area de influencia directa y cuando se requiera realizar en el área de influencia indirecta). Incluye registro fotográfico, video, físico y digital. | F32: 250 | G32: Un | H32: 80000 | I32: =ROUND(F32*H32,0) -> 20000000
C33: EVENTO PRIMERA PIEDRA | D33: Social | E33: Pabellon 12 x 12, pantalla LED 5 x 3 m(p4), mesa pricipal para 10 personas y sillas (100), backing, volante informativo, Sonido 5000 vatios incluye microfono, tarima forrada de 6 x 6 m, sistema electrico y tapa cables, hidratación. | F33: 0 | G33: Un | H33: =13000000 -> 13000000 | I33: =ROUND(F33*H33,0) -> 0
C34: EVENTO DE ENTREGA DE OBRA | D34: Social | E34: Pabellon 12 x 12, pantalla LED 5 x 3 m(p4), mesa pricipal para 10 personas y sillas (100), backing, volante informativo, Sonido 5000 vatios incluye microfono, tarima forrada de 6 x 6 m, sistema electrico y tapa cables, hidratación cinta y tijeras para dar apertura simbólica. | F34: 0 | G34: Un | H34: =+H33+1500000 -> 14500000 | I34: =ROUND(F34*H34,0) -> 0
B35: TOTAL COMPONENTE SOCIAL | I35: =SUM(I22:I34) -> 38545000 | K35: =+I35/PRESUPUESTO!$F$221 -> 0.00633907
B37: 2. SEGURIDAD INDUSTRIAL Y SALUD EN EL TRABAJO
B38: 2. SEGURIDAD INDUSTRIAL Y SALUD EN EL TRABAJO | C38: Accion SST | D38: Programa al cual pertenece en el PASAO | E38: Detalle | F38: CANTIDAD | G38: UNIDAD | H38: Valor Unitario | I38: Valor Total
C39: SEGURIDAD Y SALUD EN EL TRABAJO | D39: Examenes Médicos | E39: Exámenes médicos ocupacionales de ingreso (Visometría (realizada por optometra), espirometría (realizada por terapeuta respiratoria), audiometría, énfasis osteomuscular, con alturas. | G39: Un | H39: =ROUND(540000/6,9) -> 90000 | I39: =ROUND(F39*H39,0) -> 0
E40: Exámenes médicos ocupacionales periodicos (Visometría (realizada por optometra), espirometría (realizada por terapeuta respiratoria), audiometría, énfasis osteomuscular, con alturas. | G40: Un | H40: =ROUND(540000/6,9) -> 90000 | I40: =ROUND(F40*H40,0) -> 0
E41: Exámenes médicos ocupacionales Psicomotriz para conductores | F41: 6 | G41: Un | H41: 120000 | I41: =ROUND(F41*H41,0) -> 720000
E42: Exámenes médicos ocupacionales de egreso (Visometría, espirometría, audiometría, énfasis osteomuscular | G42: Un | H42: 80000 | I42: =ROUND(F42*H42,0) -> 0
D43: Medicina Preventiva | E43: APH | G43: Un | H43: 0 | I43: =ROUND(F43*H43,0) -> 0
E44: Alcoholímetro | G44: Un | H44: 5400000 | I44: =ROUND(F44*H44,0) -> 0
E45: Tensiometro | G45: Un | H45: 75000 | I45: =ROUND(F45*H45,0) -> 0
E46: Alquiler Detector de gases | G46: Un | H46: 35420 | I46: =ROUND(F46*H46,0) -> 0
E47: Camilla de Emergencia Polietileno 185x45cm | F47: =+$D$16 -> 1 | G47: Un | H47: 210000 | I47: =ROUND(F47*H47,0) -> 210000
E48: Botiquines para campamentos y Frentes de trabajo 18 Pulg. | F48: 3 | G48: Un | H48: 55184 | I48: =ROUND(F48*H48,0) -> 165552
E49: Botiquin tipo B morral 52x36x13cm ECO | F49: 1 | G49: Un | H49: =159900 -> 159900 | I49: =ROUND(F49*H49,0) -> 159900
E50: Suero sales hidratantes | F50: 2 | G50: Caja por 30 | H50: 54000 | I50: =ROUND(F50*H50,0) -> 108000
E51: Insumos botiquines | F51: =2*PLAZO/4 -> 4 | G51: Unidades | H51: =226760/2 -> 113380 | I51: =ROUND(F51*H51,0) -> 453520
E52: Bloqueador solar | G52: Un | H52: 46000 | I52: =ROUND(F52*H52,0) -> 0
E53: Botiquines para vehiculos | F53: =+RUIDO -> 0 | G53: Un | H53: 144000 | I53: =ROUND(F53*H53,0) -> 0
E54: Sirena de alta potencia | F54: 1 | G54: Un | H54: 86400 | I54: =ROUND(F54*H54,0) -> 86400
E55: Juego de ferulas inmovilizadoras | F55: =+$F$47 -> 1 | G55: Un | H55: 320000 | I55: =ROUND(F55*H55,0) -> 320000
E56: Extintor de Agente CO2 10 libras | F56: =+$D$16 -> 1 | G56: Un | H56: =ROUND(326667/4,0) -> 81667 | I56: =ROUND(F56*H56,0) -> 81667
E57: Extintor ABC 10 libras | F57: 1 | G57: Un | H57: =ROUND(71000/4,0) -> 17750 | I57: =ROUND(F57*H57,0) -> 17750
E58: Extintor Tipo K 1,5 Kg | F58: 0 | G58: Un | H58: =438000*1.19 -> 521220 | I58: =ROUND(F58*H58,0) -> 0
E59: Radios Portátilespunto a punto | F59: 0 | G59: Un | H59: 380000 | I59: =ROUND(F59*H59,0) -> 0
E60: Recarga extintores | F60: =ROUND(+(F56+F57)*(PLAZO/12),0) -> 1 | G60: Un | H60: =18600*1.19 -> 22134 | I60: =ROUND(F60*H60,0) -> 22134
E61: Capacitacion de brigadas de emergencias (15 personas 10% del total del personal) | F61: =+PLAZO*2 -> 16 | G61: Hr | H61: =H64*15 -> 105900 | I61: =ROUND(F61*H61,0) -> 1694400 | K61: 2 veces al mes x una hora | M61: =+H64*2 -> 14120 | N61: =+M61*15 -> 211800
E62: Jornada de la salud | F62: 1 | G62: Un | H62: =(8000000/500)*T.TRABAJ. -> 2304000 | I62: =ROUND(F62*H62,0) -> 2304000
E63: Señalizacion informativa, preventiva y de prohibición laminada o plastificada | F63: 1 | G63: Global | H63: 550000 | I63: =ROUND(F63*H63,0) -> 550000
E64: Capacitaciones y Calistenia - Personal Operativo y Admin. | F64: =+PLAZO*4*T.TRABAJ. -> 4608 | G64: Hr | H64: =+PERSONAL!D31*0.8+PERSONAL!D32*0.2 -> 7060 | I64: =ROUND(F64*H64,0) -> 32532480 | K64: =(10+5)*6*4 -> 360 | L64: mes
E65: Evaluaciones de puesto de trabajo | F65: 0 | G65: Un | H65: 1300000 | I65: =ROUND(F65*H65,0) -> 0 | K65: =+K64/60 -> 6
E66: Riesgo Psicosocial | F66: 0 | G66: Un | H66: 450000 | I66: =ROUND(F66*H66,0) -> 0
E67: Baterias | F67: 0 | G67: Un | H67: 450000 | I67: =ROUND(F67*H67,0) -> 0
D68: Seguridad Industrial | E68: Chalecos para personal administrativo | F68: =+SUM('CALCULO AU'!C4:C8)+'CALCULO AU'!C14+'CALCULO AU'!C15+3 -> 10 | G68: Un | H68: =80000*1.19 -> 95200 | I68: =ROUND(F68*H68,0) -> 952000 | K68: =+SUM(I72:I90) -> 7389073
E69: Chaleco reflectivo naranja para bandereros | F69: 2 | G69: Un | H69: =8700*1.19 -> 10353 | I69: =ROUND(F69*H69,0) -> 20706 | K69: =+K68/120 -> 61575.608
E70: Uniformes de obras estampados según manual de imagen | G70: Un | H70: =(64600+38500)*1.19 -> 122689 | I70: =ROUND(F70*H70,0) -> 0
E71: Botas de seguridad | G71: =+G39 -> Un | H71: =71900*1.19 -> 85561 | I71: =ROUND(F71*H71,0) -> 0
E72: Cascos | G72: Un | H72: =35800*1.19 -> 42602 | I72: =ROUND(F72*H72,0) -> 0
E73: Protectores auditivos tipo inserción | G73: Un | H73: =1300*1.19 -> 1547 | I73: =ROUND(F73*H73,0) -> 0
E74: Protector auditivo tipo copa | G74: Un | H74: =31900*1.19 -> 37961 | I74: =ROUND(F74*H74,0) -> 0
E75: Monogafas Cirene Cyclops Oscura | G75: Un | H75: =5000*1.19 -> 5950 | I75: =ROUND(F75*H75,0) -> 0
E76: Guantes de vaqueta tipo ingeniero | G76: Un | H76: =13557 -> 13557 | I76: =ROUND(F76*H76,0) -> 0
E77: Guantes de Nitrilo corto Cal.6 | G77: Un | H77: =98953/100 -> 989.53 | I77: =ROUND(F77*H77,0) -> 0
E78: Guantes de Nitrilo largo | G78: Un | H78: 32900 | I78: =ROUND(F78*H78,0) -> 0
E79: Guantes de Caucho calibre 35 | G79: Un | H79: 8900 | I79: =ROUND(F79*H79,0) -> 0
E80: Guantes de Nylon | G80: Un | H80: =5600*1.19 -> 6664 | I80: =ROUND(F80*H80,0) -> 0
E81: Barbuquejos | G81: Un | H81: =3700*1.19 -> 4403 | I81: =ROUND(F81*H81,0) -> 0
E82: Mascarilla industrial negra Eco | G82: Un | H82: =650*1.19 -> 773.5 | I82: =ROUND(F82*H82,0) -> 0
E83: Mascarilla desechable tipo N95 o equivalente para material particulado | F83: =ROUND(T.TRABAJ.*((PLAZO*26)/3)*0.05,0) -> 499 | G83: Un | H83: =5800 -> 5800 | I83: =ROUND(F83*H83,0) -> 2894200
E84: Respirador Facial media cara 7500 | F84: =ROUND(+T.TRABAJ.*0.02,0) -> 3 | G84: Un | H84: =ROUND(127400/4,0) -> 31850 | I84: =ROUND(F84*H84,0) -> 95550
E85: Filtro respirador 2097 | F85: =+F84 -> 3 | G85: Un | H85: =20400*1.19 -> 24276 | I85: =ROUND(F85*H85,0) -> 72828
E86: Careta para esmerilar | F86: =ROUND(+T.TRABAJ.*0.05,0) -> 7 | G86: Un | H86: =27000*1.19 -> 32130 | I86: =ROUND(F86*H86,0) -> 224910
E87: Acrilico para careta de esmerilar | F87: =ROUND(+T.TRABAJ.*0.05,0) -> 7 | G87: Un | H87: 15000 | I87: =ROUND(F87*H87,0) -> 105000
E88: Impermeable industrial delta T-L HT2 PIEZ | F88: =T.TRABAJ.*0.5 -> 72 | G88: Un | H88: =40000*1.19 -> 47600 | I88: =ROUND(F88*H88,0) -> 3427200
E89: Megafono 25w/110v | F89: 1 | G89: Un | H89: =ROUND(205900*1.19/4,0) -> 61255 | I89: =ROUND(F89*H89,0) -> 61255
E90: Overol antifluidos desechable con capucha y botas PVC seguridad amarillo | F90: 2 | G90: Und. | H90: =213500*1.19 -> 254065 | I90: =ROUND(F90*H90,0) -> 508130
D91: Trabajo en alturas | E91: Curso de Espacios confinados | F91: =ROUND(+T.TRABAJ.*0.2,0) -> 29 | G91: Und. | H91: =ROUND(462184*(PLAZO)/12,0) -> 308123 | I91: =ROUND(F91*H91,0) -> 8935567 | K91: VIGENCIA DE 3 AÑOS
E92: Curso de alturas | F92: =+T.ALTURAS -> 20 | G92: Und. | H92: =221848*1.19 -> 263999.12 | I92: =ROUND(F92*H92,0) -> 5279982
E93: Curso de Coordinadores de alturas | F93: 2 | G93: Und. | H93: =281641*1.19 -> 335152.79 | I93: =ROUND(F93*H93,0) -> 670306
E94: Arnes multiproposito 4 argollas | F94: =ROUND(+T.ALTURAS/2,0) -> 10 | G94: Und. | H94: =ROUND(136500/3,0) -> 45500 | I94: =ROUND(F94*H94,0) -> 455000
E95: Eslinga doble en Y sin Absorb. | F95: =ROUND(+T.ALTURAS/2,0) -> 10 | G95: Und. | H95: =ROUND(229900/3,0) -> 76633 | I95: =ROUND(F95*H95,0) -> 766330
E96: Eslinga doble en Y con Absorb. | F96: =ROUND(+F95/5,0) -> 2 | G96: Un | H96: =ROUND(229900/3,0) -> 76633 | I96: =ROUND(F96*H96,0) -> 153266
E97: Cuerda Linea de vida comercial 13mm x 30 mts | F97: =+F96 -> 2 | G97: Un | H97: =ROUND(319000/3,0) -> 106333 | I97: =ROUND(F97*H97,0) -> 212666
E98: Cuerda Linea de vida comercial 13mm x 50 mts | F98: =+F97 -> 2 | G98: Un | H98: =ROUND(489000/3,0) -> 163000 | I98: =ROUND(F98*H98,0) -> 326000
E99: Mosquetones | F99: =ROUND(+T.ALTURAS/2,0) -> 10 | G99: Un | H99: =84900*1.19 -> 101031 | I99: =ROUND(F99*H99,0) -> 1010310
E100: Frenos arrestrador 13mm ojo grande | F100: =+F94 -> 10 | G100: Un | H100: =ROUND(299900/3,0) -> 99967 | I100: =ROUND(F100*H100,0) -> 999670
E101: Escalera certificada 3 pasos | G101: Un | H101: 236536 | I101: =ROUND(F101*H101,0) -> 0
B102: TOTAL SEGURIDAD INDUSTRIAL Y SALUD EN EL TRABAJO | I102: =SUM(I39:I101) -> 66596679 | K102: =+I102/PRESUPUESTO!$F$221 -> 0.010952419
B104: 3. PLAN DE GESTION AMBIENTAL
B105: 3. PLAN DE GESTION AMBIENTAL | C105: Accion Ambiental | D105: Programa al cual pertenece en el PASAO | E105: Detalle | F105: CANTIDAD | G105: UNIDAD | H105: Valor Unitario | I105: Valor Total
C106: MANEJO DE AGUAS SUPERFICIALES (LLUVIAS Y RESIDUALES) | D106: Prevencion de la contaminación de cuerpos de agua y redes de servicio publico | E106: Protección de Sumideros con tela verde | F106: 10 | G106: m2 | H106: 7000 | I106: =ROUND(F106*H106,0) -> 70000
E107: Construcción de lavadero de llantas | F107: 1 | G107: Un | H107: 4000000 | I107: =ROUND(F107*H107,0) -> 4000000
E108: Caja desarenadora móvil para la concretadora de 1 x 1 m. | F108: 1 | G108: Un | H108: 850000 | I108: =ROUND(F108*H108,0) -> 850000
E109: Construcción de juego de tanques sedimentadores moviles con canecas de 55 galones, tuberia pvc de 1/2" y 1m de geotextil. | F109: 0 | G109: Und. | H109: 60000 | I109: =ROUND(F109*H109,0) -> 0
E110: Construcción piscinas de sedimentación | F110: 0 | G110: Und. | H110: 1250000 | I110: =ROUND(F110*H110,0) -> 0
E111: Construcción trampa de grasas | F111: 1 | G111: Un | H111: 575000 | I111: =ROUND(F111*H111,0) -> 575000
E112: Obras para el control de escorrentía | F112: 0 | G112: Und. | H112: 350000 | I112: =ROUND(F112*H112,0) -> 0
...

Sheet APA
A1: INDICE
A3: RENOVACIÓN DEL PARQUE PRINCIPAL DEL MUNICIPIO DE COPACABANA - ANTIQUIA
E4: ANÁLISIS DE PRECIOS UNITARIOS
A7: CAPITULO: APU'S AUXILIARES | G7: ESPECIFICACIÓN:
A8: ITEM: Mortero de pega 1:4 en volumen | G8: UNIDAD: m3
A10: I. EQUIPO
A11: Descripción | D11: Tipo | E11: Tarifa/Hora | F11: Rendimiento | G11: Valor-Unit.
A12: HERRAMIENTA MENOR (5%MO) | G12: =ROUND(H36*0.05,0) -> 1482
A14: CONCRETADORA | E14: 39309.27 | F14: 4.5 | G14: =+E14/F14 -> 8735.3933
G15: Sub-Total | H15: =SUM(G12:G14) -> 10217.393
A16: II. MATERIALES EN OBRA
A17: Descripción | D17: Unidad | E17: Precio-Unit. | F17: Cantidad | G17: Valor-Unit.
A18: ARENA PEGA | D18: M3 | E18: =MATERIALES!$C$12 -> 160000 | F18: 1.16 | G18: =ROUND(F18*E18,0) -> 185600
A19: CEMENTO | D19: BULTO/M3 | E19: =MATERIALES!$C$11 -> 37510 | F19: 6 | G19: =ROUND(F19*E19,0) -> 225060
A20: AGUA | D20: LT/M3 | E20: 30 | F20: 130 | G20: =ROUND(F20*E20,0) -> 3900
A21: DESPERDICIO | C21: 0.05 | G21: =SUM(G18:G20)*C21 -> 20728
G23: Sub-Total | H23: =SUM(G18:G22) -> 435288
A24: III. TRANSPORTES
A25: Material | D25: Unidad | E25: Precio-Unit. | F25: Cantidad | G25: Valor-Unit.
A26: TRANSPORTE EN VOLQUETA | D26: 35000 | F26: =+F18 -> 1.16 | G26: =+D26*F26 -> 40600
G28: Sub-Total | H28: =SUM(G26:G27) -> 40600
A29: IV. MANO DE OBRA
A30: Trabajador | C30: Jornal | D30: Prestaciones | E30: Jornal Total | F30: Rendimiento | G30: Valor-Unit.
A31: AYUDANTE | C31: =PERSONAL!$E$31 -> 48800 | D31: =PERSONAL!$F$31 -> 1.7431 | E31: =+D31*C31 -> 85063.28 | F31: 8 | G31: =ROUND(E31/F31,0) -> 10633
A32: OFICIAL | C32: =PERSONAL!$E$32 -> 87200 | D32: =PERSONAL!$F$31 -> 1.7431 | E32: =+D32*C32 -> 151998.32 | F32: 8 | G32: =ROUND(E32/F32,0) -> 19000
G36: Sub-Total | H36: =SUM(G31:G35) -> 29633
E38: Total Costo Directo | H38: =H15+H23+H28+H36 -> 515738.39
A39: V. COSTOS INDIRECTOS
A40: Descripción | F40: Porcentaje | G40: Valor Total
A41: ADMINISTRACION | F41: 0.1763 | G41: =+F41*H38 -> 90924.679
A42: IMPREVISTOS | F42: 0.02 | G42: =+F42*H38 -> 10314.768
A43: UTILIDAD | F43: 0 | G43: =+F43*H38 -> 0
G44: Sub-Total | H44: =SUM(G41:G43) -> 101239.45
D46: Precio unitario total aproximado al peso | H46: =ROUND((H38+H44),0) -> 616978
A48: INDICE
A50: RENOVACIÓN DEL PARQUE PRINCIPAL DEL MUNICIPIO DE COPACABANA - ANTIQUIA
E51: ANÁLISIS DE PRECIOS UNITARIOS
A54: CAPITULO: APU'S AUXILIARES | G54: ESPECIFICACIÓN:
A55: ITEM: Mortero nivelación 5 cm | G55: UNIDAD: m3
A57: I. EQUIPO
A58: Descripción | D58: Tipo | E58: Tarifa/Hora | F58: Rendimiento | G58: Valor-Unit.
A59: HERRAMIENTA MENOR (5%MO) | G59: =ROUND(H82*0.05,0) -> 2127
A60: CONCRETADORA | E60: 39309.27 | F60: 4.5 | G60: =+E60/F60 -> 8735.3933
G61: Sub-Total | H61: =SUM(G59:G60) -> 10862.393
A62: II. MATERIALES EN OBRA
A63: Descripción | D63: Unidad | E63: Precio-Unit. | F63: Cantidad | G63: Valor-Unit.
A64: ARENA CONCRETO | D64: M3 | E64: =MATERIALES!$C$14 -> 97161.12 | F64: 1.16 | G64: =ROUND(F64*E64,0) -> 112707
A65: CEMENTO | D65: BULTO/M3 | E65: =MATERIALES!$C$11 -> 37510 | F65: =364/50 -> 7.28 | G65: =ROUND(F65*E65,0) -> 273073
A66: AGUA | D66: LT/M3 | E66: 30 | F66: 175 | G66: =ROUND(F66*E66,0) -> 5250
A67: DESPERDICIO | C67: 0.05 | G67: =SUM(G64:G66)*C67 -> 19551.5
G69: Sub-Total
A70: III. TRANSPORTES | H70: =SUM(G64:G69) -> 410581.5
A71: Material | D71: Unidad | E71: Precio-Unit. | F71: Cantidad | G71: Valor-Unit.
A72: TRANSPORTE EN VOLQUETA | D72: =32000*1.1 -> 35200 | F72: =+F64 -> 1.16 | G72: =+D72*F72 -> 40832
G74: Sub-Total
A75: IV. MANO DE OBRA | H75: =SUM(G72:G73) -> 40832
A76: Trabajador | C76: Jornal | D76: Prestaciones | E76: Jornal Total | F76: Rendimiento | G76: Valor-Unit.
A77: AYUDANTES | B77: 4 | C77: =PERSONAL!$E$31 -> 48800 | D77: =PERSONAL!$F$31 -> 1.7431 | E77: =+D77*C77*B77 -> 340253.12 | F77: 8 | G77: =ROUND(E77/F77,0) -> 42532
G82: Sub-Total | H82: =SUM(G77:G80) -> 42532
E84: Total Costo Directo | H84: =H61+H70+H75+H82 -> 504807.89
A85: V. COSTOS INDIRECTOS
A86: Descripción | F86: Porcentaje | G86: Valor Total
A87: ADMINISTRACION | F87: =PRESUPUESTO!$E$222 -> 0.109 | G87: =+F87*H84 -> 55024.06
A88: IMPREVISTOS | F88: =PRESUPUESTO!$E$223 -> 0.05 | G88: =+F88*H84 -> 25240.395
A89: UTILIDAD | F89: 0 | G89: =+F89*H84 -> 0
G90: Sub-Total | H90: =SUM(G87:G89) -> 80264.455
D92: Precio unitario total aproximado al peso | H92: =ROUND((H84+H90),0) -> 585072
A94: INDICE
A96: RENOVACIÓN DEL PARQUE PRINCIPAL DEL MUNICIPIO DE COPACABANA - ANTIQUIA
E97: ANÁLISIS DE PRECIOS UNITARIOS
A100: CAPITULO: APU'S AUXILIARES | G100: ESPECIFICACIÓN:
A101: ITEM: Mortero de revoque 1:5 en volumen | G101: UNIDAD: m3
A103: I. EQUIPO
A104: Descripción | D104: Tipo | E104: Tarifa/Hora | F104: Rendimiento | G104: Valor-Unit.
A105: HERRAMIENTA MENOR (5%MO) | G105: =ROUND(H128*0.05,0) -> 1824
A106: CONCRETADORA | E106: 39309.27 | F106: 4.5 | G106: =+E106/F106 -> 8735.3933
G107: Sub-Total | H107: =SUM(G105:G106) -> 10559.393
A108: II. MATERIALES EN OBRA
A109: Descripción | D109: Unidad | E109: Precio-Unit. | F109: Cantidad | G109: Valor-Unit.
A110: ARENA REVOQUE | D110: M3 | E110: =MATERIALES!$C$13 -> 160000 | F110: 1.2 | G110: =ROUND(F110*E110,0) -> 192000
A111: CEMENTO | D111: BULTO/M3 | E111: =MATERIALES!$C$11 -> 37510 | F111: 6.04 | G111: =ROUND(F111*E111,0) -> 226560
A112: AGUA | D112: LT/M3 | E112: 30 | F112: 130 | G112: =ROUND(F112*E112,0) -> 3900
A113: DESPERDICIO | C113: 0.05 | G113: =SUM(G110:G112)*C113 -> 21123
G115: Sub-Total | H115: =SUM(G110:G114) -> 443583
A116: III. TRANSPORTES
A117: Material | D117: Unidad | E117: Precio-Unit. | F117: Cantidad | G117: Valor-Unit.
A118: TRANSPORTE EN VOLQUETA | D118: =32000*1.1 -> 35200 | F118: =+F110 -> 1.2 | G118: =+D118*F118 -> 42240
G120: Sub-Total
A121: IV. MANO DE OBRA | H121: =SUM(G118:G119) -> 42240
A122: Trabajador | C122: Jornal | D122: Prestaciones | E122: Jornal Total | F122: Rendimiento | G122: Valor-Unit.
A123: AYUDANTE | C123: =PERSONAL!$E$31 -> 48800 | D123: =PERSONAL!$F$31 -> 1.7431 | E123: =+D123*C123 -> 85063.28 | F123: 6.5 | G123: =ROUND(E123/F123,0) -> 13087
A124: OFICIAL | C124: =PERSONAL!$E$32 -> 87200 | D124: =PERSONAL!$F$31 -> 1.7431 | E124: =+D124*C124 -> 151998.32 | F124: 6.5 | G124: =ROUND(E124/F124,0) -> 23384
G128: Sub-Total | H128: =SUM(G123:G127) -> 36471
E130: Total Costo Directo | H130: =H107+H115+H120+H128 -> 490613.39
A131: V. COSTOS INDIRECTOS
A132: Descripción | F132: Porcentaje | G132: Valor Total
A133: ADMINISTRACION | F133: 0.1763 | G133: =+F133*H130 -> 86495.141
A134: IMPREVISTOS | F134: 0.02 | G134: =+F134*H130 -> 9812.2679
A135: UTILIDAD | F135: 0 | G135: =+F135*H130 -> 0
G136: Sub-Total | H136: =SUM(G133:G135) -> 96307.409
...

Sheet PERSONAL
A1: CALCULO MANO DE OBRA
A2: SALARIO MÍNIMO LEGAL MENSUAL | B2: 1300000 | E2: 100
A3: SALARIO ANUAL | B3: =B2*12 -> 15600000
A4: SUBSIDIO TRANSPORTE | B4: 162000 | E4: =B5/B3*100 -> 12.461538
A5: SUBSIDIO TRANSPORTE ANUAL | B5: =B4*12 -> 1944000
A7: PRESTACIONES | B7: BASE | C7: FACTOR | D7: VALOR
A8: CESANTIAS ANUAL | B8: C/360 | C8: 36 | D8: =(B2+B4)/30*36 -> 1754400 | E8: =D8/B3*100 -> 11.246154
A9: INTERESES CESANTIAS | B9: CESANTIAS | C9: 0.12 | D9: =D8*0.12 -> 210528 | E9: =D9/B3*100 -> 1.3495385
A10: VACACIONES - 15 DIAS | B10: =B2 -> 1300000 | C10: 0.5 | D10: =B2/30*20 -> 866666.67 | E10: =D10/B3*100 -> 5.5555556
A11: PRIMA - 30 DIAS | B11: =B4+B2 -> 1462000 | C11: 1 | D11: =B2+B4 -> 1462000 | E11: =D11/B3*100 -> 9.3717949
A13: OTROS COSTOS
A14: DOTACIÓN (3 AL AÑO) | D14: 300000 | E14: =D14/B3*100 -> 1.9230769
A16: SEGURIDAD SOCIAL
A17: PENSIONES ANUAL | B17: =B2 -> 1300000 | C17: 0.12 | D17: =B3*C17 -> 1872000 | E17: =D17/B3*100 -> 12
A18: MEDICINA FAMILIAR | B18: =B2 -> 1300000 | C18: 0.085 | D18: =B3*C18 -> 1326000 | E18: =D18/B3*100 -> 8.5
A19: RIESGOS PROFESIONALES | B19: =B2 -> 1300000 | C19: 0.0696 | D19: =B3*C19 -> 1085760 | E19: =D19/B3*100 -> 6.96
A21: OTROS APORTES
A22: I.C.B.F | B22: =B2 -> 1300000 | C22: 0.03 | D22: =B3*0.03 -> 468000 | E22: =D22/B3*100 -> 3
A23: SENA | B23: =B2 -> 1300000 | C23: 0.02 | D23: =B3*0.02 -> 312000 | E23: =D23/B3*100 -> 2
A24: SUBSIDIO FAMILIAR | B24: =B2 -> 1300000 | C24: 0.04 | D24: =B3*0.04 -> 624000 | E24: =D24/B3*100 -> 4
A25: FONDO IND. DE CONSTRUC. | B25: =B2 -> 1300000 | C25: 0.025 | D25: =B3*0.025 -> 390000 | E25: =D25/B3*100 -> 2.5
D26: TOTAL | E26: =SUM(E4:E25)/100 -> 0.80867658
A29: CUADRO RESUMEN
A30: PERSONAL | B30: SALARIO | C30: HORA/MES | D30: $/HORA | E30: $/JORNADA | F30: FACTOR
A31: Ayudante | B31: =B2+B4 -> 1462000 | C31: =8*30 -> 240 | D31: =ROUNDUP(B31/C31,-2) -> 6100 | E31: =+D31*8 -> 48800 | F31: =1+74.31% -> 1.7431
A32: Oficial | B32: 2600000 | C32: =8*30 -> 240 | D32: =ROUNDUP(B32/C32,-2) -> 10900 | E32: =+D32*8 -> 87200 | F32: =+F31 -> 1.7431
A33: Ayudante Electrico | B33: =+B31*1.15 -> 1681300 | C33: =8*30 -> 240 | D33: =ROUNDUP(B33/C33,-2) -> 7100 | E33: =+D33*8 -> 56800 | F33: =1+74.31% -> 1.7431
A34: Oficial Electrico | B34: =+B32*1.15 -> 2990000 | C34: =8*30 -> 240 | D34: =ROUNDUP(B34/C34,-2) -> 12500 | E34: =+D34*8 -> 100000 | F34: =+F33 -> 1.7431

Sheet MATERIALES
A1: LISTA MATERIALES
A2: MATERIAL | B2: UNIDAD | C2: VALOR
A3: HERRAMIENTA
A4: Andamios | B4: dia | C4: 14500
A5: Cortadora | B5: dia | C5: 13900
A6: Concretadora | B6: dia | C6: 35000
A7: Cizalla | B7: dia | C7: 12500
A8: Pulidora | B8: dia | C8: 32500
A9: Vibrador | B9: dia | C9: 35000
A10: MATERIALES
A11: Cemento | B11: saco | C11: =37510 -> 37510
A12: Arena pega | B12: m3 | C12: 160000
A13: Arena revoque | B13: m3 | C13: 160000
A14: Arena concreto | B14: m3 | C14: =42000*1.8*1.08*1.19 -> 97161.12
A15: Triturado | B15: m3 | C15: =47000*1.8*1.08*1.19 -> 108727.92
A16: Base granular | B16: m3 | C16: =44000*1.8*1.19*1.05 -> 98960.4
A17: Acero de refuerzo | B17: kg | C17: =4600*1.19 -> 5474
A18: Alambre quemado | B18: kg | C18: =5300*1.19 -> 6307
A19: Malla electrosoldada | B19: m2 | C19: 250000
A20: Pintura epoxica | B20: gl | C20: 270000
A21: Pintura koraza | B21: cuñete | C21: 486900
A22: Pintura trafico | B22: gl | C22: 156900
A23: Loseta guia tipo 1 | B23: un | C23: =3208*1.19 -> 3817.52
A24: Loseta guia tipo 2 | B24: un | C24: =3208*1.19 -> 3817.52
A25: Tuberia novafort 10" | B25: un | C25: 587957
A26: Tuberia novafort 8" | B26: un | C26: 402559
A27: Tuberia novafort 6" | B27: un | C27: 281608
A28: Tuberia novafort 4" | B28: un | C28: 132298
